Workbook

Sheet 1ЦК
B1: Предельные уровни нерегулируемых цен на электрическую энергию (мощность), поставляемую потребителям (покупателям)
B2: Публичного акционерного общества "Рязанская энергетическая сбытовая компания" (ПАО "РЭСК")
B3: АВГУСТ 2026г.
B5: I. Первая ценовая категория
B6: (для объемов покупки электрической энергии (мощности), учет которых осуществляется в целом за расчетный период)
A8: 1. Конечная нерегулируемая цена (рублей/ МВт.ч без НДС)
A9: Категория потребителей | B9: Уровень напряжения
B10: ВН | C10: СН I | D10: СН II | E10: НН
A11: 1.1. Прочие потребители | B11: 7779.54 | C11: 9181.97 | D11: 9184.11 | E11: 10535.05
A12: 1.2. Прочие потребители (договора купли-продажи) | B12: 5585.59 | C12: =B12 -> 5585.59 | D12: =C12 -> 5585.59 | E12: =D12 -> 5585.59
A13: 1.3. Сетевые организации (договора на компенсацию потерь для объемов, не превышающих объемы потерь, учтенные в сводном прогнозном балансе на текущий год) | B13: 4397.53 | C13: =B13 -> 4397.53 | D13: =C13 -> 4397.53 | E13: =D13 -> 4397.53
A14: 1.4. Сетевые организации (договора на компенсацию потерь для объемов, превышающих объемы потерь, учтенные в сводном прогнозном балансе на текущий год) | B14: 4794.84 | C14: =B14 -> 4794.84 | D14: =C14 -> 4794.84 | E14: =D14 -> 4794.84
A15: 2. Средневзвешенная нерегулируемая цена на электрическую энергию (мощность), используемая для расчета конечных нерегулируемых цен для первой ценовой категории | J15: 4242.47 | K15: рублей/МВт.ч, без НДС
A16: 3. Составляющие расчета средневзвешенной нерегулируемой цены на электрическую энергию (мощность), используемой для расчета конечных нерегулируемых цен для первой ценовой категории:
A17: а) средневзвешенная нерегулируемая цена на электрическую энергию на оптовом рынке | J17: 2644,95 | K17: рублей/МВт.ч
A18: б) средневзвешенная нерегулируемая цена на мощность на оптовом рынке, рублей/МВт | J18: 1149763,04 | K18: рублей/МВт
A19: в) коэффициент оплаты мощности потребителями (покупателями), осуществляющими расчеты по первой ценовой категории | J19: 0.0013894329 | K19: 1/час
A20: г) объем фактического пикового потребления гарантирующего поставщика на оптовом рынке | J20: 292.224 | K20: МВт
A21: д) сумма величин мощности, оплачиваемой на розничном рынке потребителями (покупателями), осуществляющими расчеты по второй - шестой ценовым категориям, в том числе: | J21: 89.720695 | K21: МВт
B22: по второй ценовой категории | J22: 0.72669464 | K22: МВт
B23: по третьей ценовой категории | J23: 78.106 | K23: МВт
B24: по четвертой ценовой категории | J24: 10.888 | K24: МВт
B25: по пятой ценовой категории | J25: 0 | K25: МВт
B26: по шестой ценовой категории | J26: 0 | K26: МВт
A27: е) объем потребления мощности населением и приравненными к нему категориями потребителей | J27: 101.7207 | K27: МВт
A28: ж) фактический объем потребления электрической энергии гарантирующим поставщиком на оптовом рынке | J28: 180660.02 | K28: МВт.ч
A29: з) сумма объемов потребления электрической энергии потребителями (покупателями), осуществляющими расчеты по второй - шестой ценовым категориям, в том числе: | J29: 50188.208 | K29: МВт.ч
B30: по второй ценовой категории | J30: 515.9 | K30: МВт.ч
B31: по третьей ценовой категории | J31: 43094.288 | K31: МВт.ч
B32: по четвертой ценовой категории | J32: 6578.02 | K32: МВт.ч
B33: по пятой ценовой категории | J33: 0 | K33: МВт.ч
B34: по шестой ценовой категории | J34: 0 | K34: МВт.ч
A35: и) объем потребления электрической энергии населением и приравненными к нему категориями потребителей | J35: 58490.2 | K35: МВт.ч
A36: к) величина изменения средневзвешенной нерегулируемой цены на электрическую энергию (мощность), связанная с учетом данных за предыдущие расчётные периоды1 | J36: 0 | K36: рублей/МВт.ч
A37: л) сумма объемов мощности за расчетный период (m) производителей электрической энергии на розничном рынке, учтенных в прогнозном балансе на период регулирования, по договорам купли-продажи (поставки) электрической энергии (мощности), заключенным с соответствующим гарантирующим поставщиком | J37: 4.082 | K37: МВт
A38: м) сумма объемов электрической энергии за расчетный период (m) производителей электрической энергии на розничном рынке, учтенных в прогнозном балансе на период регулирования, по договорам купли-продажи (поставки) электрической энергии (мощности), заключенным с соответствующим гарантирующим поставщиком | J38: 3491.348 | K38: МВт.ч
A39: н)коэффициент оплаты услуг по управлению изменением режима потребления электрической энергии потребителями (покупателями), осуществляющими расчеты по первой и второй ценовым категориям | J39: 0.0013858307 | K39: 1/час
A40: о) средневзвешенная цена оказания услуг по управлению изменением режима потребления электрической энергии на оптовом рынке | J40: 753,43 | K40: рублей/МВт

Sheet 2ЦК
B1: Предельные уровни нерегулируемых цен на электрическую энергию (мощность), поставляемую потребителям (покупателям)
B2: Публичного акционерного общества "Рязанская энергетическая сбытовая компания" (ПАО "РЭСК")
B3: ='1ЦК'!B3 -> АВГУСТ 2026г.
B5: II. Вторая ценовая категория
B6: (для объемов покупки электрической энергии (мощности), учет которых осуществляется по зонам суток расчетного периода)
A8: 1. Предельный уровень нерегулируемых цен для 3-х зон суток (рублей/ МВт·ч, без НДС)
A9: Зоны суток | B9: Уровень напряжения
B10: ВН | C10: СН I | D10: СН II | E10: НН
A11: 1.1. Прочие потребители
A12: Ночная | B12: 5411.08 | C12: 6813.51 | D12: 6815.65 | E12: 8166.59
A13: Полупиковая | B13: 8214.36 | C13: 9616.79 | D13: 9618.93 | E13: 10969.87
A14: Пиковая | B14: 13173.05 | C14: 14575.48 | D14: 14577.62 | E14: 15928.56
A15: 1.2. Прочие потребители (договора купли-продажи)
A16: Ночная | B16: 3217.13 | C16: =B16 -> 3217.13 | D16: =C16 -> 3217.13 | E16: =D16 -> 3217.13
A17: Полупиковая | B17: 6020.41 | C17: =B17 -> 6020.41 | D17: =C17 -> 6020.41 | E17: =D17 -> 6020.41
A18: Пиковая | B18: 10979.1 | C18: =B18 -> 10979.1 | D18: =C18 -> 10979.1 | E18: =D18 -> 10979.1
A20: 2. Предельный уровень нерегулируемых цен для 2-х зон суток (рублей/ МВт·ч, без НДС)
A21: Зоны суток | B21: Уровень напряжения
B22: ВН | C22: СН I | D22: СН II | E22: НН
A23: 2.1. Прочие потребители
A24: Ночная | B24: 5411.08 | C24: 6813.51 | D24: 6815.65 | E24: 8166.59
A25: Дневная | B25: 10754.64 | C25: 12157.07 | D25: 12159.21 | E25: 13510.15
A26: 2.3. Прочие потребители (договора купли-продажи)
A27: Ночная | B27: 3217.13 | C27: =B27 -> 3217.13 | D27: =C27 -> 3217.13 | E27: =D27 -> 3217.13
A28: Дневная | B28: 8560.69 | C28: =B28 -> 8560.69 | D28: =C28 -> 8560.69 | E28: =D28 -> 8560.69

Sheet 3ЦК
I1: Предельные уровни нерегулируемых цен на электрическую энергию (мощность), поставляемую потребителям (покупателям)
I2: Публичного акционерного общества "Рязанская энергетическая сбытовая компания" (ПАО "РЭСК")
I3: ='1ЦК'!B3 -> АВГУСТ 2026г.
I5: III. Третья ценовая категория
B6: (для объемов покупки электрической энергии (мощности), в отношении которых за расчетный период осуществляется почасовой учет, но не осуществляется почасовое планирование, а стоимость услуг по передаче электрической энергии определяется по тарифу на услуги по передаче электрической энергии в одноставочном выражении)
A8: 1. Ставка за электрическую энергию конечных нерегулируемых цен (рублей/ МВт·ч, без НДС)
A9: 1.1. Для потребителей с максимальной мощностью энергопринимающих устройств менее 670 кВт
A10: Дата | B10: Ставка для фактических почасовых объемов покупки электрической энергии, отпущенных на уровне напряжения ВН
B11: 0:00 - 1:00 | C11: 1:00 - 2:00 | D11: 2:00 - 3:00 | E11: 3:00 - 4:00 | F11: 4:00 - 5:00 | G11: 5:00 - 6:00 | H11: 6:00 - 7:00 | I11: 7:00 - 8:00 | J11: 8:00 - 9:00 | K11: 9:00 - 10:00 | L11: 10:00 - 11:00 | M11: 11:00 - 12:00 | N11: 12:00 - 13:00 | O11: 13:00 - 14:00 | P11: 14:00 - 15:00 | Q11: 15:00 - 16:00 | R11: 16:00 - 17:00 | S11: 17:00 - 18:00 | T11: 18:00 - 19:00 | U11: 19:00 - 20:00 | V11: 20:00 - 21:00 | W11: 21:00 - 22:00 | X11: 22:00 - 23:00 | Y11: 23:00 - 24:00
A12: 1 | B12: 5138.31 | C12: 4903.81 | D12: 4872.66 | E12: 4826.23 | F12: 4756.09 | G12: 4831.65 | H12: 4844.16 | I12: 4960.55 | J12: 5583.32 | K12: 5785.37 | L12: 5960.26 | M12: 6160.78 | N12: 6188.91 | O12: 6101.03 | P12: 6182.55 | Q12: 6414.03 | R12: 6443.42 | S12: 6425.43 | T12: 6260.46 | U12: 6212.63 | V12: 6224.69 | W12: 6179.85 | X12: 5851.95 | Y12: 5547.27
A13: 2 | B13: 4954.5 | C13: 4759.19 | D13: 4721.33 | E13: 4672.56 | F13: 4680.5 | G13: 4669.88 | H13: 4672.39 | I13: 4771.57 | J13: 5325.94 | K13: 5619.55 | L13: 5874.18 | M13: 6016.2 | N13: 6082.86 | O13: 6157.48 | P13: 6213.05 | Q13: 6305.7 | R13: 6399.28 | S13: 6397.93 | T13: 6286.91 | U13: 6303.22 | V13: 6285.8 | W13: 6231.91 | X13: 5952.98 | Y13: 5564.24
A14: 3 | B14: 4796.25 | C14: 4444.62 | D14: 4430.19 | E14: 4419.84 | F14: 4385.53 | G14: 4420.55 | H14: 4441.96 | I14: 4991.03 | J14: 5520.76 | K14: 5835.41 | L14: 6109.08 | M14: 6203.39 | N14: 6183.38 | O14: 6307.08 | P14: 6346.3 | Q14: 6370.81 | R14: 6347.76 | S14: 6256.62 | T14: 6026.35 | U14: 6027.51 | V14: 5954.86 | W14: 5655.81 | X14: 5261.12 | Y14: 4852.61
A15: 4 | B15: 4598.32 | C15: 4064.65 | D15: 4046.75 | E15: 4031.66 | F15: 4017.79 | G15: 4021.79 | H15: 4050.44 | I15: 5137.09 | J15: 5550.18 | K15: 6055.8 | L15: 6245.28 | M15: 6249.23 | N15: 6236.83 | O15: 6336.89 | P15: 6353.25 | Q15: 6436.3 | R15: 6375.92 | S15: 6271.64 | T15: 6233.6 | U15: 6091.87 | V15: 6065.67 | W15: 5907.08 | X15: 5464.31 | Y15: 4959.41
A16: 5 | B16: 4989.97 | C16: 4932.99 | D16: 4247.2 | E16: 4219.39 | F16: 4193.15 | G16: 4528.98 | H16: 5128.57 | I16: 7513.48 | J16: 6100.83 | K16: 7090.51 | L16: 7172.23 | M16: 7118.99 | N16: 7125.79 | O16: 7726.66 | P16: 7730.27 | Q16: 7747.61 | R16: 7170.96 | S16: 6370.64 | T16: 6278.86 | U16: 6149.4 | V16: 6045.15 | W16: 6643.16 | X16: 7593.58 | Y16: 7510.83
A17: 6 | B17: 4486.45 | C17: 3799.88 | D17: 3787.9 | E17: 3778.75 | F17: 3765.9 | G17: 3782.54 | H17: 3799.43 | I17: 4932.69 | J17: 5698.78 | K17: 6106.7 | L17: 6252.58 | M17: 6345.49 | N17: 6319.51 | O17: 6418.5 | P17: 6458.16 | Q17: 6442.9 | R17: 6454.95 | S17: 6347.59 | T17: 6140.99 | U17: 6085.36 | V17: 6083.26 | W17: 5984.73 | X17: 5492.87 | Y17: 4969.45
A18: 7 | B18: 4998.39 | C18: 5093.68 | D18: 5090.13 | E18: 5088.21 | F18: 5104.46 | G18: 5097.38 | H18: 5146.66 | I18: 6945.01 | J18: 7071.42 | K18: 6255.18 | L18: 6566.21 | M18: 6597.78 | N18: 6596.71 | O18: 6527.85 | P18: 6530.56 | Q18: 6727.79 | R18: 6678.75 | S18: 6590.72 | T18: 6465.19 | U18: 6315.49 | V18: 6253.64 | W18: 6236.91 | X18: 5863.51 | Y18: 6205.12
A19: 8 | B19: 5044.55 | C19: 4786.72 | D19: 4614.63 | E19: 4532.75 | F19: 4423.73 | G19: 4654.75 | H19: 4764.3 | I19: 5192.06 | J19: 5559.38 | K19: 5939.6 | L19: 6113.07 | M19: 6215.95 | N19: 6242.5 | O19: 6312.93 | P19: 6349.34 | Q19: 6438.67 | R19: 6479.89 | S19: 6429.24 | T19: 6298.76 | U19: 6246.38 | V19: 6203.28 | W19: 6095 | X19: 5642.66 | Y19: 5279.52
A20: 9 | B20: 5173.65 | C20: 4803.07 | D20: 4751.96 | E20: 4716.67 | F20: 4727.88 | G20: 4738.48 | H20: 4676.06 | I20: 4983.96 | J20: 5375.68 | K20: 5727.38 | L20: 5991.66 | M20: 6006.42 | N20: 6086.59 | O20: 6144.08 | P20: 6165.79 | Q20: 6181.73 | R20: 6260.25 | S20: 6233.32 | T20: 6222 | U20: 6184.36 | V20: 6148.61 | W20: 5899.69 | X20: 5508.55 | Y20: 5185.54
A21: 10 | B21: 5020.4 | C21: 4816.72 | D21: 4718.99 | E21: 4703.81 | F21: 4684.07 | G21: 4712.75 | H21: 5033.77 | I21: 7565.51 | J21: 7642.17 | K21: 7687.39 | L21: 7694.8 | M21: 7702.47 | N21: 7157.85 | O21: 7705.6 | P21: 7702.97 | Q21: 6482.13 | R21: 6313.17 | S21: 6826.34 | T21: 6240.17 | U21: 6179.22 | V21: 6062.28 | W21: 6045.59 | X21: 5540.8 | Y21: 5212.57
A22: 11 | B22: 5092.47 | C22: 3976.16 | D22: 3966.21 | E22: 3956.54 | F22: 3951.37 | G22: 3946.83 | H22: 5102 | I22: 6903.05 | J22: 7615.82 | K22: 5947.18 | L22: 6208.52 | M22: 6253.76 | N22: 6244.29 | O22: 6321.81 | P22: 6342.85 | Q22: 6366.67 | R22: 6353.83 | S22: 6301.69 | T22: 6246.73 | U22: 6203.81 | V22: 6178.25 | W22: 5949.73 | X22: 5493.58 | Y22: 5176.63
A23: 12 | B23: 4881.93 | C23: 4616.46 | D23: 4146.58 | E23: 3617.9 | F23: 3616 | G23: 4058 | H23: 5292.16 | I23: 7477.96 | J23: 5959.14 | K23: 6297.96 | L23: 6422.32 | M23: 6589.48 | N23: 6586.37 | O23: 6534.01 | P23: 6565.01 | Q23: 6566.27 | R23: 6554.26 | S23: 6537.54 | T23: 6450.79 | U23: 6350.77 | V23: 6300.48 | W23: 6226.59 | X23: 5839.31 | Y23: 5384.42
... A42: 31 | B42: 5229.71 | C42: 5099.1 | D42: 5197.04 | E42: 5194.52 | F42: 5195.76 | G42: 5203.83 | H42: 5355.92 | I42: 6819.88 | J42: 7457.99 | K42: 7601.34 | L42: 7461.25 | M42: 7453.99 | N42: 7452.8 | O42: 7453.05 | P42: 7569.84 | Q42: 7578.8 | R42: 7455.65 | S42: 7458.73 | T42: 7458.38 | U42: 7456.36 | V42: 6269.44 | W42: 6235.33 | X42: 5917.09 | Y42: 5571.87
A44: Дата | B44: Ставка для фактических почасовых объемов покупки электрической энергии, отпущенных на уровне напряжения СН I
B45: 0:00 - 1:00 | C45: 1:00 - 2:00 | D45: 2:00 - 3:00 | E45: 3:00 - 4:00 | F45: 4:00 - 5:00 | G45: 5:00 - 6:00 | H45: 6:00 - 7:00 | I45: 7:00 - 8:00 | J45: 8:00 - 9:00 | K45: 9:00 - 10:00 | L45: 10:00 - 11:00 | M45: 11:00 - 12:00 | N45: 12:00 - 13:00 | O45: 13:00 - 14:00 | P45: 14:00 - 15:00 | Q45: 15:00 - 16:00 | R45: 16:00 - 17:00 | S45: 17:00 - 18:00 | T45: 18:00 - 19:00 | U45: 19:00 - 20:00 | V45: 20:00 - 21:00 | W45: 21:00 - 22:00 | X45: 22:00 - 23:00 | Y45: 23:00 - 24:00
A46: 1 | B46: 6540.74 | C46: 6306.24 | D46: 6275.09 | E46: 6228.66 | F46: 6158.52 | G46: 6234.08 | H46: 6246.59 | I46: 6362.98 | J46: 6985.75 | K46: 7187.8 | L46: 7362.69 | M46: 7563.21 | N46: 7591.34 | O46: 7503.46 | P46: 7584.98 | Q46: 7816.46 | R46: 7845.85 | S46: 7827.86 | T46: 7662.89 | U46: 7615.06 | V46: 7627.12 | W46: 7582.28 | X46: 7254.38 | Y46: 6949.7
A47: 2 | B47: 6356.93 | C47: 6161.62 | D47: 6123.76 | E47: 6074.99 | F47: 6082.93 | G47: 6072.31 | H47: 6074.82 | I47: 6174 | J47: 6728.37 | K47: 7021.98 | L47: 7276.61 | M47: 7418.63 | N47: 7485.29 | O47: 7559.91 | P47: 7615.48 | Q47: 7708.13 | R47: 7801.71 | S47: 7800.36 | T47: 7689.34 | U47: 7705.65 | V47: 7688.23 | W47: 7634.34 | X47: 7355.41 | Y47: 6966.67
A48: 3 | B48: 6198.68 | C48: 5847.05 | D48: 5832.62 | E48: 5822.27 | F48: 5787.96 | G48: 5822.98 | H48: 5844.39 | I48: 6393.46 | J48: 6923.19 | K48: 7237.84 | L48: 7511.51 | M48: 7605.82 | N48: 7585.81 | O48: 7709.51 | P48: 7748.73 | Q48: 7773.24 | R48: 7750.19 | S48: 7659.05 | T48: 7428.78 | U48: 7429.94 | V48: 7357.29 | W48: 7058.24 | X48: 6663.55 | Y48: 6255.04
A49: 4 | B49: 6000.75 | C49: 5467.08 | D49: 5449.18 | E49: 5434.09 | F49: 5420.22 | G49: 5424.22 | H49: 5452.87 | I49: 6539.52 | J49: 6952.61 | K49: 7458.23 | L49: 7647.71 | M49: 7651.66 | N49: 7639.26 | O49: 7739.32 | P49: 7755.68 | Q49: 7838.73 | R49: 7778.35 | S49: 7674.07 | T49: 7636.03 | U49: 7494.3 | V49: 7468.1 | W49: 7309.51 | X49: 6866.74 | Y49: 6361.84
A50: 5 | B50: 6392.4 | C50: 6335.42 | D50: 5649.63 | E50: 5621.82 | F50: 5595.58 | G50: 5931.41 | H50: 6531 | I50: 8915.91 | J50: 7503.26 | K50: 8492.94 | L50: 8574.66 | M50: 8521.42 | N50: 8528.22 | O50: 9129.09 | P50: 9132.7 | Q50: 9150.04 | R50: 8573.39 | S50: 7773.07 | T50: 7681.29 | U50: 7551.83 | V50: 7447.58 | W50: 8045.59 | X50: 8996.01 | Y50: 8913.26
A51: 6 | B51: 5888.88 | C51: 5202.31 | D51: 5190.33 | E51: 5181.18 | F51: 5168.33 | G51: 5184.97 | H51: 5201.86 | I51: 6335.12 | J51: 7101.21 | K51: 7509.13 | L51: 7655.01 | M51: 7747.92 | N51: 7721.94 | O51: 7820.93 | P51: 7860.59 | Q51: 7845.33 | R51: 7857.38 | S51: 7750.02 | T51: 7543.42 | U51: 7487.79 | V51: 7485.69 | W51: 7387.16 | X51: 6895.3 | Y51: 6371.88
A52: 7 | B52: 6400.82 | C52: 6496.11 | D52: 6492.56 | E52: 6490.64 | F52: 6506.89 | G52: 6499.81 | H52: 6549.09 | I52: 8347.44 | J52: 8473.85 | K52: 7657.61 | L52: 7968.64 | M52: 8000.21 | N52: 7999.14 | O52: 7930.28 | P52: 7932.99 | Q52: 8130.22 | R52: 8081.18 | S52: 7993.15 | T52: 7867.62 | U52: 7717.92 | V52: 7656.07 | W52: 7639.34 | X52: 7265.94 | Y52: 7607.55
A53: 8 | B53: 6446.98 | C53: 6189.15 | D53: 6017.06 | E53: 5935.18 | F53: 5826.16 | G53: 6057.18 | H53: 6166.73 | I53: 6594.49 | J53: 6961.81 | K53: 7342.03 | L53: 7515.5 | M53: 7618.38 | N53: 7644.93 | O53: 7715.36 | P53: 7751.77 | Q53: 7841.1 | R53: 7882.32 | S53: 7831.67 | T53: 7701.19 | U53: 7648.81 | V53: 7605.71 | W53: 7497.43 | X53: 7045.09 | Y53: 6681.95
A54: 9 | B54: 6576.08 | C54: 6205.5 | D54: 6154.39 | E54: 6119.1 | F54: 6130.31 | G54: 6140.91 | H54: 6078.49 | I54: 6386.39 | J54: 6778.11 | K54: 7129.81 | L54: 7394.09 | M54: 7408.85 | N54: 7489.02 | O54: 7546.51 | P54: 7568.22 | Q54: 7584.16 | R54: 7662.68 | S54: 7635.75 | T54: 7624.43 | U54: 7586.79 | V54: 7551.04 | W54: 7302.12 | X54: 6910.98 | Y54: 6587.97
A55: 10 | B55: 6422.83 | C55: 6219.15 | D55: 6121.42 | E55: 6106.24 | F55: 6086.5 | G55: 6115.18 | H55: 6436.2 | I55: 8967.94 | J55: 9044.6 | K55: 9089.82 | L55: 9097.23 | M55: 9104.9 | N55: 8560.28 | O55: 9108.03 | P55: 9105.4 | Q55: 7884.56 | R55: 7715.6 | S55: 8228.77 | T55: 7642.6 | U55: 7581.65 | V55: 7464.71 | W55: 7448.02 | X55: 6943.23 | Y55: 6615
A56: 11 | B56: 6494.9 | C56: 5378.59 | D56: 5368.64 | E56: 5358.97 | F56: 5353.8 | G56: 5349.26 | H56: 6504.43 | I56: 8305.48 | J56: 9018.25 | K56: 7349.61 | L56: 7610.95 | M56: 7656.19 | N56: 7646.72 | O56: 7724.24 | P56: 7745.28 | Q56: 7769.1 | R56: 7756.26 | S56: 7704.12 | T56: 7649.16 | U56: 7606.24 | V56: 7580.68 | W56: 7352.16 | X56: 6896.01 | Y56: 6579.06
A57: 12 | B57: 6284.36 | C57: 6018.89 | D57: 5549.01 | E57: 5020.33 | F57: 5018.43 | G57: 5460.43 | H57: 6694.59 | I57: 8880.39 | J57: 7361.57 | K57: 7700.39 | L57: 7824.75 | M57: 7991.91 | N57: 7988.8 | O57: 7936.44 | P57: 7967.44 | Q57: 7968.7 | R57: 7956.69 | S57: 7939.97 | T57: 7853.22 | U57: 7753.2 | V57: 7702.91 | W57: 7629.02 | X57: 7241.74 | Y57: 6786.85
... A76: 31 | B76: 6632.14 | C76: 6501.53 | D76: 6599.47 | E76: 6596.95 | F76: 6598.19 | G76: 6606.26 | H76: 6758.35 | I76: 8222.31 | J76: 8860.42 | K76: 9003.77 | L76: 8863.68 | M76: 8856.42 | N76: 8855.23 | O76: 8855.48 | P76: 8972.27 | Q76: 8981.23 | R76: 8858.08 | S76: 8861.16 | T76: 8860.81 | U76: 8858.79 | V76: 7671.87 | W76: 7637.76 | X76: 7319.52 | Y76: 6974.3
A78: Дата | B78: Ставка для фактических почасовых объемов покупки электрической энергии, отпущенных на уровне напряжения СН II
B79: 0:00 - 1:00 | C79: 1:00 - 2:00 | D79: 2:00 - 3:00 | E79: 3:00 - 4:00 | F79: 4:00 - 5:00 | G79: 5:00 - 6:00 | H79: 6:00 - 7:00 | I79: 7:00 - 8:00 | J79: 8:00 - 9:00 | K79: 9:00 - 10:00 | L79: 10:00 - 11:00 | M79: 11:00 - 12:00 | N79: 12:00 - 13:00 | O79: 13:00 - 14:00 | P79: 14:00 - 15:00 | Q79: 15:00 - 16:00 | R79: 16:00 - 17:00 | S79: 17:00 - 18:00 | T79: 18:00 - 19:00 | U79: 19:00 - 20:00 | V79: 20:00 - 21:00 | W79: 21:00 - 22:00 | X79: 22:00 - 23:00 | Y79: 23:00 - 24:00
A80: 1 | B80: 6542.88 | C80: 6308.38 | D80: 6277.23 | E80: 6230.8 | F80: 6160.66 | G80: 6236.22 | H80: 6248.73 | I80: 6365.12 | J80: 6987.89 | K80: 7189.94 | L80: 7364.83 | M80: 7565.35 | N80: 7593.48 | O80: 7505.6 | P80: 7587.12 | Q80: 7818.6 | R80: 7847.99 | S80: 7830 | T80: 7665.03 | U80: 7617.2 | V80: 7629.26 | W80: 7584.42 | X80: 7256.52 | Y80: 6951.84
A81: 2 | B81: 6359.07 | C81: 6163.76 | D81: 6125.9 | E81: 6077.13 | F81: 6085.07 | G81: 6074.45 | H81: 6076.96 | I81: 6176.14 | J81: 6730.51 | K81: 7024.12 | L81: 7278.75 | M81: 7420.77 | N81: 7487.43 | O81: 7562.05 | P81: 7617.62 | Q81: 7710.27 | R81: 7803.85 | S81: 7802.5 | T81: 7691.48 | U81: 7707.79 | V81: 7690.37 | W81: 7636.48 | X81: 7357.55 | Y81: 6968.81
A82: 3 | B82: 6200.82 | C82: 5849.19 | D82: 5834.76 | E82: 5824.41 | F82: 5790.1 | G82: 5825.12 | H82: 5846.53 | I82: 6395.6 | J82: 6925.33 | K82: 7239.98 | L82: 7513.65 | M82: 7607.96 | N82: 7587.95 | O82: 7711.65 | P82: 7750.87 | Q82: 7775.38 | R82: 7752.33 | S82: 7661.19 | T82: 7430.92 | U82: 7432.08 | V82: 7359.43 | W82: 7060.38 | X82: 6665.69 | Y82: 6257.18
A83: 4 | B83: 6002.89 | C83: 5469.22 | D83: 5451.32 | E83: 5436.23 | F83: 5422.36 | G83: 5426.36 | H83: 5455.01 | I83: 6541.66 | J83: 6954.75 | K83: 7460.37 | L83: 7649.85 | M83: 7653.8 | N83: 7641.4 | O83: 7741.46 | P83: 7757.82 | Q83: 7840.87 | R83: 7780.49 | S83: 7676.21 | T83: 7638.17 | U83: 7496.44 | V83: 7470.24 | W83: 7311.65 | X83: 6868.88 | Y83: 6363.98
A84: 5 | B84: 6394.54 | C84: 6337.56 | D84: 5651.77 | E84: 5623.96 | F84: 5597.72 | G84: 5933.55 | H84: 6533.14 | I84: 8918.05 | J84: 7505.4 | K84: 8495.08 | L84: 8576.8 | M84: 8523.56 | N84: 8530.36 | O84: 9131.23 | P84: 9134.84 | Q84: 9152.18 | R84: 8575.53 | S84: 7775.21 | T84: 7683.43 | U84: 7553.97 | V84: 7449.72 | W84: 8047.73 | X84: 8998.15 | Y84: 8915.4
A85: 6 | B85: 5891.02 | C85: 5204.45 | D85: 5192.47 | E85: 5183.32 | F85: 5170.47 | G85: 5187.11 | H85: 5204 | I85: 6337.26 | J85: 7103.35 | K85: 7511.27 | L85: 7657.15 | M85: 7750.06 | N85: 7724.08 | O85: 7823.07 | P85: 7862.73 | Q85: 7847.47 | R85: 7859.52 | S85: 7752.16 | T85: 7545.56 | U85: 7489.93 | V85: 7487.83 | W85: 7389.3 | X85: 6897.44 | Y85: 6374.02
A86: 7 | B86: 6402.96 | C86: 6498.25 | D86: 6494.7 | E86: 6492.78 | F86: 6509.03 | G86: 6501.95 | H86: 6551.23 | I86: 8349.58 | J86: 8475.99 | K86: 7659.75 | L86: 7970.78 | M86: 8002.35 | N86: 8001.28 | O86: 7932.42 | P86: 7935.13 | Q86: 8132.36 | R86: 8083.32 | S86: 7995.29 | T86: 7869.76 | U86: 7720.06 | V86: 7658.21 | W86: 7641.48 | X86: 7268.08 | Y86: 7609.69
A87: 8 | B87: 6449.12 | C87: 6191.29 | D87: 6019.2 | E87: 5937.32 | F87: 5828.3 | G87: 6059.32 | H87: 6168.87 | I87: 6596.63 | J87: 6963.95 | K87: 7344.17 | L87: 7517.64 | M87: 7620.52 | N87: 7647.07 | O87: 7717.5 | P87: 7753.91 | Q87: 7843.24 | R87: 7884.46 | S87: 7833.81 | T87: 7703.33 | U87: 7650.95 | V87: 7607.85 | W87: 7499.57 | X87: 7047.23 | Y87: 6684.09
A88: 9 | B88: 6578.22 | C88: 6207.64 | D88: 6156.53 | E88: 6121.24 | F88: 6132.45 | G88: 6143.05 | H88: 6080.63 | I88: 6388.53 | J88: 6780.25 | K88: 7131.95 | L88: 7396.23 | M88: 7410.99 | N88: 7491.16 | O88: 7548.65 | P88: 7570.36 | Q88: 7586.3 | R88: 7664.82 | S88: 7637.89 | T88: 7626.57 | U88: 7588.93 | V88: 7553.18 | W88: 7304.26 | X88: 6913.12 | Y88: 6590.11
A89: 10 | B89: 6424.97 | C89: 6221.29 | D89: 6123.56 | E89: 6108.38 | F89: 6088.64 | G89: 6117.32 | H89: 6438.34 | I89: 8970.08 | J89: 9046.74 | K89: 9091.96 | L89: 9099.37 | M89: 9107.04 | N89: 8562.42 | O89: 9110.17 | P89: 9107.54 | Q89: 7886.7 | R89: 7717.74 | S89: 8230.91 | T89: 7644.74 | U89: 7583.79 | V89: 7466.85 | W89: 7450.16 | X89: 6945.37 | Y89: 6617.14
A90: 11 | B90: 6497.04 | C90: 5380.73 | D90: 5370.78 | E90: 5361.11 | F90: 5355.94 | G90: 5351.4 | H90: 6506.57 | I90: 8307.62 | J90: 9020.39 | K90: 7351.75 | L90: 7613.09 | M90: 7658.33 | N90: 7648.86 | O90: 7726.38 | P90: 7747.42 | Q90: 7771.24 | R90: 7758.4 | S90: 7706.26 | T90: 7651.3 | U90: 7608.38 | V90: 7582.82 | W90: 7354.3 | X90: 6898.15 | Y90: 6581.2
A91: 12 | B91: 6286.5 | C91: 6021.03 | D91: 5551.15 | E91: 5022.47 | F91: 5020.57 | G91: 5462.57 | H91: 6696.73 | I91: 8882.53 | J91: 7363.71 | K91: 7702.53 | L91: 7826.89 | M91: 7994.05 | N91: 7990.94 | O91: 7938.58 | P91: 7969.58 | Q91: 7970.84 | R91: 7958.83 | S91: 7942.11 | T91: 7855.36 | U91: 7755.34 | V91: 7705.05 | W91: 7631.16 | X91: 7243.88 | Y91: 6788.99
... A110: 31 | B110: 6634.28 | C110: 6503.67 | D110: 6601.61 | E110: 6599.09 | F110: 6600.33 | G110: 6608.4 | H110: 6760.49 | I110: 8224.45 | J110: 8862.56 | K110: 9005.91 | L110: 8865.82 | M110: 8858.56 | N110: 8857.37 | O110: 8857.62 | P110: 8974.41 | Q110: 8983.37 | R110: 8860.22 | S110: 8863.3 | T110: 8862.95 | U110: 8860.93 | V110: 7674.01 | W110: 7639.9 | X110: 7321.66 | Y110: 6976.44
A112: Дата | B112: Ставка для фактических почасовых объемов покупки электрической энергии, отпущенных на уровне напряжения НН
B113: 0:00 - 1:00 | C113: 1:00 - 2:00 | D113: 2:00 - 3:00 | E113: 3:00 - 4:00 | F113: 4:00 - 5:00 | G113: 5:00 - 6:00 | H113: 6:00 - 7:00 | I113: 7:00 - 8:00 | J113: 8:00 - 9:00 | K113: 9:00 - 10:00 | L113: 10:00 - 11:00 | M113: 11:00 - 12:00 | N113: 12:00 - 13:00 | O113: 13:00 - 14:00 | P113: 14:00 - 15:00 | Q113: 15:00 - 16:00 | R113: 16:00 - 17:00 | S113: 17:00 - 18:00 | T113: 18:00 - 19:00 | U113: 19:00 - 20:00 | V113: 20:00 - 21:00 | W113: 21:00 - 22:00 | X113: 22:00 - 23:00 | Y113: 23:00 - 24:00
A114: 1 | B114: 7893.82 | C114: 7659.32 | D114: 7628.17 | E114: 7581.74 | F114: 7511.6 | G114: 7587.16 | H114: 7599.67 | I114: 7716.06 | J114: 8338.83 | K114: 8540.88 | L114: 8715.77 | M114: 8916.29 | N114: 8944.42 | O114: 8856.54 | P114: 8938.06 | Q114: 9169.54 | R114: 9198.93 | S114: 9180.94 | T114: 9015.97 | U114: 8968.14 | V114: 8980.2 | W114: 8935.36 | X114: 8607.46 | Y114: 8302.78
A115: 2 | B115: 7710.01 | C115: 7514.7 | D115: 7476.84 | E115: 7428.07 | F115: 7436.01 | G115: 7425.39 | H115: 7427.9 | I115: 7527.08 | J115: 8081.45 | K115: 8375.06 | L115: 8629.69 | M115: 8771.71 | N115: 8838.37 | O115: 8912.99 | P115: 8968.56 | Q115: 9061.21 | R115: 9154.79 | S115: 9153.44 | T115: 9042.42 | U115: 9058.73 | V115: 9041.31 | W115: 8987.42 | X115: 8708.49 | Y115: 8319.75
A116: 3 | B116: 7551.76 | C116: 7200.13 | D116: 7185.7 | E116: 7175.35 | F116: 7141.04 | G116: 7176.06 | H116: 7197.47 | I116: 7746.54 | J116: 8276.27 | K116: 8590.92 | L116: 8864.59 | M116: 8958.9 | N116: 8938.89 | O116: 9062.59 | P116: 9101.81 | Q116: 9126.32 | R116: 9103.27 | S116: 9012.13 | T116: 8781.86 | U116: 8783.02 | V116: 8710.37 | W116: 8411.32 | X116: 8016.63 | Y116: 7608.12
A117: 4 | B117: 7353.83 | C117: 6820.16 | D117: 6802.26 | E117: 6787.17 | F117: 6773.3 | G117: 6777.3 | H117: 6805.95 | I117: 7892.6 | J117: 8305.69 | K117: 8811.31 | L117: 9000.79 | M117: 9004.74 | N117: 8992.34 | O117: 9092.4 | P117: 9108.76 | Q117: 9191.81 | R117: 9131.43 | S117: 9027.15 | T117: 8989.11 | U117: 8847.38 | V117: 8821.18 | W117: 8662.59 | X117: 8219.82 | Y117: 7714.92
A118: 5 | B118: 7745.48 | C118: 7688.5 | D118: 7002.71 | E118: 6974.9 | F118: 6948.66 | G118: 7284.49 | H118: 7884.08 | I118: 10268.99 | J118: 8856.34 | K118: 9846.02 | L118: 9927.74 | M118: 9874.5 | N118: 9881.3 | O118: 10482.17 | P118: 10485.78 | Q118: 10503.12 | R118: 9926.47 | S118: 9126.15 | T118: 9034.37 | U118: 8904.91 | V118: 8800.66 | W118: 9398.67 | X118: 10349.09 | Y118: 10266.34
A119: 6 | B119: 7241.96 | C119: 6555.39 | D119: 6543.41 | E119: 6534.26 | F119: 6521.41 | G119: 6538.05 | H119: 6554.94 | I119: 7688.2 | J119: 8454.29 | K119: 8862.21 | L119: 9008.09 | M119: 9101 | N119: 9075.02 | O119: 9174.01 | P119: 9213.67 | Q119: 9198.41 | R119: 9210.46 | S119: 9103.1 | T119: 8896.5 | U119: 8840.87 | V119: 8838.77 | W119: 8740.24 | X119: 8248.38 | Y119: 7724.96
A120: 7 | B120: 7753.9 | C120: 7849.19 | D120: 7845.64 | E120: 7843.72 | F120: 7859.97 | G120: 7852.89 | H120: 7902.17 | I120: 9700.52 | J120: 9826.93 | K120: 9010.69 | L120: 9321.72 | M120: 9353.29 | N120: 9352.22 | O120: 9283.36 | P120: 9286.07 | Q120: 9483.3 | R120: 9434.26 | S120: 9346.23 | T120: 9220.7 | U120: 9071 | V120: 9009.15 | W120: 8992.42 | X120: 8619.02 | Y120: 8960.63
A121: 8 | B121: 7800.06 | C121: 7542.23 | D121: 7370.14 | E121: 7288.26 | F121: 7179.24 | G121: 7410.26 | H121: 7519.81 | I121: 7947.57 | J121: 8314.89 | K121: 8695.11 | L121: 8868.58 | M121: 8971.46 | N121: 8998.01 | O121: 9068.44 | P121: 9104.85 | Q121: 9194.18 | R121: 9235.4 | S121: 9184.75 | T121: 9054.27 | U121: 9001.89 | V121: 8958.79 | W121: 8850.51 | X121: 8398.17 | Y121: 8035.03
A122: 9 | B122: 7929.16 | C122: 7558.58 | D122: 7507.47 | E122: 7472.18 | F122: 7483.39 | G122: 7493.99 | H122: 7431.57 | I122: 7739.47 | J122: 8131.19 | K122: 8482.89 | L122: 8747.17 | M122: 8761.93 | N122: 8842.1 | O122: 8899.59 | P122: 8921.3 | Q122: 8937.24 | R122: 9015.76 | S122: 8988.83 | T122: 8977.51 | U122: 8939.87 | V122: 8904.12 | W122: 8655.2 | X122: 8264.06 | Y122: 7941.05
A123: 10 | B123: 7775.91 | C123: 7572.23 | D123: 7474.5 | E123: 7459.32 | F123: 7439.58 | G123: 7468.26 | H123: 7789.28 | I123: 10321.02 | J123: 10397.68 | K123: 10442.9 | L123: 10450.31 | M123: 10457.98 | N123: 9913.36 | O123: 10461.11 | P123: 10458.48 | Q123: 9237.64 | R123: 9068.68 | S123: 9581.85 | T123: 8995.68 | U123: 8934.73 | V123: 8817.79 | W123: 8801.1 | X123: 8296.31 | Y123: 7968.08
A124: 11 | B124: 7847.98 | C124: 6731.67 | D124: 6721.72 | E124: 6712.05 | F124: 6706.88 | G124: 6702.34 | H124: 7857.51 | I124: 9658.56 | J124: 10371.33 | K124: 8702.69 | L124: 8964.03 | M124: 9009.27 | N124: 8999.8 | O124: 9077.32 | P124: 9098.36 | Q124: 9122.18 | R124: 9109.34 | S124: 9057.2 | T124: 9002.24 | U124: 8959.32 | V124: 8933.76 | W124: 8705.24 | X124: 8249.09 | Y124: 7932.14
A125: 12 | B125: 7637.44 | C125: 7371.97 | D125: 6902.09 | E125: 6373.41 | F125: 6371.51 | G125: 6813.51 | H125: 8047.67 | I125: 10233.47 | J125: 8714.65 | K125: 9053.47 | L125: 9177.83 | M125: 9344.99 | N125: 9341.88 | O125: 9289.52 | P125: 9320.52 | Q125: 9321.78 | R125: 9309.77 | S125: 9293.05 | T125: 9206.3 | U125: 9106.28 | V125: 9055.99 | W125: 8982.1 | X125: 8594.82 | Y125: 8139.93
... A144: 31 | B144: 7985.22 | C144: 7854.61 | D144: 7952.55 | E144: 7950.03 | F144: 7951.27 | G144: 7959.34 | H144: 8111.43 | I144: 9575.39 | J144: 10213.5 | K144: 10356.85 | L144: 10216.76 | M144: 10209.5 | N144: 10208.31 | O144: 10208.56 | P144: 10325.35 | Q144: 10334.31 | R144: 10211.16 | S144: 10214.24 | T144: 10213.89 | U144: 10211.87 | V144: 9024.95 | W144: 8990.84 | X144: 8672.6 | Y144: 8327.38
A146: 1.2. Для потребителей с максимальной мощностью энергопринимающих устройств от 670 кВт до 10 МВт
A147: Дата | B147: Ставка для фактических почасовых объемов покупки электрической энергии, отпущенных на уровне напряжения ВН
B148: 0:00 - 1:00 | C148: 1:00 - 2:00 | D148: 2:00 - 3:00 | E148: 3:00 - 4:00 | F148: 4:00 - 5:00 | G148: 5:00 - 6:00 | H148: 6:00 - 7:00 | I148: 7:00 - 8:00 | J148: 8:00 - 9:00 | K148: 9:00 - 10:00 | L148: 10:00 - 11:00 | M148: 11:00 - 12:00 | N148: 12:00 - 13:00 | O148: 13:00 - 14:00 | P148: 14:00 - 15:00 | Q148: 15:00 - 16:00 | R148: 16:00 - 17:00 | S148: 17:00 - 18:00 | T148: 18:00 - 19:00 | U148: 19:00 - 20:00 | V148: 20:00 - 21:00 | W148: 21:00 - 22:00 | X148: 22:00 - 23:00 | Y148: 23:00 - 24:00
A149: 1 | B149: 4347.56 | C149: 4113.06 | D149: 4081.91 | E149: 4035.48 | F149: 3965.34 | G149: 4040.9 | H149: 4053.41 | I149: 4169.8 | J149: 4792.57 | K149: 4994.62 | L149: 5169.51 | M149: 5370.03 | N149: 5398.16 | O149: 5310.28 | P149: 5391.8 | Q149: 5623.28 | R149: 5652.67 | S149: 5634.68 | T149: 5469.71 | U149: 5421.88 | V149: 5433.94 | W149: 5389.1 | X149: 5061.2 | Y149: 4756.52
A150: 2 | B150: 4163.75 | C150: 3968.44 | D150: 3930.58 | E150: 3881.81 | F150: 3889.75 | G150: 3879.13 | H150: 3881.64 | I150: 3980.82 | J150: 4535.19 | K150: 4828.8 | L150: 5083.43 | M150: 5225.45 | N150: 5292.11 | O150: 5366.73 | P150: 5422.3 | Q150: 5514.95 | R150: 5608.53 | S150: 5607.18 | T150: 5496.16 | U150: 5512.47 | V150: 5495.05 | W150: 5441.16 | X150: 5162.23 | Y150: 4773.49
A151: 3 | B151: 4005.5 | C151: 3653.87 | D151: 3639.44 | E151: 3629.09 | F151: 3594.78 | G151: 3629.8 | H151: 3651.21 | I151: 4200.28 | J151: 4730.01 | K151: 5044.66 | L151: 5318.33 | M151: 5412.64 | N151: 5392.63 | O151: 5516.33 | P151: 5555.55 | Q151: 5580.06 | R151: 5557.01 | S151: 5465.87 | T151: 5235.6 | U151: 5236.76 | V151: 5164.11 | W151: 4865.06 | X151: 4470.37 | Y151: 4061.86
A152: 4 | B152: 3807.57 | C152: 3273.9 | D152: 3256 | E152: 3240.91 | F152: 3227.04 | G152: 3231.04 | H152: 3259.69 | I152: 4346.34 | J152: 4759.43 | K152: 5265.05 | L152: 5454.53 | M152: 5458.48 | N152: 5446.08 | O152: 5546.14 | P152: 5562.5 | Q152: 5645.55 | R152: 5585.17 | S152: 5480.89 | T152: 5442.85 | U152: 5301.12 | V152: 5274.92 | W152: 5116.33 | X152: 4673.56 | Y152: 4168.66
A153: 5 | B153: 4199.22 | C153: 4142.24 | D153: 3456.45 | E153: 3428.64 | F153: 3402.4 | G153: 3738.23 | H153: 4337.82 | I153: 6722.73 | J153: 5310.08 | K153: 6299.76 | L153: 6381.48 | M153: 6328.24 | N153: 6335.04 | O153: 6935.91 | P153: 6939.52 | Q153: 6956.86 | R153: 6380.21 | S153: 5579.89 | T153: 5488.11 | U153: 5358.65 | V153: 5254.4 | W153: 5852.41 | X153: 6802.83 | Y153: 6720.08
A154: 6 | B154: 3695.7 | C154: 3009.13 | D154: 2997.15 | E154: 2988 | F154: 2975.15 | G154: 2991.79 | H154: 3008.68 | I154: 4141.94 | J154: 4908.03 | K154: 5315.95 | L154: 5461.83 | M154: 5554.74 | N154: 5528.76 | O154: 5627.75 | P154: 5667.41 | Q154: 5652.15 | R154: 5664.2 | S154: 5556.84 | T154: 5350.24 | U154: 5294.61 | V154: 5292.51 | W154: 5193.98 | X154: 4702.12 | Y154: 4178.7
A155: 7 | B155: 4207.64 | C155: 4302.93 | D155: 4299.38 | E155: 4297.46 | F155: 4313.71 | G155: 4306.63 | H155: 4355.91 | I155: 6154.26 | J155: 6280.67 | K155: 5464.43 | L155: 5775.46 | M155: 5807.03 | N155: 5805.96 | O155: 5737.1 | P155: 5739.81 | Q155: 5937.04 | R155: 5888 | S155: 5799.97 | T155: 5674.44 | U155: 5524.74 | V155: 5462.89 | W155: 5446.16 | X155: 5072.76 | Y155: 5414.37
A156: 8 | B156: 4253.8 | C156: 3995.97 | D156: 3823.88 | E156: 3742 | F156: 3632.98 | G156: 3864 | H156: 3973.55 | I156: 4401.31 | J156: 4768.63 | K156: 5148.85 | L156: 5322.32 | M156: 5425.2 | N156: 5451.75 | O156: 5522.18 | P156: 5558.59 | Q156: 5647.92 | R156: 5689.14 | S156: 5638.49 | T156: 5508.01 | U156: 5455.63 | V156: 5412.53 | W156: 5304.25 | X156: 4851.91 | Y156: 4488.77
A157: 9 | B157: 4382.9 | C157: 4012.32 | D157: 3961.21 | E157: 3925.92 | F157: 3937.13 | G157: 3947.73 | H157: 3885.31 | I157: 4193.21 | J157: 4584.93 | K157: 4936.63 | L157: 5200.91 | M157: 5215.67 | N157: 5295.84 | O157: 5353.33 | P157: 5375.04 | Q157: 5390.98 | R157: 5469.5 | S157: 5442.57 | T157: 5431.25 | U157: 5393.61 | V157: 5357.86 | W157: 5108.94 | X157: 4717.8 | Y157: 4394.79
A158: 10 | B158: 4229.65 | C158: 4025.97 | D158: 3928.24 | E158: 3913.06 | F158: 3893.32 | G158: 3922 | H158: 4243.02 | I158: 6774.76 | J158: 6851.42 | K158: 6896.64 | L158: 6904.05 | M158: 6911.72 | N158: 6367.1 | O158: 6914.85 | P158: 6912.22 | Q158: 5691.38 | R158: 5522.42 | S158: 6035.59 | T158: 5449.42 | U158: 5388.47 | V158: 5271.53 | W158: 5254.84 | X158: 4750.05 | Y158: 4421.82
A159: 11 | B159: 4301.72 | C159: 3185.41 | D159: 3175.46 | E159: 3165.79 | F159: 3160.62 | G159: 3156.08 | H159: 4311.25 | I159: 6112.3 | J159: 6825.07 | K159: 5156.43 | L159: 5417.77 | M159: 5463.01 | N159: 5453.54 | O159: 5531.06 | P159: 5552.1 | Q159: 5575.92 | R159: 5563.08 | S159: 5510.94 | T159: 5455.98 | U159: 5413.06 | V159: 5387.5 | W159: 5158.98 | X159: 4702.83 | Y159: 4385.88
A160: 12 | B160: 4091.18 | C160: 3825.71 | D160: 3355.83 | E160: 2827.15 | F160: 2825.25 | G160: 3267.25 | H160: 4501.41 | I160: 6687.21 | J160: 5168.39 | K160: 5507.21 | L160: 5631.57 | M160: 5798.73 | N160: 5795.62 | O160: 5743.26 | P160: 5774.26 | Q160: 5775.52 | R160: 5763.51 | S160: 5746.79 | T160: 5660.04 | U160: 5560.02 | V160: 5509.73 | W160: 5435.84 | X160: 5048.56 | Y160: 4593.67
... A179: 31 | B179: 4438.96 | C179: 4308.35 | D179: 4406.29 | E179: 4403.77 | F179: 4405.01 | G179: 4413.08 | H179: 4565.17 | I179: 6029.13 | J179: 6667.24 | K179: 6810.59 | L179: 6670.5 | M179: 6663.24 | N179: 6662.05 | O179: 6662.3 | P179: 6779.09 | Q179: 6788.05 | R179: 6664.9 | S179: 6667.98 | T179: 6667.63 | U179: 6665.61 | V179: 5478.69 | W179: 5444.58 | X179: 5126.34 | Y179: 4781.12
A181: Дата | B181: Ставка для фактических почасовых объемов покупки электрической энергии, отпущенных на уровне напряжения СН I
B182: 0:00 - 1:00 | C182: 1:00 - 2:00 | D182: 2:00 - 3:00 | E182: 3:00 - 4:00 | F182: 4:00 - 5:00 | G182: 5:00 - 6:00 | H182: 6:00 - 7:00 | I182: 7:00 - 8:00 | J182: 8:00 - 9:00 | K182: 9:00 - 10:00 | L182: 10:00 - 11:00 | M182: 11:00 - 12:00 | N182: 12:00 - 13:00 | O182: 13:00 - 14:00 | P182: 14:00 - 15:00 | Q182: 15:00 - 16:00 | R182: 16:00 - 17:00 | S182: 17:00 - 18:00 | T182: 18:00 - 19:00 | U182: 19:00 - 20:00 | V182: 20:00 - 21:00 | W182: 21:00 - 22:00 | X182: 22:00 - 23:00 | Y182: 23:00 - 24:00
A183: 1 | B183: 5749.99 | C183: 5515.49 | D183: 5484.34 | E183: 5437.91 | F183: 5367.77 | G183: 5443.33 | H183: 5455.84 | I183: 5572.23 | J183: 6195 | K183: 6397.05 | L183: 6571.94 | M183: 6772.46 | N183: 6800.59 | O183: 6712.71 | P183: 6794.23 | Q183: 7025.71 | R183: 7055.1 | S183: 7037.11 | T183: 6872.14 | U183: 6824.31 | V183: 6836.37 | W183: 6791.53 | X183: 6463.63 | Y183: 6158.95
A184: 2 | B184: 5566.18 | C184: 5370.87 | D184: 5333.01 | E184: 5284.24 | F184: 5292.18 | G184: 5281.56 | H184: 5284.07 | I184: 5383.25 | J184: 5937.62 | K184: 6231.23 | L184: 6485.86 | M184: 6627.88 | N184: 6694.54 | O184: 6769.16 | P184: 6824.73 | Q184: 6917.38 | R184: 7010.96 | S184: 7009.61 | T184: 6898.59 | U184: 6914.9 | V184: 6897.48 | W184: 6843.59 | X184: 6564.66 | Y184: 6175.92
A185: 3 | B185: 5407.93 | C185: 5056.3 | D185: 5041.87 | E185: 5031.52 | F185: 4997.21 | G185: 5032.23 | H185: 5053.64 | I185: 5602.71 | J185: 6132.44 | K185: 6447.09 | L185: 6720.76 | M185: 6815.07 | N185: 6795.06 | O185: 6918.76 | P185: 6957.98 | Q185: 6982.49 | R185: 6959.44 | S185: 6868.3 | T185: 6638.03 | U185: 6639.19 | V185: 6566.54 | W185: 6267.49 | X185: 5872.8 | Y185: 5464.29
A186: 4 | B186: 5210 | C186: 4676.33 | D186: 4658.43 | E186: 4643.34 | F186: 4629.47 | G186: 4633.47 | H186: 4662.12 | I186: 5748.77 | J186: 6161.86 | K186: 6667.48 | L186: 6856.96 | M186: 6860.91 | N186: 6848.51 | O186: 6948.57 | P186: 6964.93 | Q186: 7047.98 | R186: 6987.6 | S186: 6883.32 | T186: 6845.28 | U186: 6703.55 | V186: 6677.35 | W186: 6518.76 | X186: 6075.99 | Y186: 5571.09
A187: 5 | B187: 5601.65 | C187: 5544.67 | D187: 4858.88 | E187: 4831.07 | F187: 4804.83 | G187: 5140.66 | H187: 5740.25 | I187: 8125.16 | J187: 6712.51 | K187: 7702.19 | L187: 7783.91 | M187: 7730.67 | N187: 7737.47 | O187: 8338.34 | P187: 8341.95 | Q187: 8359.29 | R187: 7782.64 | S187: 6982.32 | T187: 6890.54 | U187: 6761.08 | V187: 6656.83 | W187: 7254.84 | X187: 8205.26 | Y187: 8122.51
A188: 6 | B188: 5098.13 | C188: 4411.56 | D188: 4399.58 | E188: 4390.43 | F188: 4377.58 | G188: 4394.22 | H188: 4411.11 | I188: 5544.37 | J188: 6310.46 | K188: 6718.38 | L188: 6864.26 | M188: 6957.17 | N188: 6931.19 | O188: 7030.18 | P188: 7069.84 | Q188: 7054.58 | R188: 7066.63 | S188: 6959.27 | T188: 6752.67 | U188: 6697.04 | V188: 6694.94 | W188: 6596.41 | X188: 6104.55 | Y188: 5581.13
A189: 7 | B189: 5610.07 | C189: 5705.36 | D189: 5701.81 | E189: 5699.89 | F189: 5716.14 | G189: 5709.06 | H189: 5758.34 | I189: 7556.69 | J189: 7683.1 | K189: 6866.86 | L189: 7177.89 | M189: 7209.46 | N189: 7208.39 | O189: 7139.53 | P189: 7142.24 | Q189: 7339.47 | R189: 7290.43 | S189: 7202.4 | T189: 7076.87 | U189: 6927.17 | V189: 6865.32 | W189: 6848.59 | X189: 6475.19 | Y189: 6816.8
A190: 8 | B190: 5656.23 | C190: 5398.4 | D190: 5226.31 | E190: 5144.43 | F190: 5035.41 | G190: 5266.43 | H190: 5375.98 | I190: 5803.74 | J190: 6171.06 | K190: 6551.28 | L190: 6724.75 | M190: 6827.63 | N190: 6854.18 | O190: 6924.61 | P190: 6961.02 | Q190: 7050.35 | R190: 7091.57 | S190: 7040.92 | T190: 6910.44 | U190: 6858.06 | V190: 6814.96 | W190: 6706.68 | X190: 6254.34 | Y190: 5891.2
A191: 9 | B191: 5785.33 | C191: 5414.75 | D191: 5363.64 | E191: 5328.35 | F191: 5339.56 | G191: 5350.16 | H191: 5287.74 | I191: 5595.64 | J191: 5987.36 | K191: 6339.06 | L191: 6603.34 | M191: 6618.1 | N191: 6698.27 | O191: 6755.76 | P191: 6777.47 | Q191: 6793.41 | R191: 6871.93 | S191: 6845 | T191: 6833.68 | U191: 6796.04 | V191: 6760.29 | W191: 6511.37 | X191: 6120.23 | Y191: 5797.22
A192: 10 | B192: 5632.08 | C192: 5428.4 | D192: 5330.67 | E192: 5315.49 | F192: 5295.75 | G192: 5324.43 | H192: 5645.45 | I192: 8177.19 | J192: 8253.85 | K192: 8299.07 | L192: 8306.48 | M192: 8314.15 | N192: 7769.53 | O192: 8317.28 | P192: 8314.65 | Q192: 7093.81 | R192: 6924.85 | S192: 7438.02 | T192: 6851.85 | U192: 6790.9 | V192: 6673.96 | W192: 6657.27 | X192: 6152.48 | Y192: 5824.25
A193: 11 | B193: 5704.15 | C193: 4587.84 | D193: 4577.89 | E193: 4568.22 | F193: 4563.05 | G193: 4558.51 | H193: 5713.68 | I193: 7514.73 | J193: 8227.5 | K193: 6558.86 | L193: 6820.2 | M193: 6865.44 | N193: 6855.97 | O193: 6933.49 | P193: 6954.53 | Q193: 6978.35 | R193: 6965.51 | S193: 6913.37 | T193: 6858.41 | U193: 6815.49 | V193: 6789.93 | W193: 6561.41 | X193: 6105.26 | Y193: 5788.31
A194: 12 | B194: 5493.61 | C194: 5228.14 | D194: 4758.26 | E194: 4229.58 | F194: 4227.68 | G194: 4669.68 | H194: 5903.84 | I194: 8089.64 | J194: 6570.82 | K194: 6909.64 | L194: 7034 | M194: 7201.16 | N194: 7198.05 | O194: 7145.69 | P194: 7176.69 | Q194: 7177.95 | R194: 7165.94 | S194: 7149.22 | T194: 7062.47 | U194: 6962.45 | V194: 6912.16 | W194: 6838.27 | X194: 6450.99 | Y194: 5996.1
... A213: 31 | B213: 5841.39 | C213: 5710.78 | D213: 5808.72 | E213: 5806.2 | F213: 5807.44 | G213: 5815.51 | H213: 5967.6 | I213: 7431.56 | J213: 8069.67 | K213: 8213.02 | L213: 8072.93 | M213: 8065.67 | N213: 8064.48 | O213: 8064.73 | P213: 8181.52 | Q213: 8190.48 | R213: 8067.33 | S213: 8070.41 | T213: 8070.06 | U213: 8068.04 | V213: 6881.12 | W213: 6847.01 | X213: 6528.77 | Y213: 6183.55
A215: Дата | B215: Ставка для фактических почасовых объемов покупки электрической энергии, отпущенных на уровне напряжения СН II
B216: 0:00 - 1:00 | C216: 1:00 - 2:00 | D216: 2:00 - 3:00 | E216: 3:00 - 4:00 | F216: 4:00 - 5:00 | G216: 5:00 - 6:00 | H216: 6:00 - 7:00 | I216: 7:00 - 8:00 | J216: 8:00 - 9:00 | K216: 9:00 - 10:00 | L216: 10:00 - 11:00 | M216: 11:00 - 12:00 | N216: 12:00 - 13:00 | O216: 13:00 - 14:00 | P216: 14:00 - 15:00 | Q216: 15:00 - 16:00 | R216: 16:00 - 17:00 | S216: 17:00 - 18:00 | T216: 18:00 - 19:00 | U216: 19:00 - 20:00 | V216: 20:00 - 21:00 | W216: 21:00 - 22:00 | X216: 22:00 - 23:00 | Y216: 23:00 - 24:00
...

Sheet 4ЦК
I1: Предельные уровни нерегулируемых цен на электрическую энергию (мощность), поставляемую потребителям (покупателям)
I2: Публичного акционерного общества "Рязанская энергетическая сбытовая компания" (ПАО "РЭСК")
I3: ='1ЦК'!B3 -> АВГУСТ 2026г.
I5: IV. Четвертая ценовая категория
B6: (для объемов покупки электрической энергии (мощности), в отношении которых за расчетный период осуществляется почасовой учет, но не осуществляется почасовое планирование, а стоимость услуг по передаче электрической энергии определяется по тарифу на услуги по передаче электрической энергии в двухставочном выражении)
A8: 1. Ставка за электрическую энергию конечных нерегулируемых цен (рублей/ МВт·ч, без НДС)
A9: 1.1. Для потребителей с максимальной мощностью энергопринимающих устройств менее 670 кВт
A10: Дата | B10: Ставка для фактических почасовых объемов покупки электрической энергии, отпущенных на уровне напряжения ВН
B11: 0:00 - 1:00 | C11: 1:00 - 2:00 | D11: 2:00 - 3:00 | E11: 3:00 - 4:00 | F11: 4:00 - 5:00 | G11: 5:00 - 6:00 | H11: 6:00 - 7:00 | I11: 7:00 - 8:00 | J11: 8:00 - 9:00 | K11: 9:00 - 10:00 | L11: 10:00 - 11:00 | M11: 11:00 - 12:00 | N11: 12:00 - 13:00 | O11: 13:00 - 14:00 | P11: 14:00 - 15:00 | Q11: 15:00 - 16:00 | R11: 16:00 - 17:00 | S11: 17:00 - 18:00 | T11: 18:00 - 19:00 | U11: 19:00 - 20:00 | V11: 20:00 - 21:00 | W11: 21:00 - 22:00 | X11: 22:00 - 23:00 | Y11: 23:00 - 24:00
A12: 1 | B12: 3031.88 | C12: 2797.38 | D12: 2766.23 | E12: 2719.8 | F12: 2649.66 | G12: 2725.22 | H12: 2737.73 | I12: 2854.12 | J12: 3476.89 | K12: 3678.94 | L12: 3853.83 | M12: 4054.35 | N12: 4082.48 | O12: 3994.6 | P12: 4076.12 | Q12: 4307.6 | R12: 4336.99 | S12: 4319 | T12: 4154.03 | U12: 4106.2 | V12: 4118.26 | W12: 4073.42 | X12: 3745.52 | Y12: 3440.84
A13: 2 | B13: 2848.07 | C13: 2652.76 | D13: 2614.9 | E13: 2566.13 | F13: 2574.07 | G13: 2563.45 | H13: 2565.96 | I13: 2665.14 | J13: 3219.51 | K13: 3513.12 | L13: 3767.75 | M13: 3909.77 | N13: 3976.43 | O13: 4051.05 | P13: 4106.62 | Q13: 4199.27 | R13: 4292.85 | S13: 4291.5 | T13: 4180.48 | U13: 4196.79 | V13: 4179.37 | W13: 4125.48 | X13: 3846.55 | Y13: 3457.81
A14: 3 | B14: 2689.82 | C14: 2338.19 | D14: 2323.76 | E14: 2313.41 | F14: 2279.1 | G14: 2314.12 | H14: 2335.53 | I14: 2884.6 | J14: 3414.33 | K14: 3728.98 | L14: 4002.65 | M14: 4096.96 | N14: 4076.95 | O14: 4200.65 | P14: 4239.87 | Q14: 4264.38 | R14: 4241.33 | S14: 4150.19 | T14: 3919.92 | U14: 3921.08 | V14: 3848.43 | W14: 3549.38 | X14: 3154.69 | Y14: 2746.18
A15: 4 | B15: 2491.89 | C15: 1958.22 | D15: 1940.32 | E15: 1925.23 | F15: 1911.36 | G15: 1915.36 | H15: 1944.01 | I15: 3030.66 | J15: 3443.75 | K15: 3949.37 | L15: 4138.85 | M15: 4142.8 | N15: 4130.4 | O15: 4230.46 | P15: 4246.82 | Q15: 4329.87 | R15: 4269.49 | S15: 4165.21 | T15: 4127.17 | U15: 3985.44 | V15: 3959.24 | W15: 3800.65 | X15: 3357.88 | Y15: 2852.98
A16: 5 | B16: 2883.54 | C16: 2826.56 | D16: 2140.77 | E16: 2112.96 | F16: 2086.72 | G16: 2422.55 | H16: 3022.14 | I16: 5407.05 | J16: 3994.4 | K16: 4984.08 | L16: 5065.8 | M16: 5012.56 | N16: 5019.36 | O16: 5620.23 | P16: 5623.84 | Q16: 5641.18 | R16: 5064.53 | S16: 4264.21 | T16: 4172.43 | U16: 4042.97 | V16: 3938.72 | W16: 4536.73 | X16: 5487.15 | Y16: 5404.4
A17: 6 | B17: 2380.02 | C17: 1693.45 | D17: 1681.47 | E17: 1672.32 | F17: 1659.47 | G17: 1676.11 | H17: 1693 | I17: 2826.26 | J17: 3592.35 | K17: 4000.27 | L17: 4146.15 | M17: 4239.06 | N17: 4213.08 | O17: 4312.07 | P17: 4351.73 | Q17: 4336.47 | R17: 4348.52 | S17: 4241.16 | T17: 4034.56 | U17: 3978.93 | V17: 3976.83 | W17: 3878.3 | X17: 3386.44 | Y17: 2863.02
A18: 7 | B18: 2891.96 | C18: 2987.25 | D18: 2983.7 | E18: 2981.78 | F18: 2998.03 | G18: 2990.95 | H18: 3040.23 | I18: 4838.58 | J18: 4964.99 | K18: 4148.75 | L18: 4459.78 | M18: 4491.35 | N18: 4490.28 | O18: 4421.42 | P18: 4424.13 | Q18: 4621.36 | R18: 4572.32 | S18: 4484.29 | T18: 4358.76 | U18: 4209.06 | V18: 4147.21 | W18: 4130.48 | X18: 3757.08 | Y18: 4098.69
A19: 8 | B19: 2938.12 | C19: 2680.29 | D19: 2508.2 | E19: 2426.32 | F19: 2317.3 | G19: 2548.32 | H19: 2657.87 | I19: 3085.63 | J19: 3452.95 | K19: 3833.17 | L19: 4006.64 | M19: 4109.52 | N19: 4136.07 | O19: 4206.5 | P19: 4242.91 | Q19: 4332.24 | R19: 4373.46 | S19: 4322.81 | T19: 4192.33 | U19: 4139.95 | V19: 4096.85 | W19: 3988.57 | X19: 3536.23 | Y19: 3173.09
A20: 9 | B20: 3067.22 | C20: 2696.64 | D20: 2645.53 | E20: 2610.24 | F20: 2621.45 | G20: 2632.05 | H20: 2569.63 | I20: 2877.53 | J20: 3269.25 | K20: 3620.95 | L20: 3885.23 | M20: 3899.99 | N20: 3980.16 | O20: 4037.65 | P20: 4059.36 | Q20: 4075.3 | R20: 4153.82 | S20: 4126.89 | T20: 4115.57 | U20: 4077.93 | V20: 4042.18 | W20: 3793.26 | X20: 3402.12 | Y20: 3079.11
A21: 10 | B21: 2913.97 | C21: 2710.29 | D21: 2612.56 | E21: 2597.38 | F21: 2577.64 | G21: 2606.32 | H21: 2927.34 | I21: 5459.08 | J21: 5535.74 | K21: 5580.96 | L21: 5588.37 | M21: 5596.04 | N21: 5051.42 | O21: 5599.17 | P21: 5596.54 | Q21: 4375.7 | R21: 4206.74 | S21: 4719.91 | T21: 4133.74 | U21: 4072.79 | V21: 3955.85 | W21: 3939.16 | X21: 3434.37 | Y21: 3106.14
A22: 11 | B22: 2986.04 | C22: 1869.73 | D22: 1859.78 | E22: 1850.11 | F22: 1844.94 | G22: 1840.4 | H22: 2995.57 | I22: 4796.62 | J22: 5509.39 | K22: 3840.75 | L22: 4102.09 | M22: 4147.33 | N22: 4137.86 | O22: 4215.38 | P22: 4236.42 | Q22: 4260.24 | R22: 4247.4 | S22: 4195.26 | T22: 4140.3 | U22: 4097.38 | V22: 4071.82 | W22: 3843.3 | X22: 3387.15 | Y22: 3070.2
A23: 12 | B23: 2775.5 | C23: 2510.03 | D23: 2040.15 | E23: 1511.47 | F23: 1509.57 | G23: 1951.57 | H23: 3185.73 | I23: 5371.53 | J23: 3852.71 | K23: 4191.53 | L23: 4315.89 | M23: 4483.05 | N23: 4479.94 | O23: 4427.58 | P23: 4458.58 | Q23: 4459.84 | R23: 4447.83 | S23: 4431.11 | T23: 4344.36 | U23: 4244.34 | V23: 4194.05 | W23: 4120.16 | X23: 3732.88 | Y23: 3277.99
... A42: 31 | B42: 3123.28 | C42: 2992.67 | D42: 3090.61 | E42: 3088.09 | F42: 3089.33 | G42: 3097.4 | H42: 3249.49 | I42: 4713.45 | J42: 5351.56 | K42: 5494.91 | L42: 5354.82 | M42: 5347.56 | N42: 5346.37 | O42: 5346.62 | P42: 5463.41 | Q42: 5472.37 | R42: 5349.22 | S42: 5352.3 | T42: 5351.95 | U42: 5349.93 | V42: 4163.01 | W42: 4128.9 | X42: 3810.66 | Y42: 3465.44
A44: Дата | B44: Ставка для фактических почасовых объемов покупки электрической энергии, отпущенных на уровне напряжения СН I
B45: 0:00 - 1:00 | C45: 1:00 - 2:00 | D45: 2:00 - 3:00 | E45: 3:00 - 4:00 | F45: 4:00 - 5:00 | G45: 5:00 - 6:00 | H45: 6:00 - 7:00 | I45: 7:00 - 8:00 | J45: 8:00 - 9:00 | K45: 9:00 - 10:00 | L45: 10:00 - 11:00 | M45: 11:00 - 12:00 | N45: 12:00 - 13:00 | O45: 13:00 - 14:00 | P45: 14:00 - 15:00 | Q45: 15:00 - 16:00 | R45: 16:00 - 17:00 | S45: 17:00 - 18:00 | T45: 18:00 - 19:00 | U45: 19:00 - 20:00 | V45: 20:00 - 21:00 | W45: 21:00 - 22:00 | X45: 22:00 - 23:00 | Y45: 23:00 - 24:00
A46: 1 | B46: 3191.6 | C46: 2957.1 | D46: 2925.95 | E46: 2879.52 | F46: 2809.38 | G46: 2884.94 | H46: 2897.45 | I46: 3013.84 | J46: 3636.61 | K46: 3838.66 | L46: 4013.55 | M46: 4214.07 | N46: 4242.2 | O46: 4154.32 | P46: 4235.84 | Q46: 4467.32 | R46: 4496.71 | S46: 4478.72 | T46: 4313.75 | U46: 4265.92 | V46: 4277.98 | W46: 4233.14 | X46: 3905.24 | Y46: 3600.56
A47: 2 | B47: 3007.79 | C47: 2812.48 | D47: 2774.62 | E47: 2725.85 | F47: 2733.79 | G47: 2723.17 | H47: 2725.68 | I47: 2824.86 | J47: 3379.23 | K47: 3672.84 | L47: 3927.47 | M47: 4069.49 | N47: 4136.15 | O47: 4210.77 | P47: 4266.34 | Q47: 4358.99 | R47: 4452.57 | S47: 4451.22 | T47: 4340.2 | U47: 4356.51 | V47: 4339.09 | W47: 4285.2 | X47: 4006.27 | Y47: 3617.53
A48: 3 | B48: 2849.54 | C48: 2497.91 | D48: 2483.48 | E48: 2473.13 | F48: 2438.82 | G48: 2473.84 | H48: 2495.25 | I48: 3044.32 | J48: 3574.05 | K48: 3888.7 | L48: 4162.37 | M48: 4256.68 | N48: 4236.67 | O48: 4360.37 | P48: 4399.59 | Q48: 4424.1 | R48: 4401.05 | S48: 4309.91 | T48: 4079.64 | U48: 4080.8 | V48: 4008.15 | W48: 3709.1 | X48: 3314.41 | Y48: 2905.9
A49: 4 | B49: 2651.61 | C49: 2117.94 | D49: 2100.04 | E49: 2084.95 | F49: 2071.08 | G49: 2075.08 | H49: 2103.73 | I49: 3190.38 | J49: 3603.47 | K49: 4109.09 | L49: 4298.57 | M49: 4302.52 | N49: 4290.12 | O49: 4390.18 | P49: 4406.54 | Q49: 4489.59 | R49: 4429.21 | S49: 4324.93 | T49: 4286.89 | U49: 4145.16 | V49: 4118.96 | W49: 3960.37 | X49: 3517.6 | Y49: 3012.7
A50: 5 | B50: 3043.26 | C50: 2986.28 | D50: 2300.49 | E50: 2272.68 | F50: 2246.44 | G50: 2582.27 | H50: 3181.86 | I50: 5566.77 | J50: 4154.12 | K50: 5143.8 | L50: 5225.52 | M50: 5172.28 | N50: 5179.08 | O50: 5779.95 | P50: 5783.56 | Q50: 5800.9 | R50: 5224.25 | S50: 4423.93 | T50: 4332.15 | U50: 4202.69 | V50: 4098.44 | W50: 4696.45 | X50: 5646.87 | Y50: 5564.12
A51: 6 | B51: 2539.74 | C51: 1853.17 | D51: 1841.19 | E51: 1832.04 | F51: 1819.19 | G51: 1835.83 | H51: 1852.72 | I51: 2985.98 | J51: 3752.07 | K51: 4159.99 | L51: 4305.87 | M51: 4398.78 | N51: 4372.8 | O51: 4471.79 | P51: 4511.45 | Q51: 4496.19 | R51: 4508.24 | S51: 4400.88 | T51: 4194.28 | U51: 4138.65 | V51: 4136.55 | W51: 4038.02 | X51: 3546.16 | Y51: 3022.74
A52: 7 | B52: 3051.68 | C52: 3146.97 | D52: 3143.42 | E52: 3141.5 | F52: 3157.75 | G52: 3150.67 | H52: 3199.95 | I52: 4998.3 | J52: 5124.71 | K52: 4308.47 | L52: 4619.5 | M52: 4651.07 | N52: 4650 | O52: 4581.14 | P52: 4583.85 | Q52: 4781.08 | R52: 4732.04 | S52: 4644.01 | T52: 4518.48 | U52: 4368.78 | V52: 4306.93 | W52: 4290.2 | X52: 3916.8 | Y52: 4258.41
A53: 8 | B53: 3097.84 | C53: 2840.01 | D53: 2667.92 | E53: 2586.04 | F53: 2477.02 | G53: 2708.04 | H53: 2817.59 | I53: 3245.35 | J53: 3612.67 | K53: 3992.89 | L53: 4166.36 | M53: 4269.24 | N53: 4295.79 | O53: 4366.22 | P53: 4402.63 | Q53: 4491.96 | R53: 4533.18 | S53: 4482.53 | T53: 4352.05 | U53: 4299.67 | V53: 4256.57 | W53: 4148.29 | X53: 3695.95 | Y53: 3332.81
A54: 9 | B54: 3226.94 | C54: 2856.36 | D54: 2805.25 | E54: 2769.96 | F54: 2781.17 | G54: 2791.77 | H54: 2729.35 | I54: 3037.25 | J54: 3428.97 | K54: 3780.67 | L54: 4044.95 | M54: 4059.71 | N54: 4139.88 | O54: 4197.37 | P54: 4219.08 | Q54: 4235.02 | R54: 4313.54 | S54: 4286.61 | T54: 4275.29 | U54: 4237.65 | V54: 4201.9 | W54: 3952.98 | X54: 3561.84 | Y54: 3238.83
A55: 10 | B55: 3073.69 | C55: 2870.01 | D55: 2772.28 | E55: 2757.1 | F55: 2737.36 | G55: 2766.04 | H55: 3087.06 | I55: 5618.8 | J55: 5695.46 | K55: 5740.68 | L55: 5748.09 | M55: 5755.76 | N55: 5211.14 | O55: 5758.89 | P55: 5756.26 | Q55: 4535.42 | R55: 4366.46 | S55: 4879.63 | T55: 4293.46 | U55: 4232.51 | V55: 4115.57 | W55: 4098.88 | X55: 3594.09 | Y55: 3265.86
A56: 11 | B56: 3145.76 | C56: 2029.45 | D56: 2019.5 | E56: 2009.83 | F56: 2004.66 | G56: 2000.12 | H56: 3155.29 | I56: 4956.34 | J56: 5669.11 | K56: 4000.47 | L56: 4261.81 | M56: 4307.05 | N56: 4297.58 | O56: 4375.1 | P56: 4396.14 | Q56: 4419.96 | R56: 4407.12 | S56: 4354.98 | T56: 4300.02 | U56: 4257.1 | V56: 4231.54 | W56: 4003.02 | X56: 3546.87 | Y56: 3229.92
A57: 12 | B57: 2935.22 | C57: 2669.75 | D57: 2199.87 | E57: 1671.19 | F57: 1669.29 | G57: 2111.29 | H57: 3345.45 | I57: 5531.25 | J57: 4012.43 | K57: 4351.25 | L57: 4475.61 | M57: 4642.77 | N57: 4639.66 | O57: 4587.3 | P57: 4618.3 | Q57: 4619.56 | R57: 4607.55 | S57: 4590.83 | T57: 4504.08 | U57: 4404.06 | V57: 4353.77 | W57: 4279.88 | X57: 3892.6 | Y57: 3437.71
... A76: 31 | B76: 3283 | C76: 3152.39 | D76: 3250.33 | E76: 3247.81 | F76: 3249.05 | G76: 3257.12 | H76: 3409.21 | I76: 4873.17 | J76: 5511.28 | K76: 5654.63 | L76: 5514.54 | M76: 5507.28 | N76: 5506.09 | O76: 5506.34 | P76: 5623.13 | Q76: 5632.09 | R76: 5508.94 | S76: 5512.02 | T76: 5511.67 | U76: 5509.65 | V76: 4322.73 | W76: 4288.62 | X76: 3970.38 | Y76: 3625.16
A78: Дата | B78: Ставка для фактических почасовых объемов покупки электрической энергии, отпущенных на уровне напряжения СН II
B79: 0:00 - 1:00 | C79: 1:00 - 2:00 | D79: 2:00 - 3:00 | E79: 3:00 - 4:00 | F79: 4:00 - 5:00 | G79: 5:00 - 6:00 | H79: 6:00 - 7:00 | I79: 7:00 - 8:00 | J79: 8:00 - 9:00 | K79: 9:00 - 10:00 | L79: 10:00 - 11:00 | M79: 11:00 - 12:00 | N79: 12:00 - 13:00 | O79: 13:00 - 14:00 | P79: 14:00 - 15:00 | Q79: 15:00 - 16:00 | R79: 16:00 - 17:00 | S79: 17:00 - 18:00 | T79: 18:00 - 19:00 | U79: 19:00 - 20:00 | V79: 20:00 - 21:00 | W79: 21:00 - 22:00 | X79: 22:00 - 23:00 | Y79: 23:00 - 24:00
A80: 1 | B80: 3302.85 | C80: 3068.35 | D80: 3037.2 | E80: 2990.77 | F80: 2920.63 | G80: 2996.19 | H80: 3008.7 | I80: 3125.09 | J80: 3747.86 | K80: 3949.91 | L80: 4124.8 | M80: 4325.32 | N80: 4353.45 | O80: 4265.57 | P80: 4347.09 | Q80: 4578.57 | R80: 4607.96 | S80: 4589.97 | T80: 4425 | U80: 4377.17 | V80: 4389.23 | W80: 4344.39 | X80: 4016.49 | Y80: 3711.81
A81: 2 | B81: 3119.04 | C81: 2923.73 | D81: 2885.87 | E81: 2837.1 | F81: 2845.04 | G81: 2834.42 | H81: 2836.93 | I81: 2936.11 | J81: 3490.48 | K81: 3784.09 | L81: 4038.72 | M81: 4180.74 | N81: 4247.4 | O81: 4322.02 | P81: 4377.59 | Q81: 4470.24 | R81: 4563.82 | S81: 4562.47 | T81: 4451.45 | U81: 4467.76 | V81: 4450.34 | W81: 4396.45 | X81: 4117.52 | Y81: 3728.78
A82: 3 | B82: 2960.79 | C82: 2609.16 | D82: 2594.73 | E82: 2584.38 | F82: 2550.07 | G82: 2585.09 | H82: 2606.5 | I82: 3155.57 | J82: 3685.3 | K82: 3999.95 | L82: 4273.62 | M82: 4367.93 | N82: 4347.92 | O82: 4471.62 | P82: 4510.84 | Q82: 4535.35 | R82: 4512.3 | S82: 4421.16 | T82: 4190.89 | U82: 4192.05 | V82: 4119.4 | W82: 3820.35 | X82: 3425.66 | Y82: 3017.15
A83: 4 | B83: 2762.86 | C83: 2229.19 | D83: 2211.29 | E83: 2196.2 | F83: 2182.33 | G83: 2186.33 | H83: 2214.98 | I83: 3301.63 | J83: 3714.72 | K83: 4220.34 | L83: 4409.82 | M83: 4413.77 | N83: 4401.37 | O83: 4501.43 | P83: 4517.79 | Q83: 4600.84 | R83: 4540.46 | S83: 4436.18 | T83: 4398.14 | U83: 4256.41 | V83: 4230.21 | W83: 4071.62 | X83: 3628.85 | Y83: 3123.95
A84: 5 | B84: 3154.51 | C84: 3097.53 | D84: 2411.74 | E84: 2383.93 | F84: 2357.69 | G84: 2693.52 | H84: 3293.11 | I84: 5678.02 | J84: 4265.37 | K84: 5255.05 | L84: 5336.77 | M84: 5283.53 | N84: 5290.33 | O84: 5891.2 | P84: 5894.81 | Q84: 5912.15 | R84: 5335.5 | S84: 4535.18 | T84: 4443.4 | U84: 4313.94 | V84: 4209.69 | W84: 4807.7 | X84: 5758.12 | Y84: 5675.37
A85: 6 | B85: 2650.99 | C85: 1964.42 | D85: 1952.44 | E85: 1943.29 | F85: 1930.44 | G85: 1947.08 | H85: 1963.97 | I85: 3097.23 | J85: 3863.32 | K85: 4271.24 | L85: 4417.12 | M85: 4510.03 | N85: 4484.05 | O85: 4583.04 | P85: 4622.7 | Q85: 4607.44 | R85: 4619.49 | S85: 4512.13 | T85: 4305.53 | U85: 4249.9 | V85: 4247.8 | W85: 4149.27 | X85: 3657.41 | Y85: 3133.99
A86: 7 | B86: 3162.93 | C86: 3258.22 | D86: 3254.67 | E86: 3252.75 | F86: 3269 | G86: 3261.92 | H86: 3311.2 | I86: 5109.55 | J86: 5235.96 | K86: 4419.72 | L86: 4730.75 | M86: 4762.32 | N86: 4761.25 | O86: 4692.39 | P86: 4695.1 | Q86: 4892.33 | R86: 4843.29 | S86: 4755.26 | T86: 4629.73 | U86: 4480.03 | V86: 4418.18 | W86: 4401.45 | X86: 4028.05 | Y86: 4369.66
A87: 8 | B87: 3209.09 | C87: 2951.26 | D87: 2779.17 | E87: 2697.29 | F87: 2588.27 | G87: 2819.29 | H87: 2928.84 | I87: 3356.6 | J87: 3723.92 | K87: 4104.14 | L87: 4277.61 | M87: 4380.49 | N87: 4407.04 | O87: 4477.47 | P87: 4513.88 | Q87: 4603.21 | R87: 4644.43 | S87: 4593.78 | T87: 4463.3 | U87: 4410.92 | V87: 4367.82 | W87: 4259.54 | X87: 3807.2 | Y87: 3444.06
A88: 9 | B88: 3338.19 | C88: 2967.61 | D88: 2916.5 | E88: 2881.21 | F88: 2892.42 | G88: 2903.02 | H88: 2840.6 | I88: 3148.5 | J88: 3540.22 | K88: 3891.92 | L88: 4156.2 | M88: 4170.96 | N88: 4251.13 | O88: 4308.62 | P88: 4330.33 | Q88: 4346.27 | R88: 4424.79 | S88: 4397.86 | T88: 4386.54 | U88: 4348.9 | V88: 4313.15 | W88: 4064.23 | X88: 3673.09 | Y88: 3350.08
A89: 10 | B89: 3184.94 | C89: 2981.26 | D89: 2883.53 | E89: 2868.35 | F89: 2848.61 | G89: 2877.29 | H89: 3198.31 | I89: 5730.05 | J89: 5806.71 | K89: 5851.93 | L89: 5859.34 | M89: 5867.01 | N89: 5322.39 | O89: 5870.14 | P89: 5867.51 | Q89: 4646.67 | R89: 4477.71 | S89: 4990.88 | T89: 4404.71 | U89: 4343.76 | V89: 4226.82 | W89: 4210.13 | X89: 3705.34 | Y89: 3377.11
A90: 11 | B90: 3257.01 | C90: 2140.7 | D90: 2130.75 | E90: 2121.08 | F90: 2115.91 | G90: 2111.37 | H90: 3266.54 | I90: 5067.59 | J90: 5780.36 | K90: 4111.72 | L90: 4373.06 | M90: 4418.3 | N90: 4408.83 | O90: 4486.35 | P90: 4507.39 | Q90: 4531.21 | R90: 4518.37 | S90: 4466.23 | T90: 4411.27 | U90: 4368.35 | V90: 4342.79 | W90: 4114.27 | X90: 3658.12 | Y90: 3341.17
A91: 12 | B91: 3046.47 | C91: 2781 | D91: 2311.12 | E91: 1782.44 | F91: 1780.54 | G91: 2222.54 | H91: 3456.7 | I91: 5642.5 | J91: 4123.68 | K91: 4462.5 | L91: 4586.86 | M91: 4754.02 | N91: 4750.91 | O91: 4698.55 | P91: 4729.55 | Q91: 4730.81 | R91: 4718.8 | S91: 4702.08 | T91: 4615.33 | U91: 4515.31 | V91: 4465.02 | W91: 4391.13 | X91: 4003.85 | Y91: 3548.96
... A110: 31 | B110: 3394.25 | C110: 3263.64 | D110: 3361.58 | E110: 3359.06 | F110: 3360.3 | G110: 3368.37 | H110: 3520.46 | I110: 4984.42 | J110: 5622.53 | K110: 5765.88 | L110: 5625.79 | M110: 5618.53 | N110: 5617.34 | O110: 5617.59 | P110: 5734.38 | Q110: 5743.34 | R110: 5620.19 | S110: 5623.27 | T110: 5622.92 | U110: 5620.9 | V110: 4433.98 | W110: 4399.87 | X110: 4081.63 | Y110: 3736.41
A112: Дата | B112: Ставка для фактических почасовых объемов покупки электрической энергии, отпущенных на уровне напряжения НН
B113: 0:00 - 1:00 | C113: 1:00 - 2:00 | D113: 2:00 - 3:00 | E113: 3:00 - 4:00 | F113: 4:00 - 5:00 | G113: 5:00 - 6:00 | H113: 6:00 - 7:00 | I113: 7:00 - 8:00 | J113: 8:00 - 9:00 | K113: 9:00 - 10:00 | L113: 10:00 - 11:00 | M113: 11:00 - 12:00 | N113: 12:00 - 13:00 | O113: 13:00 - 14:00 | P113: 14:00 - 15:00 | Q113: 15:00 - 16:00 | R113: 16:00 - 17:00 | S113: 17:00 - 18:00 | T113: 18:00 - 19:00 | U113: 19:00 - 20:00 | V113: 20:00 - 21:00 | W113: 21:00 - 22:00 | X113: 22:00 - 23:00 | Y113: 23:00 - 24:00
A114: 1 | B114: 4152.14 | C114: 3917.64 | D114: 3886.49 | E114: 3840.06 | F114: 3769.92 | G114: 3845.48 | H114: 3857.99 | I114: 3974.38 | J114: 4597.15 | K114: 4799.2 | L114: 4974.09 | M114: 5174.61 | N114: 5202.74 | O114: 5114.86 | P114: 5196.38 | Q114: 5427.86 | R114: 5457.25 | S114: 5439.26 | T114: 5274.29 | U114: 5226.46 | V114: 5238.52 | W114: 5193.68 | X114: 4865.78 | Y114: 4561.1
A115: 2 | B115: 3968.33 | C115: 3773.02 | D115: 3735.16 | E115: 3686.39 | F115: 3694.33 | G115: 3683.71 | H115: 3686.22 | I115: 3785.4 | J115: 4339.77 | K115: 4633.38 | L115: 4888.01 | M115: 5030.03 | N115: 5096.69 | O115: 5171.31 | P115: 5226.88 | Q115: 5319.53 | R115: 5413.11 | S115: 5411.76 | T115: 5300.74 | U115: 5317.05 | V115: 5299.63 | W115: 5245.74 | X115: 4966.81 | Y115: 4578.07
A116: 3 | B116: 3810.08 | C116: 3458.45 | D116: 3444.02 | E116: 3433.67 | F116: 3399.36 | G116: 3434.38 | H116: 3455.79 | I116: 4004.86 | J116: 4534.59 | K116: 4849.24 | L116: 5122.91 | M116: 5217.22 | N116: 5197.21 | O116: 5320.91 | P116: 5360.13 | Q116: 5384.64 | R116: 5361.59 | S116: 5270.45 | T116: 5040.18 | U116: 5041.34 | V116: 4968.69 | W116: 4669.64 | X116: 4274.95 | Y116: 3866.44
A117: 4 | B117: 3612.15 | C117: 3078.48 | D117: 3060.58 | E117: 3045.49 | F117: 3031.62 | G117: 3035.62 | H117: 3064.27 | I117: 4150.92 | J117: 4564.01 | K117: 5069.63 | L117: 5259.11 | M117: 5263.06 | N117: 5250.66 | O117: 5350.72 | P117: 5367.08 | Q117: 5450.13 | R117: 5389.75 | S117: 5285.47 | T117: 5247.43 | U117: 5105.7 | V117: 5079.5 | W117: 4920.91 | X117: 4478.14 | Y117: 3973.24
A118: 5 | B118: 4003.8 | C118: 3946.82 | D118: 3261.03 | E118: 3233.22 | F118: 3206.98 | G118: 3542.81 | H118: 4142.4 | I118: 6527.31 | J118: 5114.66 | K118: 6104.34 | L118: 6186.06 | M118: 6132.82 | N118: 6139.62 | O118: 6740.49 | P118: 6744.1 | Q118: 6761.44 | R118: 6184.79 | S118: 5384.47 | T118: 5292.69 | U118: 5163.23 | V118: 5058.98 | W118: 5656.99 | X118: 6607.41 | Y118: 6524.66
A119: 6 | B119: 3500.28 | C119: 2813.71 | D119: 2801.73 | E119: 2792.58 | F119: 2779.73 | G119: 2796.37 | H119: 2813.26 | I119: 3946.52 | J119: 4712.61 | K119: 5120.53 | L119: 5266.41 | M119: 5359.32 | N119: 5333.34 | O119: 5432.33 | P119: 5471.99 | Q119: 5456.73 | R119: 5468.78 | S119: 5361.42 | T119: 5154.82 | U119: 5099.19 | V119: 5097.09 | W119: 4998.56 | X119: 4506.7 | Y119: 3983.28
A120: 7 | B120: 4012.22 | C120: 4107.51 | D120: 4103.96 | E120: 4102.04 | F120: 4118.29 | G120: 4111.21 | H120: 4160.49 | I120: 5958.84 | J120: 6085.25 | K120: 5269.01 | L120: 5580.04 | M120: 5611.61 | N120: 5610.54 | O120: 5541.68 | P120: 5544.39 | Q120: 5741.62 | R120: 5692.58 | S120: 5604.55 | T120: 5479.02 | U120: 5329.32 | V120: 5267.47 | W120: 5250.74 | X120: 4877.34 | Y120: 5218.95
A121: 8 | B121: 4058.38 | C121: 3800.55 | D121: 3628.46 | E121: 3546.58 | F121: 3437.56 | G121: 3668.58 | H121: 3778.13 | I121: 4205.89 | J121: 4573.21 | K121: 4953.43 | L121: 5126.9 | M121: 5229.78 | N121: 5256.33 | O121: 5326.76 | P121: 5363.17 | Q121: 5452.5 | R121: 5493.72 | S121: 5443.07 | T121: 5312.59 | U121: 5260.21 | V121: 5217.11 | W121: 5108.83 | X121: 4656.49 | Y121: 4293.35
A122: 9 | B122: 4187.48 | C122: 3816.9 | D122: 3765.79 | E122: 3730.5 | F122: 3741.71 | G122: 3752.31 | H122: 3689.89 | I122: 3997.79 | J122: 4389.51 | K122: 4741.21 | L122: 5005.49 | M122: 5020.25 | N122: 5100.42 | O122: 5157.91 | P122: 5179.62 | Q122: 5195.56 | R122: 5274.08 | S122: 5247.15 | T122: 5235.83 | U122: 5198.19 | V122: 5162.44 | W122: 4913.52 | X122: 4522.38 | Y122: 4199.37
A123: 10 | B123: 4034.23 | C123: 3830.55 | D123: 3732.82 | E123: 3717.64 | F123: 3697.9 | G123: 3726.58 | H123: 4047.6 | I123: 6579.34 | J123: 6656 | K123: 6701.22 | L123: 6708.63 | M123: 6716.3 | N123: 6171.68 | O123: 6719.43 | P123: 6716.8 | Q123: 5495.96 | R123: 5327 | S123: 5840.17 | T123: 5254 | U123: 5193.05 | V123: 5076.11 | W123: 5059.42 | X123: 4554.63 | Y123: 4226.4
A124: 11 | B124: 4106.3 | C124: 2989.99 | D124: 2980.04 | E124: 2970.37 | F124: 2965.2 | G124: 2960.66 | H124: 4115.83 | I124: 5916.88 | J124: 6629.65 | K124: 4961.01 | L124: 5222.35 | M124: 5267.59 | N124: 5258.12 | O124: 5335.64 | P124: 5356.68 | Q124: 5380.5 | R124: 5367.66 | S124: 5315.52 | T124: 5260.56 | U124: 5217.64 | V124: 5192.08 | W124: 4963.56 | X124: 4507.41 | Y124: 4190.46
A125: 12 | B125: 3895.76 | C125: 3630.29 | D125: 3160.41 | E125: 2631.73 | F125: 2629.83 | G125: 3071.83 | H125: 4305.99 | I125: 6491.79 | J125: 4972.97 | K125: 5311.79 | L125: 5436.15 | M125: 5603.31 | N125: 5600.2 | O125: 5547.84 | P125: 5578.84 | Q125: 5580.1 | R125: 5568.09 | S125: 5551.37 | T125: 5464.62 | U125: 5364.6 | V125: 5314.31 | W125: 5240.42 | X125: 4853.14 | Y125: 4398.25
... A144: 31 | B144: 4243.54 | C144: 4112.93 | D144: 4210.87 | E144: 4208.35 | F144: 4209.59 | G144: 4217.66 | H144: 4369.75 | I144: 5833.71 | J144: 6471.82 | K144: 6615.17 | L144: 6475.08 | M144: 6467.82 | N144: 6466.63 | O144: 6466.88 | P144: 6583.67 | Q144: 6592.63 | R144: 6469.48 | S144: 6472.56 | T144: 6472.21 | U144: 6470.19 | V144: 5283.27 | W144: 5249.16 | X144: 4930.92 | Y144: 4585.7
A146: 1.2. Для потребителей с максимальной мощностью энергопринимающих устройств от 670 кВт до 10 МВт
A147: Дата | B147: Ставка для фактических почасовых объемов покупки электрической энергии, отпущенных на уровне напряжения ВН
B148: 0:00 - 1:00 | C148: 1:00 - 2:00 | D148: 2:00 - 3:00 | E148: 3:00 - 4:00 | F148: 4:00 - 5:00 | G148: 5:00 - 6:00 | H148: 6:00 - 7:00 | I148: 7:00 - 8:00 | J148: 8:00 - 9:00 | K148: 9:00 - 10:00 | L148: 10:00 - 11:00 | M148: 11:00 - 12:00 | N148: 12:00 - 13:00 | O148: 13:00 - 14:00 | P148: 14:00 - 15:00 | Q148: 15:00 - 16:00 | R148: 16:00 - 17:00 | S148: 17:00 - 18:00 | T148: 18:00 - 19:00 | U148: 19:00 - 20:00 | V148: 20:00 - 21:00 | W148: 21:00 - 22:00 | X148: 22:00 - 23:00 | Y148: 23:00 - 24:00
A149: 1 | B149: 2241.13 | C149: 2006.63 | D149: 1975.48 | E149: 1929.05 | F149: 1858.91 | G149: 1934.47 | H149: 1946.98 | I149: 2063.37 | J149: 2686.14 | K149: 2888.19 | L149: 3063.08 | M149: 3263.6 | N149: 3291.73 | O149: 3203.85 | P149: 3285.37 | Q149: 3516.85 | R149: 3546.24 | S149: 3528.25 | T149: 3363.28 | U149: 3315.45 | V149: 3327.51 | W149: 3282.67 | X149: 2954.77 | Y149: 2650.09
A150: 2 | B150: 2057.32 | C150: 1862.01 | D150: 1824.15 | E150: 1775.38 | F150: 1783.32 | G150: 1772.7 | H150: 1775.21 | I150: 1874.39 | J150: 2428.76 | K150: 2722.37 | L150: 2977 | M150: 3119.02 | N150: 3185.68 | O150: 3260.3 | P150: 3315.87 | Q150: 3408.52 | R150: 3502.1 | S150: 3500.75 | T150: 3389.73 | U150: 3406.04 | V150: 3388.62 | W150: 3334.73 | X150: 3055.8 | Y150: 2667.06
A151: 3 | B151: 1899.07 | C151: 1547.44 | D151: 1533.01 | E151: 1522.66 | F151: 1488.35 | G151: 1523.37 | H151: 1544.78 | I151: 2093.85 | J151: 2623.58 | K151: 2938.23 | L151: 3211.9 | M151: 3306.21 | N151: 3286.2 | O151: 3409.9 | P151: 3449.12 | Q151: 3473.63 | R151: 3450.58 | S151: 3359.44 | T151: 3129.17 | U151: 3130.33 | V151: 3057.68 | W151: 2758.63 | X151: 2363.94 | Y151: 1955.43
A152: 4 | B152: 1701.14 | C152: 1167.47 | D152: 1149.57 | E152: 1134.48 | F152: 1120.61 | G152: 1124.61 | H152: 1153.26 | I152: 2239.91 | J152: 2653 | K152: 3158.62 | L152: 3348.1 | M152: 3352.05 | N152: 3339.65 | O152: 3439.71 | P152: 3456.07 | Q152: 3539.12 | R152: 3478.74 | S152: 3374.46 | T152: 3336.42 | U152: 3194.69 | V152: 3168.49 | W152: 3009.9 | X152: 2567.13 | Y152: 2062.23
A153: 5 | B153: 2092.79 | C153: 2035.81 | D153: 1350.02 | E153: 1322.21 | F153: 1295.97 | G153: 1631.8 | H153: 2231.39 | I153: 4616.3 | J153: 3203.65 | K153: 4193.33 | L153: 4275.05 | M153: 4221.81 | N153: 4228.61 | O153: 4829.48 | P153: 4833.09 | Q153: 4850.43 | R153: 4273.78 | S153: 3473.46 | T153: 3381.68 | U153: 3252.22 | V153: 3147.97 | W153: 3745.98 | X153: 4696.4 | Y153: 4613.65
A154: 6 | B154: 1589.27 | C154: 902.7 | D154: 890.72 | E154: 881.57 | F154: 868.72 | G154: 885.36 | H154: 902.25 | I154: 2035.51 | J154: 2801.6 | K154: 3209.52 | L154: 3355.4 | M154: 3448.31 | N154: 3422.33 | O154: 3521.32 | P154: 3560.98 | Q154: 3545.72 | R154: 3557.77 | S154: 3450.41 | T154: 3243.81 | U154: 3188.18 | V154: 3186.08 | W154: 3087.55 | X154: 2595.69 | Y154: 2072.27
A155: 7 | B155: 2101.21 | C155: 2196.5 | D155: 2192.95 | E155: 2191.03 | F155: 2207.28 | G155: 2200.2 | H155: 2249.48 | I155: 4047.83 | J155: 4174.24 | K155: 3358 | L155: 3669.03 | M155: 3700.6 | N155: 3699.53 | O155: 3630.67 | P155: 3633.38 | Q155: 3830.61 | R155: 3781.57 | S155: 3693.54 | T155: 3568.01 | U155: 3418.31 | V155: 3356.46 | W155: 3339.73 | X155: 2966.33 | Y155: 3307.94
A156: 8 | B156: 2147.37 | C156: 1889.54 | D156: 1717.45 | E156: 1635.57 | F156: 1526.55 | G156: 1757.57 | H156: 1867.12 | I156: 2294.88 | J156: 2662.2 | K156: 3042.42 | L156: 3215.89 | M156: 3318.77 | N156: 3345.32 | O156: 3415.75 | P156: 3452.16 | Q156: 3541.49 | R156: 3582.71 | S156: 3532.06 | T156: 3401.58 | U156: 3349.2 | V156: 3306.1 | W156: 3197.82 | X156: 2745.48 | Y156: 2382.34
A157: 9 | B157: 2276.47 | C157: 1905.89 | D157: 1854.78 | E157: 1819.49 | F157: 1830.7 | G157: 1841.3 | H157: 1778.88 | I157: 2086.78 | J157: 2478.5 | K157: 2830.2 | L157: 3094.48 | M157: 3109.24 | N157: 3189.41 | O157: 3246.9 | P157: 3268.61 | Q157: 3284.55 | R157: 3363.07 | S157: 3336.14 | T157: 3324.82 | U157: 3287.18 | V157: 3251.43 | W157: 3002.51 | X157: 2611.37 | Y157: 2288.36
A158: 10 | B158: 2123.22 | C158: 1919.54 | D158: 1821.81 | E158: 1806.63 | F158: 1786.89 | G158: 1815.57 | H158: 2136.59 | I158: 4668.33 | J158: 4744.99 | K158: 4790.21 | L158: 4797.62 | M158: 4805.29 | N158: 4260.67 | O158: 4808.42 | P158: 4805.79 | Q158: 3584.95 | R158: 3415.99 | S158: 3929.16 | T158: 3342.99 | U158: 3282.04 | V158: 3165.1 | W158: 3148.41 | X158: 2643.62 | Y158: 2315.39
A159: 11 | B159: 2195.29 | C159: 1078.98 | D159: 1069.03 | E159: 1059.36 | F159: 1054.19 | G159: 1049.65 | H159: 2204.82 | I159: 4005.87 | J159: 4718.64 | K159: 3050 | L159: 3311.34 | M159: 3356.58 | N159: 3347.11 | O159: 3424.63 | P159: 3445.67 | Q159: 3469.49 | R159: 3456.65 | S159: 3404.51 | T159: 3349.55 | U159: 3306.63 | V159: 3281.07 | W159: 3052.55 | X159: 2596.4 | Y159: 2279.45
A160: 12 | B160: 1984.75 | C160: 1719.28 | D160: 1249.4 | E160: 720.72 | F160: 718.82 | G160: 1160.82 | H160: 2394.98 | I160: 4580.78 | J160: 3061.96 | K160: 3400.78 | L160: 3525.14 | M160: 3692.3 | N160: 3689.19 | O160: 3636.83 | P160: 3667.83 | Q160: 3669.09 | R160: 3657.08 | S160: 3640.36 | T160: 3553.61 | U160: 3453.59 | V160: 3403.3 | W160: 3329.41 | X160: 2942.13 | Y160: 2487.24
... A179: 31 | B179: 2332.53 | C179: 2201.92 | D179: 2299.86 | E179: 2297.34 | F179: 2298.58 | G179: 2306.65 | H179: 2458.74 | I179: 3922.7 | J179: 4560.81 | K179: 4704.16 | L179: 4564.07 | M179: 4556.81 | N179: 4555.62 | O179: 4555.87 | P179: 4672.66 | Q179: 4681.62 | R179: 4558.47 | S179: 4561.55 | T179: 4561.2 | U179: 4559.18 | V179: 3372.26 | W179: 3338.15 | X179: 3019.91 | Y179: 2674.69
A181: Дата | B181: Ставка для фактических почасовых объемов покупки электрической энергии, отпущенных на уровне напряжения СН I
B182: 0:00 - 1:00 | C182: 1:00 - 2:00 | D182: 2:00 - 3:00 | E182: 3:00 - 4:00 | F182: 4:00 - 5:00 | G182: 5:00 - 6:00 | H182: 6:00 - 7:00 | I182: 7:00 - 8:00 | J182: 8:00 - 9:00 | K182: 9:00 - 10:00 | L182: 10:00 - 11:00 | M182: 11:00 - 12:00 | N182: 12:00 - 13:00 | O182: 13:00 - 14:00 | P182: 14:00 - 15:00 | Q182: 15:00 - 16:00 | R182: 16:00 - 17:00 | S182: 17:00 - 18:00 | T182: 18:00 - 19:00 | U182: 19:00 - 20:00 | V182: 20:00 - 21:00 | W182: 21:00 - 22:00 | X182: 22:00 - 23:00 | Y182: 23:00 - 24:00
A183: 1 | B183: 2400.85 | C183: 2166.35 | D183: 2135.2 | E183: 2088.77 | F183: 2018.63 | G183: 2094.19 | H183: 2106.7 | I183: 2223.09 | J183: 2845.86 | K183: 3047.91 | L183: 3222.8 | M183: 3423.32 | N183: 3451.45 | O183: 3363.57 | P183: 3445.09 | Q183: 3676.57 | R183: 3705.96 | S183: 3687.97 | T183: 3523 | U183: 3475.17 | V183: 3487.23 | W183: 3442.39 | X183: 3114.49 | Y183: 2809.81
A184: 2 | B184: 2217.04 | C184: 2021.73 | D184: 1983.87 | E184: 1935.1 | F184: 1943.04 | G184: 1932.42 | H184: 1934.93 | I184: 2034.11 | J184: 2588.48 | K184: 2882.09 | L184: 3136.72 | M184: 3278.74 | N184: 3345.4 | O184: 3420.02 | P184: 3475.59 | Q184: 3568.24 | R184: 3661.82 | S184: 3660.47 | T184: 3549.45 | U184: 3565.76 | V184: 3548.34 | W184: 3494.45 | X184: 3215.52 | Y184: 2826.78
A185: 3 | B185: 2058.79 | C185: 1707.16 | D185: 1692.73 | E185: 1682.38 | F185: 1648.07 | G185: 1683.09 | H185: 1704.5 | I185: 2253.57 | J185: 2783.3 | K185: 3097.95 | L185: 3371.62 | M185: 3465.93 | N185: 3445.92 | O185: 3569.62 | P185: 3608.84 | Q185: 3633.35 | R185: 3610.3 | S185: 3519.16 | T185: 3288.89 | U185: 3290.05 | V185: 3217.4 | W185: 2918.35 | X185: 2523.66 | Y185: 2115.15
A186: 4 | B186: 1860.86 | C186: 1327.19 | D186: 1309.29 | E186: 1294.2 | F186: 1280.33 | G186: 1284.33 | H186: 1312.98 | I186: 2399.63 | J186: 2812.72 | K186: 3318.34 | L186: 3507.82 | M186: 3511.77 | N186: 3499.37 | O186: 3599.43 | P186: 3615.79 | Q186: 3698.84 | R186: 3638.46 | S186: 3534.18 | T186: 3496.14 | U186: 3354.41 | V186: 3328.21 | W186: 3169.62 | X186: 2726.85 | Y186: 2221.95
A187: 5 | B187: 2252.51 | C187: 2195.53 | D187: 1509.74 | E187: 1481.93 | F187: 1455.69 | G187: 1791.52 | H187: 2391.11 | I187: 4776.02 | J187: 3363.37 | K187: 4353.05 | L187: 4434.77 | M187: 4381.53 | N187: 4388.33 | O187: 4989.2 | P187: 4992.81 | Q187: 5010.15 | R187: 4433.5 | S187: 3633.18 | T187: 3541.4 | U187: 3411.94 | V187: 3307.69 | W187: 3905.7 | X187: 4856.12 | Y187: 4773.37
A188: 6 | B188: 1748.99 | C188: 1062.42 | D188: 1050.44 | E188: 1041.29 | F188: 1028.44 | G188: 1045.08 | H188: 1061.97 | I188: 2195.23 | J188: 2961.32 | K188: 3369.24 | L188: 3515.12 | M188: 3608.03 | N188: 3582.05 | O188: 3681.04 | P188: 3720.7 | Q188: 3705.44 | R188: 3717.49 | S188: 3610.13 | T188: 3403.53 | U188: 3347.9 | V188: 3345.8 | W188: 3247.27 | X188: 2755.41 | Y188: 2231.99
A189: 7 | B189: 2260.93 | C189: 2356.22 | D189: 2352.67 | E189: 2350.75 | F189: 2367 | G189: 2359.92 | H189: 2409.2 | I189: 4207.55 | J189: 4333.96 | K189: 3517.72 | L189: 3828.75 | M189: 3860.32 | N189: 3859.25 | O189: 3790.39 | P189: 3793.1 | Q189: 3990.33 | R189: 3941.29 | S189: 3853.26 | T189: 3727.73 | U189: 3578.03 | V189: 3516.18 | W189: 3499.45 | X189: 3126.05 | Y189: 3467.66
A190: 8 | B190: 2307.09 | C190: 2049.26 | D190: 1877.17 | E190: 1795.29 | F190: 1686.27 | G190: 1917.29 | H190: 2026.84 | I190: 2454.6 | J190: 2821.92 | K190: 3202.14 | L190: 3375.61 | M190: 3478.49 | N190: 3505.04 | O190: 3575.47 | P190: 3611.88 | Q190: 3701.21 | R190: 3742.43 | S190: 3691.78 | T190: 3561.3 | U190: 3508.92 | V190: 3465.82 | W190: 3357.54 | X190: 2905.2 | Y190: 2542.06
A191: 9 | B191: 2436.19 | C191: 2065.61 | D191: 2014.5 | E191: 1979.21 | F191: 1990.42 | G191: 2001.02 | H191: 1938.6 | I191: 2246.5 | J191: 2638.22 | K191: 2989.92 | L191: 3254.2 | M191: 3268.96 | N191: 3349.13 | O191: 3406.62 | P191: 3428.33 | Q191: 3444.27 | R191: 3522.79 | S191: 3495.86 | T191: 3484.54 | U191: 3446.9 | V191: 3411.15 | W191: 3162.23 | X191: 2771.09 | Y191: 2448.08
A192: 10 | B192: 2282.94 | C192: 2079.26 | D192: 1981.53 | E192: 1966.35 | F192: 1946.61 | G192: 1975.29 | H192: 2296.31 | I192: 4828.05 | J192: 4904.71 | K192: 4949.93 | L192: 4957.34 | M192: 4965.01 | N192: 4420.39 | O192: 4968.14 | P192: 4965.51 | Q192: 3744.67 | R192: 3575.71 | S192: 4088.88 | T192: 3502.71 | U192: 3441.76 | V192: 3324.82 | W192: 3308.13 | X192: 2803.34 | Y192: 2475.11
A193: 11 | B193: 2355.01 | C193: 1238.7 | D193: 1228.75 | E193: 1219.08 | F193: 1213.91 | G193: 1209.37 | H193: 2364.54 | I193: 4165.59 | J193: 4878.36 | K193: 3209.72 | L193: 3471.06 | M193: 3516.3 | N193: 3506.83 | O193: 3584.35 | P193: 3605.39 | Q193: 3629.21 | R193: 3616.37 | S193: 3564.23 | T193: 3509.27 | U193: 3466.35 | V193: 3440.79 | W193: 3212.27 | X193: 2756.12 | Y193: 2439.17
A194: 12 | B194: 2144.47 | C194: 1879 | D194: 1409.12 | E194: 880.44 | F194: 878.54 | G194: 1320.54 | H194: 2554.7 | I194: 4740.5 | J194: 3221.68 | K194: 3560.5 | L194: 3684.86 | M194: 3852.02 | N194: 3848.91 | O194: 3796.55 | P194: 3827.55 | Q194: 3828.81 | R194: 3816.8 | S194: 3800.08 | T194: 3713.33 | U194: 3613.31 | V194: 3563.02 | W194: 3489.13 | X194: 3101.85 | Y194: 2646.96
... A213: 31 | B213: 2492.25 | C213: 2361.64 | D213: 2459.58 | E213: 2457.06 | F213: 2458.3 | G213: 2466.37 | H213: 2618.46 | I213: 4082.42 | J213: 4720.53 | K213: 4863.88 | L213: 4723.79 | M213: 4716.53 | N213: 4715.34 | O213: 4715.59 | P213: 4832.38 | Q213: 4841.34 | R213: 4718.19 | S213: 4721.27 | T213: 4720.92 | U213: 4718.9 | V213: 3531.98 | W213: 3497.87 | X213: 3179.63 | Y213: 2834.41
A215: Дата | B215: Ставка для фактических почасовых объемов покупки электрической энергии, отпущенных на уровне напряжения СН II
B216: 0:00 - 1:00 | C216: 1:00 - 2:00 | D216: 2:00 - 3:00 | E216: 3:00 - 4:00 | F216: 4:00 - 5:00 | G216: 5:00 - 6:00 | H216: 6:00 - 7:00 | I216: 7:00 - 8:00 | J216: 8:00 - 9:00 | K216: 9:00 - 10:00 | L216: 10:00 - 11:00 | M216: 11:00 - 12:00 | N216: 12:00 - 13:00 | O216: 13:00 - 14:00 | P216: 14:00 - 15:00 | Q216: 15:00 - 16:00 | R216: 16:00 - 17:00 | S216: 17:00 - 18:00 | T216: 18:00 - 19:00 | U216: 19:00 - 20:00 | V216: 20:00 - 21:00 | W216: 21:00 - 22:00 | X216: 22:00 - 23:00 | Y216: 23:00 - 24:00
...

Sheet 5ЦК
I1: Предельные уровни нерегулируемых цен на электрическую энергию (мощность), поставляемую потребителям (покупателям)
I2: Публичного акционерного общества "Рязанская энергетическая сбытовая компания" (ПАО "РЭСК")
I3: ='1ЦК'!B3 -> АВГУСТ 2026г.
I5: V. Пятая ценовая категория
B6: (для объемов покупки электрической энергии (мощности), в отношении которых за расчетный период осуществляются почасовое планирование и учет, а стоимость услуг по передаче электрической энергии определяется по тарифу на услуги по передаче электрической энергии в одноставочном выражении)
A8: 1. Ставка за электрическую энергию конечных нерегулируемых цен (рублей/ МВт·ч, без НДС)
A9: 1.1. Для потребителей с максимальной мощностью энергопринимающих устройств менее 670 кВт
A10: Дата | B10: Ставка для фактических почасовых объемов покупки электрической энергии, отпущенных на уровне напряжения ВН
B11: 0:00 - 1:00 | C11: 1:00 - 2:00 | D11: 2:00 - 3:00 | E11: 3:00 - 4:00 | F11: 4:00 - 5:00 | G11: 5:00 - 6:00 | H11: 6:00 - 7:00 | I11: 7:00 - 8:00 | J11: 8:00 - 9:00 | K11: 9:00 - 10:00 | L11: 10:00 - 11:00 | M11: 11:00 - 12:00 | N11: 12:00 - 13:00 | O11: 13:00 - 14:00 | P11: 14:00 - 15:00 | Q11: 15:00 - 16:00 | R11: 16:00 - 17:00 | S11: 17:00 - 18:00 | T11: 18:00 - 19:00 | U11: 19:00 - 20:00 | V11: 20:00 - 21:00 | W11: 21:00 - 22:00 | X11: 22:00 - 23:00 | Y11: 23:00 - 24:00
A12: 1 | B12: 5075.8 | C12: 4841.3 | D12: 4810.15 | E12: 4763.72 | F12: 4693.58 | G12: 4769.14 | H12: 4781.65 | I12: 4898.04 | J12: 5520.81 | K12: 5722.86 | L12: 5897.75 | M12: 6098.27 | N12: 6126.4 | O12: 6038.52 | P12: 6120.04 | Q12: 6351.52 | R12: 6380.91 | S12: 6362.92 | T12: 6197.95 | U12: 6150.12 | V12: 6162.18 | W12: 6117.34 | X12: 5789.44 | Y12: 5484.76
A13: 2 | B13: 4891.99 | C13: 4696.68 | D13: 4658.82 | E13: 4610.05 | F13: 4617.99 | G13: 4607.37 | H13: 4609.88 | I13: 4709.06 | J13: 5263.43 | K13: 5557.04 | L13: 5811.67 | M13: 5953.69 | N13: 6020.35 | O13: 6094.97 | P13: 6150.54 | Q13: 6243.19 | R13: 6336.77 | S13: 6335.42 | T13: 6224.4 | U13: 6240.71 | V13: 6223.29 | W13: 6169.4 | X13: 5890.47 | Y13: 5501.73
A14: 3 | B14: 4733.74 | C14: 4382.11 | D14: 4367.68 | E14: 4357.33 | F14: 4323.02 | G14: 4358.04 | H14: 4379.45 | I14: 4928.52 | J14: 5458.25 | K14: 5772.9 | L14: 6046.57 | M14: 6140.88 | N14: 6120.87 | O14: 6244.57 | P14: 6283.79 | Q14: 6308.3 | R14: 6285.25 | S14: 6194.11 | T14: 5963.84 | U14: 5965 | V14: 5892.35 | W14: 5593.3 | X14: 5198.61 | Y14: 4790.1
A15: 4 | B15: 4535.81 | C15: 4002.14 | D15: 3984.24 | E15: 3969.15 | F15: 3955.28 | G15: 3959.28 | H15: 3987.93 | I15: 5074.58 | J15: 5487.67 | K15: 5993.29 | L15: 6182.77 | M15: 6186.72 | N15: 6174.32 | O15: 6274.38 | P15: 6290.74 | Q15: 6373.79 | R15: 6313.41 | S15: 6209.13 | T15: 6171.09 | U15: 6029.36 | V15: 6003.16 | W15: 5844.57 | X15: 5401.8 | Y15: 4896.9
A16: 5 | B16: 4927.46 | C16: 4870.48 | D16: 4184.69 | E16: 4156.88 | F16: 4130.64 | G16: 4466.47 | H16: 5066.06 | I16: 7450.97 | J16: 6038.32 | K16: 7028 | L16: 7109.72 | M16: 7056.48 | N16: 7063.28 | O16: 7664.15 | P16: 7667.76 | Q16: 7685.1 | R16: 7108.45 | S16: 6308.13 | T16: 6216.35 | U16: 6086.89 | V16: 5982.64 | W16: 6580.65 | X16: 7531.07 | Y16: 7448.32
A17: 6 | B17: 4423.94 | C17: 3737.37 | D17: 3725.39 | E17: 3716.24 | F17: 3703.39 | G17: 3720.03 | H17: 3736.92 | I17: 4870.18 | J17: 5636.27 | K17: 6044.19 | L17: 6190.07 | M17: 6282.98 | N17: 6257 | O17: 6355.99 | P17: 6395.65 | Q17: 6380.39 | R17: 6392.44 | S17: 6285.08 | T17: 6078.48 | U17: 6022.85 | V17: 6020.75 | W17: 5922.22 | X17: 5430.36 | Y17: 4906.94
A18: 7 | B18: 4935.88 | C18: 5031.17 | D18: 5027.62 | E18: 5025.7 | F18: 5041.95 | G18: 5034.87 | H18: 5084.15 | I18: 6882.5 | J18: 7008.91 | K18: 6192.67 | L18: 6503.7 | M18: 6535.27 | N18: 6534.2 | O18: 6465.34 | P18: 6468.05 | Q18: 6665.28 | R18: 6616.24 | S18: 6528.21 | T18: 6402.68 | U18: 6252.98 | V18: 6191.13 | W18: 6174.4 | X18: 5801 | Y18: 6142.61
A19: 8 | B19: 4982.04 | C19: 4724.21 | D19: 4552.12 | E19: 4470.24 | F19: 4361.22 | G19: 4592.24 | H19: 4701.79 | I19: 5129.55 | J19: 5496.87 | K19: 5877.09 | L19: 6050.56 | M19: 6153.44 | N19: 6179.99 | O19: 6250.42 | P19: 6286.83 | Q19: 6376.16 | R19: 6417.38 | S19: 6366.73 | T19: 6236.25 | U19: 6183.87 | V19: 6140.77 | W19: 6032.49 | X19: 5580.15 | Y19: 5217.01
A20: 9 | B20: 5111.14 | C20: 4740.56 | D20: 4689.45 | E20: 4654.16 | F20: 4665.37 | G20: 4675.97 | H20: 4613.55 | I20: 4921.45 | J20: 5313.17 | K20: 5664.87 | L20: 5929.15 | M20: 5943.91 | N20: 6024.08 | O20: 6081.57 | P20: 6103.28 | Q20: 6119.22 | R20: 6197.74 | S20: 6170.81 | T20: 6159.49 | U20: 6121.85 | V20: 6086.1 | W20: 5837.18 | X20: 5446.04 | Y20: 5123.03
A21: 10 | B21: 4957.89 | C21: 4754.21 | D21: 4656.48 | E21: 4641.3 | F21: 4621.56 | G21: 4650.24 | H21: 4971.26 | I21: 7503 | J21: 7579.66 | K21: 7624.88 | L21: 7632.29 | M21: 7639.96 | N21: 7095.34 | O21: 7643.09 | P21: 7640.46 | Q21: 6419.62 | R21: 6250.66 | S21: 6763.83 | T21: 6177.66 | U21: 6116.71 | V21: 5999.77 | W21: 5983.08 | X21: 5478.29 | Y21: 5150.06
A22: 11 | B22: 5029.96 | C22: 3913.65 | D22: 3903.7 | E22: 3894.03 | F22: 3888.86 | G22: 3884.32 | H22: 5039.49 | I22: 6840.54 | J22: 7553.31 | K22: 5884.67 | L22: 6146.01 | M22: 6191.25 | N22: 6181.78 | O22: 6259.3 | P22: 6280.34 | Q22: 6304.16 | R22: 6291.32 | S22: 6239.18 | T22: 6184.22 | U22: 6141.3 | V22: 6115.74 | W22: 5887.22 | X22: 5431.07 | Y22: 5114.12
A23: 12 | B23: 4819.42 | C23: 4553.95 | D23: 4084.07 | E23: 3555.39 | F23: 3553.49 | G23: 3995.49 | H23: 5229.65 | I23: 7415.45 | J23: 5896.63 | K23: 6235.45 | L23: 6359.81 | M23: 6526.97 | N23: 6523.86 | O23: 6471.5 | P23: 6502.5 | Q23: 6503.76 | R23: 6491.75 | S23: 6475.03 | T23: 6388.28 | U23: 6288.26 | V23: 6237.97 | W23: 6164.08 | X23: 5776.8 | Y23: 5321.91
... A42: 31 | B42: 5167.2 | C42: 5036.59 | D42: 5134.53 | E42: 5132.01 | F42: 5133.25 | G42: 5141.32 | H42: 5293.41 | I42: 6757.37 | J42: 7395.48 | K42: 7538.83 | L42: 7398.74 | M42: 7391.48 | N42: 7390.29 | O42: 7390.54 | P42: 7507.33 | Q42: 7516.29 | R42: 7393.14 | S42: 7396.22 | T42: 7395.87 | U42: 7393.85 | V42: 6206.93 | W42: 6172.82 | X42: 5854.58 | Y42: 5509.36
A44: Дата | B44: Ставка для фактических почасовых объемов покупки электрической энергии, отпущенных на уровне напряжения СН I
B45: 0:00 - 1:00 | C45: 1:00 - 2:00 | D45: 2:00 - 3:00 | E45: 3:00 - 4:00 | F45: 4:00 - 5:00 | G45: 5:00 - 6:00 | H45: 6:00 - 7:00 | I45: 7:00 - 8:00 | J45: 8:00 - 9:00 | K45: 9:00 - 10:00 | L45: 10:00 - 11:00 | M45: 11:00 - 12:00 | N45: 12:00 - 13:00 | O45: 13:00 - 14:00 | P45: 14:00 - 15:00 | Q45: 15:00 - 16:00 | R45: 16:00 - 17:00 | S45: 17:00 - 18:00 | T45: 18:00 - 19:00 | U45: 19:00 - 20:00 | V45: 20:00 - 21:00 | W45: 21:00 - 22:00 | X45: 22:00 - 23:00 | Y45: 23:00 - 24:00
A46: 1 | B46: 6478.23 | C46: 6243.73 | D46: 6212.58 | E46: 6166.15 | F46: 6096.01 | G46: 6171.57 | H46: 6184.08 | I46: 6300.47 | J46: 6923.24 | K46: 7125.29 | L46: 7300.18 | M46: 7500.7 | N46: 7528.83 | O46: 7440.95 | P46: 7522.47 | Q46: 7753.95 | R46: 7783.34 | S46: 7765.35 | T46: 7600.38 | U46: 7552.55 | V46: 7564.61 | W46: 7519.77 | X46: 7191.87 | Y46: 6887.19
A47: 2 | B47: 6294.42 | C47: 6099.11 | D47: 6061.25 | E47: 6012.48 | F47: 6020.42 | G47: 6009.8 | H47: 6012.31 | I47: 6111.49 | J47: 6665.86 | K47: 6959.47 | L47: 7214.1 | M47: 7356.12 | N47: 7422.78 | O47: 7497.4 | P47: 7552.97 | Q47: 7645.62 | R47: 7739.2 | S47: 7737.85 | T47: 7626.83 | U47: 7643.14 | V47: 7625.72 | W47: 7571.83 | X47: 7292.9 | Y47: 6904.16
A48: 3 | B48: 6136.17 | C48: 5784.54 | D48: 5770.11 | E48: 5759.76 | F48: 5725.45 | G48: 5760.47 | H48: 5781.88 | I48: 6330.95 | J48: 6860.68 | K48: 7175.33 | L48: 7449 | M48: 7543.31 | N48: 7523.3 | O48: 7647 | P48: 7686.22 | Q48: 7710.73 | R48: 7687.68 | S48: 7596.54 | T48: 7366.27 | U48: 7367.43 | V48: 7294.78 | W48: 6995.73 | X48: 6601.04 | Y48: 6192.53
A49: 4 | B49: 5938.24 | C49: 5404.57 | D49: 5386.67 | E49: 5371.58 | F49: 5357.71 | G49: 5361.71 | H49: 5390.36 | I49: 6477.01 | J49: 6890.1 | K49: 7395.72 | L49: 7585.2 | M49: 7589.15 | N49: 7576.75 | O49: 7676.81 | P49: 7693.17 | Q49: 7776.22 | R49: 7715.84 | S49: 7611.56 | T49: 7573.52 | U49: 7431.79 | V49: 7405.59 | W49: 7247 | X49: 6804.23 | Y49: 6299.33
A50: 5 | B50: 6329.89 | C50: 6272.91 | D50: 5587.12 | E50: 5559.31 | F50: 5533.07 | G50: 5868.9 | H50: 6468.49 | I50: 8853.4 | J50: 7440.75 | K50: 8430.43 | L50: 8512.15 | M50: 8458.91 | N50: 8465.71 | O50: 9066.58 | P50: 9070.19 | Q50: 9087.53 | R50: 8510.88 | S50: 7710.56 | T50: 7618.78 | U50: 7489.32 | V50: 7385.07 | W50: 7983.08 | X50: 8933.5 | Y50: 8850.75
A51: 6 | B51: 5826.37 | C51: 5139.8 | D51: 5127.82 | E51: 5118.67 | F51: 5105.82 | G51: 5122.46 | H51: 5139.35 | I51: 6272.61 | J51: 7038.7 | K51: 7446.62 | L51: 7592.5 | M51: 7685.41 | N51: 7659.43 | O51: 7758.42 | P51: 7798.08 | Q51: 7782.82 | R51: 7794.87 | S51: 7687.51 | T51: 7480.91 | U51: 7425.28 | V51: 7423.18 | W51: 7324.65 | X51: 6832.79 | Y51: 6309.37
A52: 7 | B52: 6338.31 | C52: 6433.6 | D52: 6430.05 | E52: 6428.13 | F52: 6444.38 | G52: 6437.3 | H52: 6486.58 | I52: 8284.93 | J52: 8411.34 | K52: 7595.1 | L52: 7906.13 | M52: 7937.7 | N52: 7936.63 | O52: 7867.77 | P52: 7870.48 | Q52: 8067.71 | R52: 8018.67 | S52: 7930.64 | T52: 7805.11 | U52: 7655.41 | V52: 7593.56 | W52: 7576.83 | X52: 7203.43 | Y52: 7545.04
A53: 8 | B53: 6384.47 | C53: 6126.64 | D53: 5954.55 | E53: 5872.67 | F53: 5763.65 | G53: 5994.67 | H53: 6104.22 | I53: 6531.98 | J53: 6899.3 | K53: 7279.52 | L53: 7452.99 | M53: 7555.87 | N53: 7582.42 | O53: 7652.85 | P53: 7689.26 | Q53: 7778.59 | R53: 7819.81 | S53: 7769.16 | T53: 7638.68 | U53: 7586.3 | V53: 7543.2 | W53: 7434.92 | X53: 6982.58 | Y53: 6619.44
A54: 9 | B54: 6513.57 | C54: 6142.99 | D54: 6091.88 | E54: 6056.59 | F54: 6067.8 | G54: 6078.4 | H54: 6015.98 | I54: 6323.88 | J54: 6715.6 | K54: 7067.3 | L54: 7331.58 | M54: 7346.34 | N54: 7426.51 | O54: 7484 | P54: 7505.71 | Q54: 7521.65 | R54: 7600.17 | S54: 7573.24 | T54: 7561.92 | U54: 7524.28 | V54: 7488.53 | W54: 7239.61 | X54: 6848.47 | Y54: 6525.46
A55: 10 | B55: 6360.32 | C55: 6156.64 | D55: 6058.91 | E55: 6043.73 | F55: 6023.99 | G55: 6052.67 | H55: 6373.69 | I55: 8905.43 | J55: 8982.09 | K55: 9027.31 | L55: 9034.72 | M55: 9042.39 | N55: 8497.77 | O55: 9045.52 | P55: 9042.89 | Q55: 7822.05 | R55: 7653.09 | S55: 8166.26 | T55: 7580.09 | U55: 7519.14 | V55: 7402.2 | W55: 7385.51 | X55: 6880.72 | Y55: 6552.49
A56: 11 | B56: 6432.39 | C56: 5316.08 | D56: 5306.13 | E56: 5296.46 | F56: 5291.29 | G56: 5286.75 | H56: 6441.92 | I56: 8242.97 | J56: 8955.74 | K56: 7287.1 | L56: 7548.44 | M56: 7593.68 | N56: 7584.21 | O56: 7661.73 | P56: 7682.77 | Q56: 7706.59 | R56: 7693.75 | S56: 7641.61 | T56: 7586.65 | U56: 7543.73 | V56: 7518.17 | W56: 7289.65 | X56: 6833.5 | Y56: 6516.55
A57: 12 | B57: 6221.85 | C57: 5956.38 | D57: 5486.5 | E57: 4957.82 | F57: 4955.92 | G57: 5397.92 | H57: 6632.08 | I57: 8817.88 | J57: 7299.06 | K57: 7637.88 | L57: 7762.24 | M57: 7929.4 | N57: 7926.29 | O57: 7873.93 | P57: 7904.93 | Q57: 7906.19 | R57: 7894.18 | S57: 7877.46 | T57: 7790.71 | U57: 7690.69 | V57: 7640.4 | W57: 7566.51 | X57: 7179.23 | Y57: 6724.34
... A76: 31 | B76: 6569.63 | C76: 6439.02 | D76: 6536.96 | E76: 6534.44 | F76: 6535.68 | G76: 6543.75 | H76: 6695.84 | I76: 8159.8 | J76: 8797.91 | K76: 8941.26 | L76: 8801.17 | M76: 8793.91 | N76: 8792.72 | O76: 8792.97 | P76: 8909.76 | Q76: 8918.72 | R76: 8795.57 | S76: 8798.65 | T76: 8798.3 | U76: 8796.28 | V76: 7609.36 | W76: 7575.25 | X76: 7257.01 | Y76: 6911.79
A78: Дата | B78: Ставка для фактических почасовых объемов покупки электрической энергии, отпущенных на уровне напряжения СН II
B79: 0:00 - 1:00 | C79: 1:00 - 2:00 | D79: 2:00 - 3:00 | E79: 3:00 - 4:00 | F79: 4:00 - 5:00 | G79: 5:00 - 6:00 | H79: 6:00 - 7:00 | I79: 7:00 - 8:00 | J79: 8:00 - 9:00 | K79: 9:00 - 10:00 | L79: 10:00 - 11:00 | M79: 11:00 - 12:00 | N79: 12:00 - 13:00 | O79: 13:00 - 14:00 | P79: 14:00 - 15:00 | Q79: 15:00 - 16:00 | R79: 16:00 - 17:00 | S79: 17:00 - 18:00 | T79: 18:00 - 19:00 | U79: 19:00 - 20:00 | V79: 20:00 - 21:00 | W79: 21:00 - 22:00 | X79: 22:00 - 23:00 | Y79: 23:00 - 24:00
A80: 1 | B80: 6480.37 | C80: 6245.87 | D80: 6214.72 | E80: 6168.29 | F80: 6098.15 | G80: 6173.71 | H80: 6186.22 | I80: 6302.61 | J80: 6925.38 | K80: 7127.43 | L80: 7302.32 | M80: 7502.84 | N80: 7530.97 | O80: 7443.09 | P80: 7524.61 | Q80: 7756.09 | R80: 7785.48 | S80: 7767.49 | T80: 7602.52 | U80: 7554.69 | V80: 7566.75 | W80: 7521.91 | X80: 7194.01 | Y80: 6889.33
A81: 2 | B81: 6296.56 | C81: 6101.25 | D81: 6063.39 | E81: 6014.62 | F81: 6022.56 | G81: 6011.94 | H81: 6014.45 | I81: 6113.63 | J81: 6668 | K81: 6961.61 | L81: 7216.24 | M81: 7358.26 | N81: 7424.92 | O81: 7499.54 | P81: 7555.11 | Q81: 7647.76 | R81: 7741.34 | S81: 7739.99 | T81: 7628.97 | U81: 7645.28 | V81: 7627.86 | W81: 7573.97 | X81: 7295.04 | Y81: 6906.3
A82: 3 | B82: 6138.31 | C82: 5786.68 | D82: 5772.25 | E82: 5761.9 | F82: 5727.59 | G82: 5762.61 | H82: 5784.02 | I82: 6333.09 | J82: 6862.82 | K82: 7177.47 | L82: 7451.14 | M82: 7545.45 | N82: 7525.44 | O82: 7649.14 | P82: 7688.36 | Q82: 7712.87 | R82: 7689.82 | S82: 7598.68 | T82: 7368.41 | U82: 7369.57 | V82: 7296.92 | W82: 6997.87 | X82: 6603.18 | Y82: 6194.67
A83: 4 | B83: 5940.38 | C83: 5406.71 | D83: 5388.81 | E83: 5373.72 | F83: 5359.85 | G83: 5363.85 | H83: 5392.5 | I83: 6479.15 | J83: 6892.24 | K83: 7397.86 | L83: 7587.34 | M83: 7591.29 | N83: 7578.89 | O83: 7678.95 | P83: 7695.31 | Q83: 7778.36 | R83: 7717.98 | S83: 7613.7 | T83: 7575.66 | U83: 7433.93 | V83: 7407.73 | W83: 7249.14 | X83: 6806.37 | Y83: 6301.47
A84: 5 | B84: 6332.03 | C84: 6275.05 | D84: 5589.26 | E84: 5561.45 | F84: 5535.21 | G84: 5871.04 | H84: 6470.63 | I84: 8855.54 | J84: 7442.89 | K84: 8432.57 | L84: 8514.29 | M84: 8461.05 | N84: 8467.85 | O84: 9068.72 | P84: 9072.33 | Q84: 9089.67 | R84: 8513.02 | S84: 7712.7 | T84: 7620.92 | U84: 7491.46 | V84: 7387.21 | W84: 7985.22 | X84: 8935.64 | Y84: 8852.89
A85: 6 | B85: 5828.51 | C85: 5141.94 | D85: 5129.96 | E85: 5120.81 | F85: 5107.96 | G85: 5124.6 | H85: 5141.49 | I85: 6274.75 | J85: 7040.84 | K85: 7448.76 | L85: 7594.64 | M85: 7687.55 | N85: 7661.57 | O85: 7760.56 | P85: 7800.22 | Q85: 7784.96 | R85: 7797.01 | S85: 7689.65 | T85: 7483.05 | U85: 7427.42 | V85: 7425.32 | W85: 7326.79 | X85: 6834.93 | Y85: 6311.51
A86: 7 | B86: 6340.45 | C86: 6435.74 | D86: 6432.19 | E86: 6430.27 | F86: 6446.52 | G86: 6439.44 | H86: 6488.72 | I86: 8287.07 | J86: 8413.48 | K86: 7597.24 | L86: 7908.27 | M86: 7939.84 | N86: 7938.77 | O86: 7869.91 | P86: 7872.62 | Q86: 8069.85 | R86: 8020.81 | S86: 7932.78 | T86: 7807.25 | U86: 7657.55 | V86: 7595.7 | W86: 7578.97 | X86: 7205.57 | Y86: 7547.18
A87: 8 | B87: 6386.61 | C87: 6128.78 | D87: 5956.69 | E87: 5874.81 | F87: 5765.79 | G87: 5996.81 | H87: 6106.36 | I87: 6534.12 | J87: 6901.44 | K87: 7281.66 | L87: 7455.13 | M87: 7558.01 | N87: 7584.56 | O87: 7654.99 | P87: 7691.4 | Q87: 7780.73 | R87: 7821.95 | S87: 7771.3 | T87: 7640.82 | U87: 7588.44 | V87: 7545.34 | W87: 7437.06 | X87: 6984.72 | Y87: 6621.58
A88: 9 | B88: 6515.71 | C88: 6145.13 | D88: 6094.02 | E88: 6058.73 | F88: 6069.94 | G88: 6080.54 | H88: 6018.12 | I88: 6326.02 | J88: 6717.74 | K88: 7069.44 | L88: 7333.72 | M88: 7348.48 | N88: 7428.65 | O88: 7486.14 | P88: 7507.85 | Q88: 7523.79 | R88: 7602.31 | S88: 7575.38 | T88: 7564.06 | U88: 7526.42 | V88: 7490.67 | W88: 7241.75 | X88: 6850.61 | Y88: 6527.6
A89: 10 | B89: 6362.46 | C89: 6158.78 | D89: 6061.05 | E89: 6045.87 | F89: 6026.13 | G89: 6054.81 | H89: 6375.83 | I89: 8907.57 | J89: 8984.23 | K89: 9029.45 | L89: 9036.86 | M89: 9044.53 | N89: 8499.91 | O89: 9047.66 | P89: 9045.03 | Q89: 7824.19 | R89: 7655.23 | S89: 8168.4 | T89: 7582.23 | U89: 7521.28 | V89: 7404.34 | W89: 7387.65 | X89: 6882.86 | Y89: 6554.63
A90: 11 | B90: 6434.53 | C90: 5318.22 | D90: 5308.27 | E90: 5298.6 | F90: 5293.43 | G90: 5288.89 | H90: 6444.06 | I90: 8245.11 | J90: 8957.88 | K90: 7289.24 | L90: 7550.58 | M90: 7595.82 | N90: 7586.35 | O90: 7663.87 | P90: 7684.91 | Q90: 7708.73 | R90: 7695.89 | S90: 7643.75 | T90: 7588.79 | U90: 7545.87 | V90: 7520.31 | W90: 7291.79 | X90: 6835.64 | Y90: 6518.69
A91: 12 | B91: 6223.99 | C91: 5958.52 | D91: 5488.64 | E91: 4959.96 | F91: 4958.06 | G91: 5400.06 | H91: 6634.22 | I91: 8820.02 | J91: 7301.2 | K91: 7640.02 | L91: 7764.38 | M91: 7931.54 | N91: 7928.43 | O91: 7876.07 | P91: 7907.07 | Q91: 7908.33 | R91: 7896.32 | S91: 7879.6 | T91: 7792.85 | U91: 7692.83 | V91: 7642.54 | W91: 7568.65 | X91: 7181.37 | Y91: 6726.48
... A110: 31 | B110: 6571.77 | C110: 6441.16 | D110: 6539.1 | E110: 6536.58 | F110: 6537.82 | G110: 6545.89 | H110: 6697.98 | I110: 8161.94 | J110: 8800.05 | K110: 8943.4 | L110: 8803.31 | M110: 8796.05 | N110: 8794.86 | O110: 8795.11 | P110: 8911.9 | Q110: 8920.86 | R110: 8797.71 | S110: 8800.79 | T110: 8800.44 | U110: 8798.42 | V110: 7611.5 | W110: 7577.39 | X110: 7259.15 | Y110: 6913.93
A112: Дата | B112: Ставка для фактических почасовых объемов покупки электрической энергии, отпущенных на уровне напряжения НН
B113: 0:00 - 1:00 | C113: 1:00 - 2:00 | D113: 2:00 - 3:00 | E113: 3:00 - 4:00 | F113: 4:00 - 5:00 | G113: 5:00 - 6:00 | H113: 6:00 - 7:00 | I113: 7:00 - 8:00 | J113: 8:00 - 9:00 | K113: 9:00 - 10:00 | L113: 10:00 - 11:00 | M113: 11:00 - 12:00 | N113: 12:00 - 13:00 | O113: 13:00 - 14:00 | P113: 14:00 - 15:00 | Q113: 15:00 - 16:00 | R113: 16:00 - 17:00 | S113: 17:00 - 18:00 | T113: 18:00 - 19:00 | U113: 19:00 - 20:00 | V113: 20:00 - 21:00 | W113: 21:00 - 22:00 | X113: 22:00 - 23:00 | Y113: 23:00 - 24:00
A114: 1 | B114: 7831.31 | C114: 7596.81 | D114: 7565.66 | E114: 7519.23 | F114: 7449.09 | G114: 7524.65 | H114: 7537.16 | I114: 7653.55 | J114: 8276.32 | K114: 8478.37 | L114: 8653.26 | M114: 8853.78 | N114: 8881.91 | O114: 8794.03 | P114: 8875.55 | Q114: 9107.03 | R114: 9136.42 | S114: 9118.43 | T114: 8953.46 | U114: 8905.63 | V114: 8917.69 | W114: 8872.85 | X114: 8544.95 | Y114: 8240.27
A115: 2 | B115: 7647.5 | C115: 7452.19 | D115: 7414.33 | E115: 7365.56 | F115: 7373.5 | G115: 7362.88 | H115: 7365.39 | I115: 7464.57 | J115: 8018.94 | K115: 8312.55 | L115: 8567.18 | M115: 8709.2 | N115: 8775.86 | O115: 8850.48 | P115: 8906.05 | Q115: 8998.7 | R115: 9092.28 | S115: 9090.93 | T115: 8979.91 | U115: 8996.22 | V115: 8978.8 | W115: 8924.91 | X115: 8645.98 | Y115: 8257.24
A116: 3 | B116: 7489.25 | C116: 7137.62 | D116: 7123.19 | E116: 7112.84 | F116: 7078.53 | G116: 7113.55 | H116: 7134.96 | I116: 7684.03 | J116: 8213.76 | K116: 8528.41 | L116: 8802.08 | M116: 8896.39 | N116: 8876.38 | O116: 9000.08 | P116: 9039.3 | Q116: 9063.81 | R116: 9040.76 | S116: 8949.62 | T116: 8719.35 | U116: 8720.51 | V116: 8647.86 | W116: 8348.81 | X116: 7954.12 | Y116: 7545.61
A117: 4 | B117: 7291.32 | C117: 6757.65 | D117: 6739.75 | E117: 6724.66 | F117: 6710.79 | G117: 6714.79 | H117: 6743.44 | I117: 7830.09 | J117: 8243.18 | K117: 8748.8 | L117: 8938.28 | M117: 8942.23 | N117: 8929.83 | O117: 9029.89 | P117: 9046.25 | Q117: 9129.3 | R117: 9068.92 | S117: 8964.64 | T117: 8926.6 | U117: 8784.87 | V117: 8758.67 | W117: 8600.08 | X117: 8157.31 | Y117: 7652.41
A118: 5 | B118: 7682.97 | C118: 7625.99 | D118: 6940.2 | E118: 6912.39 | F118: 6886.15 | G118: 7221.98 | H118: 7821.57 | I118: 10206.48 | J118: 8793.83 | K118: 9783.51 | L118: 9865.23 | M118: 9811.99 | N118: 9818.79 | O118: 10419.66 | P118: 10423.27 | Q118: 10440.61 | R118: 9863.96 | S118: 9063.64 | T118: 8971.86 | U118: 8842.4 | V118: 8738.15 | W118: 9336.16 | X118: 10286.58 | Y118: 10203.83
A119: 6 | B119: 7179.45 | C119: 6492.88 | D119: 6480.9 | E119: 6471.75 | F119: 6458.9 | G119: 6475.54 | H119: 6492.43 | I119: 7625.69 | J119: 8391.78 | K119: 8799.7 | L119: 8945.58 | M119: 9038.49 | N119: 9012.51 | O119: 9111.5 | P119: 9151.16 | Q119: 9135.9 | R119: 9147.95 | S119: 9040.59 | T119: 8833.99 | U119: 8778.36 | V119: 8776.26 | W119: 8677.73 | X119: 8185.87 | Y119: 7662.45
A120: 7 | B120: 7691.39 | C120: 7786.68 | D120: 7783.13 | E120: 7781.21 | F120: 7797.46 | G120: 7790.38 | H120: 7839.66 | I120: 9638.01 | J120: 9764.42 | K120: 8948.18 | L120: 9259.21 | M120: 9290.78 | N120: 9289.71 | O120: 9220.85 | P120: 9223.56 | Q120: 9420.79 | R120: 9371.75 | S120: 9283.72 | T120: 9158.19 | U120: 9008.49 | V120: 8946.64 | W120: 8929.91 | X120: 8556.51 | Y120: 8898.12
A121: 8 | B121: 7737.55 | C121: 7479.72 | D121: 7307.63 | E121: 7225.75 | F121: 7116.73 | G121: 7347.75 | H121: 7457.3 | I121: 7885.06 | J121: 8252.38 | K121: 8632.6 | L121: 8806.07 | M121: 8908.95 | N121: 8935.5 | O121: 9005.93 | P121: 9042.34 | Q121: 9131.67 | R121: 9172.89 | S121: 9122.24 | T121: 8991.76 | U121: 8939.38 | V121: 8896.28 | W121: 8788 | X121: 8335.66 | Y121: 7972.52
A122: 9 | B122: 7866.65 | C122: 7496.07 | D122: 7444.96 | E122: 7409.67 | F122: 7420.88 | G122: 7431.48 | H122: 7369.06 | I122: 7676.96 | J122: 8068.68 | K122: 8420.38 | L122: 8684.66 | M122: 8699.42 | N122: 8779.59 | O122: 8837.08 | P122: 8858.79 | Q122: 8874.73 | R122: 8953.25 | S122: 8926.32 | T122: 8915 | U122: 8877.36 | V122: 8841.61 | W122: 8592.69 | X122: 8201.55 | Y122: 7878.54
A123: 10 | B123: 7713.4 | C123: 7509.72 | D123: 7411.99 | E123: 7396.81 | F123: 7377.07 | G123: 7405.75 | H123: 7726.77 | I123: 10258.51 | J123: 10335.17 | K123: 10380.39 | L123: 10387.8 | M123: 10395.47 | N123: 9850.85 | O123: 10398.6 | P123: 10395.97 | Q123: 9175.13 | R123: 9006.17 | S123: 9519.34 | T123: 8933.17 | U123: 8872.22 | V123: 8755.28 | W123: 8738.59 | X123: 8233.8 | Y123: 7905.57
A124: 11 | B124: 7785.47 | C124: 6669.16 | D124: 6659.21 | E124: 6649.54 | F124: 6644.37 | G124: 6639.83 | H124: 7795 | I124: 9596.05 | J124: 10308.82 | K124: 8640.18 | L124: 8901.52 | M124: 8946.76 | N124: 8937.29 | O124: 9014.81 | P124: 9035.85 | Q124: 9059.67 | R124: 9046.83 | S124: 8994.69 | T124: 8939.73 | U124: 8896.81 | V124: 8871.25 | W124: 8642.73 | X124: 8186.58 | Y124: 7869.63
A125: 12 | B125: 7574.93 | C125: 7309.46 | D125: 6839.58 | E125: 6310.9 | F125: 6309 | G125: 6751 | H125: 7985.16 | I125: 10170.96 | J125: 8652.14 | K125: 8990.96 | L125: 9115.32 | M125: 9282.48 | N125: 9279.37 | O125: 9227.01 | P125: 9258.01 | Q125: 9259.27 | R125: 9247.26 | S125: 9230.54 | T125: 9143.79 | U125: 9043.77 | V125: 8993.48 | W125: 8919.59 | X125: 8532.31 | Y125: 8077.42
... A144: 31 | B144: 7922.71 | C144: 7792.1 | D144: 7890.04 | E144: 7887.52 | F144: 7888.76 | G144: 7896.83 | H144: 8048.92 | I144: 9512.88 | J144: 10150.99 | K144: 10294.34 | L144: 10154.25 | M144: 10146.99 | N144: 10145.8 | O144: 10146.05 | P144: 10262.84 | Q144: 10271.8 | R144: 10148.65 | S144: 10151.73 | T144: 10151.38 | U144: 10149.36 | V144: 8962.44 | W144: 8928.33 | X144: 8610.09 | Y144: 8264.87
A146: 1.2. Для потребителей с максимальной мощностью энергопринимающих устройств от 670 кВт до 10 МВт
A147: Дата | B147: Ставка для фактических почасовых объемов покупки электрической энергии, отпущенных на уровне напряжения ВН
B148: 0:00 - 1:00 | C148: 1:00 - 2:00 | D148: 2:00 - 3:00 | E148: 3:00 - 4:00 | F148: 4:00 - 5:00 | G148: 5:00 - 6:00 | H148: 6:00 - 7:00 | I148: 7:00 - 8:00 | J148: 8:00 - 9:00 | K148: 9:00 - 10:00 | L148: 10:00 - 11:00 | M148: 11:00 - 12:00 | N148: 12:00 - 13:00 | O148: 13:00 - 14:00 | P148: 14:00 - 15:00 | Q148: 15:00 - 16:00 | R148: 16:00 - 17:00 | S148: 17:00 - 18:00 | T148: 18:00 - 19:00 | U148: 19:00 - 20:00 | V148: 20:00 - 21:00 | W148: 21:00 - 22:00 | X148: 22:00 - 23:00 | Y148: 23:00 - 24:00
A149: 1 | B149: 4285.05 | C149: 4050.55 | D149: 4019.4 | E149: 3972.97 | F149: 3902.83 | G149: 3978.39 | H149: 3990.9 | I149: 4107.29 | J149: 4730.06 | K149: 4932.11 | L149: 5107 | M149: 5307.52 | N149: 5335.65 | O149: 5247.77 | P149: 5329.29 | Q149: 5560.77 | R149: 5590.16 | S149: 5572.17 | T149: 5407.2 | U149: 5359.37 | V149: 5371.43 | W149: 5326.59 | X149: 4998.69 | Y149: 4694.01
A150: 2 | B150: 4101.24 | C150: 3905.93 | D150: 3868.07 | E150: 3819.3 | F150: 3827.24 | G150: 3816.62 | H150: 3819.13 | I150: 3918.31 | J150: 4472.68 | K150: 4766.29 | L150: 5020.92 | M150: 5162.94 | N150: 5229.6 | O150: 5304.22 | P150: 5359.79 | Q150: 5452.44 | R150: 5546.02 | S150: 5544.67 | T150: 5433.65 | U150: 5449.96 | V150: 5432.54 | W150: 5378.65 | X150: 5099.72 | Y150: 4710.98
A151: 3 | B151: 3942.99 | C151: 3591.36 | D151: 3576.93 | E151: 3566.58 | F151: 3532.27 | G151: 3567.29 | H151: 3588.7 | I151: 4137.77 | J151: 4667.5 | K151: 4982.15 | L151: 5255.82 | M151: 5350.13 | N151: 5330.12 | O151: 5453.82 | P151: 5493.04 | Q151: 5517.55 | R151: 5494.5 | S151: 5403.36 | T151: 5173.09 | U151: 5174.25 | V151: 5101.6 | W151: 4802.55 | X151: 4407.86 | Y151: 3999.35
A152: 4 | B152: 3745.06 | C152: 3211.39 | D152: 3193.49 | E152: 3178.4 | F152: 3164.53 | G152: 3168.53 | H152: 3197.18 | I152: 4283.83 | J152: 4696.92 | K152: 5202.54 | L152: 5392.02 | M152: 5395.97 | N152: 5383.57 | O152: 5483.63 | P152: 5499.99 | Q152: 5583.04 | R152: 5522.66 | S152: 5418.38 | T152: 5380.34 | U152: 5238.61 | V152: 5212.41 | W152: 5053.82 | X152: 4611.05 | Y152: 4106.15
A153: 5 | B153: 4136.71 | C153: 4079.73 | D153: 3393.94 | E153: 3366.13 | F153: 3339.89 | G153: 3675.72 | H153: 4275.31 | I153: 6660.22 | J153: 5247.57 | K153: 6237.25 | L153: 6318.97 | M153: 6265.73 | N153: 6272.53 | O153: 6873.4 | P153: 6877.01 | Q153: 6894.35 | R153: 6317.7 | S153: 5517.38 | T153: 5425.6 | U153: 5296.14 | V153: 5191.89 | W153: 5789.9 | X153: 6740.32 | Y153: 6657.57
A154: 6 | B154: 3633.19 | C154: 2946.62 | D154: 2934.64 | E154: 2925.49 | F154: 2912.64 | G154: 2929.28 | H154: 2946.17 | I154: 4079.43 | J154: 4845.52 | K154: 5253.44 | L154: 5399.32 | M154: 5492.23 | N154: 5466.25 | O154: 5565.24 | P154: 5604.9 | Q154: 5589.64 | R154: 5601.69 | S154: 5494.33 | T154: 5287.73 | U154: 5232.1 | V154: 5230 | W154: 5131.47 | X154: 4639.61 | Y154: 4116.19
A155: 7 | B155: 4145.13 | C155: 4240.42 | D155: 4236.87 | E155: 4234.95 | F155: 4251.2 | G155: 4244.12 | H155: 4293.4 | I155: 6091.75 | J155: 6218.16 | K155: 5401.92 | L155: 5712.95 | M155: 5744.52 | N155: 5743.45 | O155: 5674.59 | P155: 5677.3 | Q155: 5874.53 | R155: 5825.49 | S155: 5737.46 | T155: 5611.93 | U155: 5462.23 | V155: 5400.38 | W155: 5383.65 | X155: 5010.25 | Y155: 5351.86
A156: 8 | B156: 4191.29 | C156: 3933.46 | D156: 3761.37 | E156: 3679.49 | F156: 3570.47 | G156: 3801.49 | H156: 3911.04 | I156: 4338.8 | J156: 4706.12 | K156: 5086.34 | L156: 5259.81 | M156: 5362.69 | N156: 5389.24 | O156: 5459.67 | P156: 5496.08 | Q156: 5585.41 | R156: 5626.63 | S156: 5575.98 | T156: 5445.5 | U156: 5393.12 | V156: 5350.02 | W156: 5241.74 | X156: 4789.4 | Y156: 4426.26
A157: 9 | B157: 4320.39 | C157: 3949.81 | D157: 3898.7 | E157: 3863.41 | F157: 3874.62 | G157: 3885.22 | H157: 3822.8 | I157: 4130.7 | J157: 4522.42 | K157: 4874.12 | L157: 5138.4 | M157: 5153.16 | N157: 5233.33 | O157: 5290.82 | P157: 5312.53 | Q157: 5328.47 | R157: 5406.99 | S157: 5380.06 | T157: 5368.74 | U157: 5331.1 | V157: 5295.35 | W157: 5046.43 | X157: 4655.29 | Y157: 4332.28
A158: 10 | B158: 4167.14 | C158: 3963.46 | D158: 3865.73 | E158: 3850.55 | F158: 3830.81 | G158: 3859.49 | H158: 4180.51 | I158: 6712.25 | J158: 6788.91 | K158: 6834.13 | L158: 6841.54 | M158: 6849.21 | N158: 6304.59 | O158: 6852.34 | P158: 6849.71 | Q158: 5628.87 | R158: 5459.91 | S158: 5973.08 | T158: 5386.91 | U158: 5325.96 | V158: 5209.02 | W158: 5192.33 | X158: 4687.54 | Y158: 4359.31
A159: 11 | B159: 4239.21 | C159: 3122.9 | D159: 3112.95 | E159: 3103.28 | F159: 3098.11 | G159: 3093.57 | H159: 4248.74 | I159: 6049.79 | J159: 6762.56 | K159: 5093.92 | L159: 5355.26 | M159: 5400.5 | N159: 5391.03 | O159: 5468.55 | P159: 5489.59 | Q159: 5513.41 | R159: 5500.57 | S159: 5448.43 | T159: 5393.47 | U159: 5350.55 | V159: 5324.99 | W159: 5096.47 | X159: 4640.32 | Y159: 4323.37
A160: 12 | B160: 4028.67 | C160: 3763.2 | D160: 3293.32 | E160: 2764.64 | F160: 2762.74 | G160: 3204.74 | H160: 4438.9 | I160: 6624.7 | J160: 5105.88 | K160: 5444.7 | L160: 5569.06 | M160: 5736.22 | N160: 5733.11 | O160: 5680.75 | P160: 5711.75 | Q160: 5713.01 | R160: 5701 | S160: 5684.28 | T160: 5597.53 | U160: 5497.51 | V160: 5447.22 | W160: 5373.33 | X160: 4986.05 | Y160: 4531.16
... A179: 31 | B179: 4376.45 | C179: 4245.84 | D179: 4343.78 | E179: 4341.26 | F179: 4342.5 | G179: 4350.57 | H179: 4502.66 | I179: 5966.62 | J179: 6604.73 | K179: 6748.08 | L179: 6607.99 | M179: 6600.73 | N179: 6599.54 | O179: 6599.79 | P179: 6716.58 | Q179: 6725.54 | R179: 6602.39 | S179: 6605.47 | T179: 6605.12 | U179: 6603.1 | V179: 5416.18 | W179: 5382.07 | X179: 5063.83 | Y179: 4718.61
A181: Дата | B181: Ставка для фактических почасовых объемов покупки электрической энергии, отпущенных на уровне напряжения СН I
B182: 0:00 - 1:00 | C182: 1:00 - 2:00 | D182: 2:00 - 3:00 | E182: 3:00 - 4:00 | F182: 4:00 - 5:00 | G182: 5:00 - 6:00 | H182: 6:00 - 7:00 | I182: 7:00 - 8:00 | J182: 8:00 - 9:00 | K182: 9:00 - 10:00 | L182: 10:00 - 11:00 | M182: 11:00 - 12:00 | N182: 12:00 - 13:00 | O182: 13:00 - 14:00 | P182: 14:00 - 15:00 | Q182: 15:00 - 16:00 | R182: 16:00 - 17:00 | S182: 17:00 - 18:00 | T182: 18:00 - 19:00 | U182: 19:00 - 20:00 | V182: 20:00 - 21:00 | W182: 21:00 - 22:00 | X182: 22:00 - 23:00 | Y182: 23:00 - 24:00
A183: 1 | B183: 5687.48 | C183: 5452.98 | D183: 5421.83 | E183: 5375.4 | F183: 5305.26 | G183: 5380.82 | H183: 5393.33 | I183: 5509.72 | J183: 6132.49 | K183: 6334.54 | L183: 6509.43 | M183: 6709.95 | N183: 6738.08 | O183: 6650.2 | P183: 6731.72 | Q183: 6963.2 | R183: 6992.59 | S183: 6974.6 | T183: 6809.63 | U183: 6761.8 | V183: 6773.86 | W183: 6729.02 | X183: 6401.12 | Y183: 6096.44
A184: 2 | B184: 5503.67 | C184: 5308.36 | D184: 5270.5 | E184: 5221.73 | F184: 5229.67 | G184: 5219.05 | H184: 5221.56 | I184: 5320.74 | J184: 5875.11 | K184: 6168.72 | L184: 6423.35 | M184: 6565.37 | N184: 6632.03 | O184: 6706.65 | P184: 6762.22 | Q184: 6854.87 | R184: 6948.45 | S184: 6947.1 | T184: 6836.08 | U184: 6852.39 | V184: 6834.97 | W184: 6781.08 | X184: 6502.15 | Y184: 6113.41
A185: 3 | B185: 5345.42 | C185: 4993.79 | D185: 4979.36 | E185: 4969.01 | F185: 4934.7 | G185: 4969.72 | H185: 4991.13 | I185: 5540.2 | J185: 6069.93 | K185: 6384.58 | L185: 6658.25 | M185: 6752.56 | N185: 6732.55 | O185: 6856.25 | P185: 6895.47 | Q185: 6919.98 | R185: 6896.93 | S185: 6805.79 | T185: 6575.52 | U185: 6576.68 | V185: 6504.03 | W185: 6204.98 | X185: 5810.29 | Y185: 5401.78
A186: 4 | B186: 5147.49 | C186: 4613.82 | D186: 4595.92 | E186: 4580.83 | F186: 4566.96 | G186: 4570.96 | H186: 4599.61 | I186: 5686.26 | J186: 6099.35 | K186: 6604.97 | L186: 6794.45 | M186: 6798.4 | N186: 6786 | O186: 6886.06 | P186: 6902.42 | Q186: 6985.47 | R186: 6925.09 | S186: 6820.81 | T186: 6782.77 | U186: 6641.04 | V186: 6614.84 | W186: 6456.25 | X186: 6013.48 | Y186: 5508.58
A187: 5 | B187: 5539.14 | C187: 5482.16 | D187: 4796.37 | E187: 4768.56 | F187: 4742.32 | G187: 5078.15 | H187: 5677.74 | I187: 8062.65 | J187: 6650 | K187: 7639.68 | L187: 7721.4 | M187: 7668.16 | N187: 7674.96 | O187: 8275.83 | P187: 8279.44 | Q187: 8296.78 | R187: 7720.13 | S187: 6919.81 | T187: 6828.03 | U187: 6698.57 | V187: 6594.32 | W187: 7192.33 | X187: 8142.75 | Y187: 8060
A188: 6 | B188: 5035.62 | C188: 4349.05 | D188: 4337.07 | E188: 4327.92 | F188: 4315.07 | G188: 4331.71 | H188: 4348.6 | I188: 5481.86 | J188: 6247.95 | K188: 6655.87 | L188: 6801.75 | M188: 6894.66 | N188: 6868.68 | O188: 6967.67 | P188: 7007.33 | Q188: 6992.07 | R188: 7004.12 | S188: 6896.76 | T188: 6690.16 | U188: 6634.53 | V188: 6632.43 | W188: 6533.9 | X188: 6042.04 | Y188: 5518.62
A189: 7 | B189: 5547.56 | C189: 5642.85 | D189: 5639.3 | E189: 5637.38 | F189: 5653.63 | G189: 5646.55 | H189: 5695.83 | I189: 7494.18 | J189: 7620.59 | K189: 6804.35 | L189: 7115.38 | M189: 7146.95 | N189: 7145.88 | O189: 7077.02 | P189: 7079.73 | Q189: 7276.96 | R189: 7227.92 | S189: 7139.89 | T189: 7014.36 | U189: 6864.66 | V189: 6802.81 | W189: 6786.08 | X189: 6412.68 | Y189: 6754.29
A190: 8 | B190: 5593.72 | C190: 5335.89 | D190: 5163.8 | E190: 5081.92 | F190: 4972.9 | G190: 5203.92 | H190: 5313.47 | I190: 5741.23 | J190: 6108.55 | K190: 6488.77 | L190: 6662.24 | M190: 6765.12 | N190: 6791.67 | O190: 6862.1 | P190: 6898.51 | Q190: 6987.84 | R190: 7029.06 | S190: 6978.41 | T190: 6847.93 | U190: 6795.55 | V190: 6752.45 | W190: 6644.17 | X190: 6191.83 | Y190: 5828.69
A191: 9 | B191: 5722.82 | C191: 5352.24 | D191: 5301.13 | E191: 5265.84 | F191: 5277.05 | G191: 5287.65 | H191: 5225.23 | I191: 5533.13 | J191: 5924.85 | K191: 6276.55 | L191: 6540.83 | M191: 6555.59 | N191: 6635.76 | O191: 6693.25 | P191: 6714.96 | Q191: 6730.9 | R191: 6809.42 | S191: 6782.49 | T191: 6771.17 | U191: 6733.53 | V191: 6697.78 | W191: 6448.86 | X191: 6057.72 | Y191: 5734.71
A192: 10 | B192: 5569.57 | C192: 5365.89 | D192: 5268.16 | E192: 5252.98 | F192: 5233.24 | G192: 5261.92 | H192: 5582.94 | I192: 8114.68 | J192: 8191.34 | K192: 8236.56 | L192: 8243.97 | M192: 8251.64 | N192: 7707.02 | O192: 8254.77 | P192: 8252.14 | Q192: 7031.3 | R192: 6862.34 | S192: 7375.51 | T192: 6789.34 | U192: 6728.39 | V192: 6611.45 | W192: 6594.76 | X192: 6089.97 | Y192: 5761.74
A193: 11 | B193: 5641.64 | C193: 4525.33 | D193: 4515.38 | E193: 4505.71 | F193: 4500.54 | G193: 4496 | H193: 5651.17 | I193: 7452.22 | J193: 8164.99 | K193: 6496.35 | L193: 6757.69 | M193: 6802.93 | N193: 6793.46 | O193: 6870.98 | P193: 6892.02 | Q193: 6915.84 | R193: 6903 | S193: 6850.86 | T193: 6795.9 | U193: 6752.98 | V193: 6727.42 | W193: 6498.9 | X193: 6042.75 | Y193: 5725.8
A194: 12 | B194: 5431.1 | C194: 5165.63 | D194: 4695.75 | E194: 4167.07 | F194: 4165.17 | G194: 4607.17 | H194: 5841.33 | I194: 8027.13 | J194: 6508.31 | K194: 6847.13 | L194: 6971.49 | M194: 7138.65 | N194: 7135.54 | O194: 7083.18 | P194: 7114.18 | Q194: 7115.44 | R194: 7103.43 | S194: 7086.71 | T194: 6999.96 | U194: 6899.94 | V194: 6849.65 | W194: 6775.76 | X194: 6388.48 | Y194: 5933.59
... A213: 31 | B213: 5778.88 | C213: 5648.27 | D213: 5746.21 | E213: 5743.69 | F213: 5744.93 | G213: 5753 | H213: 5905.09 | I213: 7369.05 | J213: 8007.16 | K213: 8150.51 | L213: 8010.42 | M213: 8003.16 | N213: 8001.97 | O213: 8002.22 | P213: 8119.01 | Q213: 8127.97 | R213: 8004.82 | S213: 8007.9 | T213: 8007.55 | U213: 8005.53 | V213: 6818.61 | W213: 6784.5 | X213: 6466.26 | Y213: 6121.04
A215: Дата | B215: Ставка для фактических почасовых объемов покупки электрической энергии, отпущенных на уровне напряжения СН II
B216: 0:00 - 1:00 | C216: 1:00 - 2:00 | D216: 2:00 - 3:00 | E216: 3:00 - 4:00 | F216: 4:00 - 5:00 | G216: 5:00 - 6:00 | H216: 6:00 - 7:00 | I216: 7:00 - 8:00 | J216: 8:00 - 9:00 | K216: 9:00 - 10:00 | L216: 10:00 - 11:00 | M216: 11:00 - 12:00 | N216: 12:00 - 13:00 | O216: 13:00 - 14:00 | P216: 14:00 - 15:00 | Q216: 15:00 - 16:00 | R216: 16:00 - 17:00 | S216: 17:00 - 18:00 | T216: 18:00 - 19:00 | U216: 19:00 - 20:00 | V216: 20:00 - 21:00 | W216: 21:00 - 22:00 | X216: 22:00 - 23:00 | Y216: 23:00 - 24:00
...

Sheet 6ЦК
I1: Предельные уровни нерегулируемых цен на электрическую энергию (мощность), поставляемую потребителям (покупателям)
I2: Публичного акционерного общества "Рязанская энергетическая сбытовая компания" (ПАО "РЭСК")
I3: ='1ЦК'!B3 -> АВГУСТ 2026г.
I5: VI. Шестая ценовая категория
B6: (для объемов покупки электрической энергии (мощности), в отношении которых за расчетный период осуществляются почасовое планирование и учет, а стоимость услуг по передаче электрической энергии определяется по тарифу на услуги по передаче электрической энергии в двухставочном выражении)
A8: 1. Ставка за электрическую энергию конечных нерегулируемых цен (рублей/ МВт·ч, без НДС)
A9: 1.1. Для потребителей с максимальной мощностью энергопринимающих устройств менее 670 кВт
A10: Дата | B10: Ставка для фактических почасовых объемов покупки электрической энергии, отпущенных на уровне напряжения ВН
B11: 0:00 - 1:00 | C11: 1:00 - 2:00 | D11: 2:00 - 3:00 | E11: 3:00 - 4:00 | F11: 4:00 - 5:00 | G11: 5:00 - 6:00 | H11: 6:00 - 7:00 | I11: 7:00 - 8:00 | J11: 8:00 - 9:00 | K11: 9:00 - 10:00 | L11: 10:00 - 11:00 | M11: 11:00 - 12:00 | N11: 12:00 - 13:00 | O11: 13:00 - 14:00 | P11: 14:00 - 15:00 | Q11: 15:00 - 16:00 | R11: 16:00 - 17:00 | S11: 17:00 - 18:00 | T11: 18:00 - 19:00 | U11: 19:00 - 20:00 | V11: 20:00 - 21:00 | W11: 21:00 - 22:00 | X11: 22:00 - 23:00 | Y11: 23:00 - 24:00
A12: 1 | B12: 2969.37 | C12: 2734.87 | D12: 2703.72 | E12: 2657.29 | F12: 2587.15 | G12: 2662.71 | H12: 2675.22 | I12: 2791.61 | J12: 3414.38 | K12: 3616.43 | L12: 3791.32 | M12: 3991.84 | N12: 4019.97 | O12: 3932.09 | P12: 4013.61 | Q12: 4245.09 | R12: 4274.48 | S12: 4256.49 | T12: 4091.52 | U12: 4043.69 | V12: 4055.75 | W12: 4010.91 | X12: 3683.01 | Y12: 3378.33
A13: 2 | B13: 2785.56 | C13: 2590.25 | D13: 2552.39 | E13: 2503.62 | F13: 2511.56 | G13: 2500.94 | H13: 2503.45 | I13: 2602.63 | J13: 3157 | K13: 3450.61 | L13: 3705.24 | M13: 3847.26 | N13: 3913.92 | O13: 3988.54 | P13: 4044.11 | Q13: 4136.76 | R13: 4230.34 | S13: 4228.99 | T13: 4117.97 | U13: 4134.28 | V13: 4116.86 | W13: 4062.97 | X13: 3784.04 | Y13: 3395.3
A14: 3 | B14: 2627.31 | C14: 2275.68 | D14: 2261.25 | E14: 2250.9 | F14: 2216.59 | G14: 2251.61 | H14: 2273.02 | I14: 2822.09 | J14: 3351.82 | K14: 3666.47 | L14: 3940.14 | M14: 4034.45 | N14: 4014.44 | O14: 4138.14 | P14: 4177.36 | Q14: 4201.87 | R14: 4178.82 | S14: 4087.68 | T14: 3857.41 | U14: 3858.57 | V14: 3785.92 | W14: 3486.87 | X14: 3092.18 | Y14: 2683.67
A15: 4 | B15: 2429.38 | C15: 1895.71 | D15: 1877.81 | E15: 1862.72 | F15: 1848.85 | G15: 1852.85 | H15: 1881.5 | I15: 2968.15 | J15: 3381.24 | K15: 3886.86 | L15: 4076.34 | M15: 4080.29 | N15: 4067.89 | O15: 4167.95 | P15: 4184.31 | Q15: 4267.36 | R15: 4206.98 | S15: 4102.7 | T15: 4064.66 | U15: 3922.93 | V15: 3896.73 | W15: 3738.14 | X15: 3295.37 | Y15: 2790.47
A16: 5 | B16: 2821.03 | C16: 2764.05 | D16: 2078.26 | E16: 2050.45 | F16: 2024.21 | G16: 2360.04 | H16: 2959.63 | I16: 5344.54 | J16: 3931.89 | K16: 4921.57 | L16: 5003.29 | M16: 4950.05 | N16: 4956.85 | O16: 5557.72 | P16: 5561.33 | Q16: 5578.67 | R16: 5002.02 | S16: 4201.7 | T16: 4109.92 | U16: 3980.46 | V16: 3876.21 | W16: 4474.22 | X16: 5424.64 | Y16: 5341.89
A17: 6 | B17: 2317.51 | C17: 1630.94 | D17: 1618.96 | E17: 1609.81 | F17: 1596.96 | G17: 1613.6 | H17: 1630.49 | I17: 2763.75 | J17: 3529.84 | K17: 3937.76 | L17: 4083.64 | M17: 4176.55 | N17: 4150.57 | O17: 4249.56 | P17: 4289.22 | Q17: 4273.96 | R17: 4286.01 | S17: 4178.65 | T17: 3972.05 | U17: 3916.42 | V17: 3914.32 | W17: 3815.79 | X17: 3323.93 | Y17: 2800.51
A18: 7 | B18: 2829.45 | C18: 2924.74 | D18: 2921.19 | E18: 2919.27 | F18: 2935.52 | G18: 2928.44 | H18: 2977.72 | I18: 4776.07 | J18: 4902.48 | K18: 4086.24 | L18: 4397.27 | M18: 4428.84 | N18: 4427.77 | O18: 4358.91 | P18: 4361.62 | Q18: 4558.85 | R18: 4509.81 | S18: 4421.78 | T18: 4296.25 | U18: 4146.55 | V18: 4084.7 | W18: 4067.97 | X18: 3694.57 | Y18: 4036.18
A19: 8 | B19: 2875.61 | C19: 2617.78 | D19: 2445.69 | E19: 2363.81 | F19: 2254.79 | G19: 2485.81 | H19: 2595.36 | I19: 3023.12 | J19: 3390.44 | K19: 3770.66 | L19: 3944.13 | M19: 4047.01 | N19: 4073.56 | O19: 4143.99 | P19: 4180.4 | Q19: 4269.73 | R19: 4310.95 | S19: 4260.3 | T19: 4129.82 | U19: 4077.44 | V19: 4034.34 | W19: 3926.06 | X19: 3473.72 | Y19: 3110.58
A20: 9 | B20: 3004.71 | C20: 2634.13 | D20: 2583.02 | E20: 2547.73 | F20: 2558.94 | G20: 2569.54 | H20: 2507.12 | I20: 2815.02 | J20: 3206.74 | K20: 3558.44 | L20: 3822.72 | M20: 3837.48 | N20: 3917.65 | O20: 3975.14 | P20: 3996.85 | Q20: 4012.79 | R20: 4091.31 | S20: 4064.38 | T20: 4053.06 | U20: 4015.42 | V20: 3979.67 | W20: 3730.75 | X20: 3339.61 | Y20: 3016.6
A21: 10 | B21: 2851.46 | C21: 2647.78 | D21: 2550.05 | E21: 2534.87 | F21: 2515.13 | G21: 2543.81 | H21: 2864.83 | I21: 5396.57 | J21: 5473.23 | K21: 5518.45 | L21: 5525.86 | M21: 5533.53 | N21: 4988.91 | O21: 5536.66 | P21: 5534.03 | Q21: 4313.19 | R21: 4144.23 | S21: 4657.4 | T21: 4071.23 | U21: 4010.28 | V21: 3893.34 | W21: 3876.65 | X21: 3371.86 | Y21: 3043.63
A22: 11 | B22: 2923.53 | C22: 1807.22 | D22: 1797.27 | E22: 1787.6 | F22: 1782.43 | G22: 1777.89 | H22: 2933.06 | I22: 4734.11 | J22: 5446.88 | K22: 3778.24 | L22: 4039.58 | M22: 4084.82 | N22: 4075.35 | O22: 4152.87 | P22: 4173.91 | Q22: 4197.73 | R22: 4184.89 | S22: 4132.75 | T22: 4077.79 | U22: 4034.87 | V22: 4009.31 | W22: 3780.79 | X22: 3324.64 | Y22: 3007.69
A23: 12 | B23: 2712.99 | C23: 2447.52 | D23: 1977.64 | E23: 1448.96 | F23: 1447.06 | G23: 1889.06 | H23: 3123.22 | I23: 5309.02 | J23: 3790.2 | K23: 4129.02 | L23: 4253.38 | M23: 4420.54 | N23: 4417.43 | O23: 4365.07 | P23: 4396.07 | Q23: 4397.33 | R23: 4385.32 | S23: 4368.6 | T23: 4281.85 | U23: 4181.83 | V23: 4131.54 | W23: 4057.65 | X23: 3670.37 | Y23: 3215.48
... A42: 31 | B42: 3060.77 | C42: 2930.16 | D42: 3028.1 | E42: 3025.58 | F42: 3026.82 | G42: 3034.89 | H42: 3186.98 | I42: 4650.94 | J42: 5289.05 | K42: 5432.4 | L42: 5292.31 | M42: 5285.05 | N42: 5283.86 | O42: 5284.11 | P42: 5400.9 | Q42: 5409.86 | R42: 5286.71 | S42: 5289.79 | T42: 5289.44 | U42: 5287.42 | V42: 4100.5 | W42: 4066.39 | X42: 3748.15 | Y42: 3402.93
A44: Дата | B44: Ставка для фактических почасовых объемов покупки электрической энергии, отпущенных на уровне напряжения СН I
B45: 0:00 - 1:00 | C45: 1:00 - 2:00 | D45: 2:00 - 3:00 | E45: 3:00 - 4:00 | F45: 4:00 - 5:00 | G45: 5:00 - 6:00 | H45: 6:00 - 7:00 | I45: 7:00 - 8:00 | J45: 8:00 - 9:00 | K45: 9:00 - 10:00 | L45: 10:00 - 11:00 | M45: 11:00 - 12:00 | N45: 12:00 - 13:00 | O45: 13:00 - 14:00 | P45: 14:00 - 15:00 | Q45: 15:00 - 16:00 | R45: 16:00 - 17:00 | S45: 17:00 - 18:00 | T45: 18:00 - 19:00 | U45: 19:00 - 20:00 | V45: 20:00 - 21:00 | W45: 21:00 - 22:00 | X45: 22:00 - 23:00 | Y45: 23:00 - 24:00
A46: 1 | B46: 3129.09 | C46: 2894.59 | D46: 2863.44 | E46: 2817.01 | F46: 2746.87 | G46: 2822.43 | H46: 2834.94 | I46: 2951.33 | J46: 3574.1 | K46: 3776.15 | L46: 3951.04 | M46: 4151.56 | N46: 4179.69 | O46: 4091.81 | P46: 4173.33 | Q46: 4404.81 | R46: 4434.2 | S46: 4416.21 | T46: 4251.24 | U46: 4203.41 | V46: 4215.47 | W46: 4170.63 | X46: 3842.73 | Y46: 3538.05
A47: 2 | B47: 2945.28 | C47: 2749.97 | D47: 2712.11 | E47: 2663.34 | F47: 2671.28 | G47: 2660.66 | H47: 2663.17 | I47: 2762.35 | J47: 3316.72 | K47: 3610.33 | L47: 3864.96 | M47: 4006.98 | N47: 4073.64 | O47: 4148.26 | P47: 4203.83 | Q47: 4296.48 | R47: 4390.06 | S47: 4388.71 | T47: 4277.69 | U47: 4294 | V47: 4276.58 | W47: 4222.69 | X47: 3943.76 | Y47: 3555.02
A48: 3 | B48: 2787.03 | C48: 2435.4 | D48: 2420.97 | E48: 2410.62 | F48: 2376.31 | G48: 2411.33 | H48: 2432.74 | I48: 2981.81 | J48: 3511.54 | K48: 3826.19 | L48: 4099.86 | M48: 4194.17 | N48: 4174.16 | O48: 4297.86 | P48: 4337.08 | Q48: 4361.59 | R48: 4338.54 | S48: 4247.4 | T48: 4017.13 | U48: 4018.29 | V48: 3945.64 | W48: 3646.59 | X48: 3251.9 | Y48: 2843.39
A49: 4 | B49: 2589.1 | C49: 2055.43 | D49: 2037.53 | E49: 2022.44 | F49: 2008.57 | G49: 2012.57 | H49: 2041.22 | I49: 3127.87 | J49: 3540.96 | K49: 4046.58 | L49: 4236.06 | M49: 4240.01 | N49: 4227.61 | O49: 4327.67 | P49: 4344.03 | Q49: 4427.08 | R49: 4366.7 | S49: 4262.42 | T49: 4224.38 | U49: 4082.65 | V49: 4056.45 | W49: 3897.86 | X49: 3455.09 | Y49: 2950.19
A50: 5 | B50: 2980.75 | C50: 2923.77 | D50: 2237.98 | E50: 2210.17 | F50: 2183.93 | G50: 2519.76 | H50: 3119.35 | I50: 5504.26 | J50: 4091.61 | K50: 5081.29 | L50: 5163.01 | M50: 5109.77 | N50: 5116.57 | O50: 5717.44 | P50: 5721.05 | Q50: 5738.39 | R50: 5161.74 | S50: 4361.42 | T50: 4269.64 | U50: 4140.18 | V50: 4035.93 | W50: 4633.94 | X50: 5584.36 | Y50: 5501.61
A51: 6 | B51: 2477.23 | C51: 1790.66 | D51: 1778.68 | E51: 1769.53 | F51: 1756.68 | G51: 1773.32 | H51: 1790.21 | I51: 2923.47 | J51: 3689.56 | K51: 4097.48 | L51: 4243.36 | M51: 4336.27 | N51: 4310.29 | O51: 4409.28 | P51: 4448.94 | Q51: 4433.68 | R51: 4445.73 | S51: 4338.37 | T51: 4131.77 | U51: 4076.14 | V51: 4074.04 | W51: 3975.51 | X51: 3483.65 | Y51: 2960.23
A52: 7 | B52: 2989.17 | C52: 3084.46 | D52: 3080.91 | E52: 3078.99 | F52: 3095.24 | G52: 3088.16 | H52: 3137.44 | I52: 4935.79 | J52: 5062.2 | K52: 4245.96 | L52: 4556.99 | M52: 4588.56 | N52: 4587.49 | O52: 4518.63 | P52: 4521.34 | Q52: 4718.57 | R52: 4669.53 | S52: 4581.5 | T52: 4455.97 | U52: 4306.27 | V52: 4244.42 | W52: 4227.69 | X52: 3854.29 | Y52: 4195.9
A53: 8 | B53: 3035.33 | C53: 2777.5 | D53: 2605.41 | E53: 2523.53 | F53: 2414.51 | G53: 2645.53 | H53: 2755.08 | I53: 3182.84 | J53: 3550.16 | K53: 3930.38 | L53: 4103.85 | M53: 4206.73 | N53: 4233.28 | O53: 4303.71 | P53: 4340.12 | Q53: 4429.45 | R53: 4470.67 | S53: 4420.02 | T53: 4289.54 | U53: 4237.16 | V53: 4194.06 | W53: 4085.78 | X53: 3633.44 | Y53: 3270.3
A54: 9 | B54: 3164.43 | C54: 2793.85 | D54: 2742.74 | E54: 2707.45 | F54: 2718.66 | G54: 2729.26 | H54: 2666.84 | I54: 2974.74 | J54: 3366.46 | K54: 3718.16 | L54: 3982.44 | M54: 3997.2 | N54: 4077.37 | O54: 4134.86 | P54: 4156.57 | Q54: 4172.51 | R54: 4251.03 | S54: 4224.1 | T54: 4212.78 | U54: 4175.14 | V54: 4139.39 | W54: 3890.47 | X54: 3499.33 | Y54: 3176.32
A55: 10 | B55: 3011.18 | C55: 2807.5 | D55: 2709.77 | E55: 2694.59 | F55: 2674.85 | G55: 2703.53 | H55: 3024.55 | I55: 5556.29 | J55: 5632.95 | K55: 5678.17 | L55: 5685.58 | M55: 5693.25 | N55: 5148.63 | O55: 5696.38 | P55: 5693.75 | Q55: 4472.91 | R55: 4303.95 | S55: 4817.12 | T55: 4230.95 | U55: 4170 | V55: 4053.06 | W55: 4036.37 | X55: 3531.58 | Y55: 3203.35
A56: 11 | B56: 3083.25 | C56: 1966.94 | D56: 1956.99 | E56: 1947.32 | F56: 1942.15 | G56: 1937.61 | H56: 3092.78 | I56: 4893.83 | J56: 5606.6 | K56: 3937.96 | L56: 4199.3 | M56: 4244.54 | N56: 4235.07 | O56: 4312.59 | P56: 4333.63 | Q56: 4357.45 | R56: 4344.61 | S56: 4292.47 | T56: 4237.51 | U56: 4194.59 | V56: 4169.03 | W56: 3940.51 | X56: 3484.36 | Y56: 3167.41
A57: 12 | B57: 2872.71 | C57: 2607.24 | D57: 2137.36 | E57: 1608.68 | F57: 1606.78 | G57: 2048.78 | H57: 3282.94 | I57: 5468.74 | J57: 3949.92 | K57: 4288.74 | L57: 4413.1 | M57: 4580.26 | N57: 4577.15 | O57: 4524.79 | P57: 4555.79 | Q57: 4557.05 | R57: 4545.04 | S57: 4528.32 | T57: 4441.57 | U57: 4341.55 | V57: 4291.26 | W57: 4217.37 | X57: 3830.09 | Y57: 3375.2
... A76: 31 | B76: 3220.49 | C76: 3089.88 | D76: 3187.82 | E76: 3185.3 | F76: 3186.54 | G76: 3194.61 | H76: 3346.7 | I76: 4810.66 | J76: 5448.77 | K76: 5592.12 | L76: 5452.03 | M76: 5444.77 | N76: 5443.58 | O76: 5443.83 | P76: 5560.62 | Q76: 5569.58 | R76: 5446.43 | S76: 5449.51 | T76: 5449.16 | U76: 5447.14 | V76: 4260.22 | W76: 4226.11 | X76: 3907.87 | Y76: 3562.65
A78: Дата | B78: Ставка для фактических почасовых объемов покупки электрической энергии, отпущенных на уровне напряжения СН II
B79: 0:00 - 1:00 | C79: 1:00 - 2:00 | D79: 2:00 - 3:00 | E79: 3:00 - 4:00 | F79: 4:00 - 5:00 | G79: 5:00 - 6:00 | H79: 6:00 - 7:00 | I79: 7:00 - 8:00 | J79: 8:00 - 9:00 | K79: 9:00 - 10:00 | L79: 10:00 - 11:00 | M79: 11:00 - 12:00 | N79: 12:00 - 13:00 | O79: 13:00 - 14:00 | P79: 14:00 - 15:00 | Q79: 15:00 - 16:00 | R79: 16:00 - 17:00 | S79: 17:00 - 18:00 | T79: 18:00 - 19:00 | U79: 19:00 - 20:00 | V79: 20:00 - 21:00 | W79: 21:00 - 22:00 | X79: 22:00 - 23:00 | Y79: 23:00 - 24:00
A80: 1 | B80: 3240.34 | C80: 3005.84 | D80: 2974.69 | E80: 2928.26 | F80: 2858.12 | G80: 2933.68 | H80: 2946.19 | I80: 3062.58 | J80: 3685.35 | K80: 3887.4 | L80: 4062.29 | M80: 4262.81 | N80: 4290.94 | O80: 4203.06 | P80: 4284.58 | Q80: 4516.06 | R80: 4545.45 | S80: 4527.46 | T80: 4362.49 | U80: 4314.66 | V80: 4326.72 | W80: 4281.88 | X80: 3953.98 | Y80: 3649.3
A81: 2 | B81: 3056.53 | C81: 2861.22 | D81: 2823.36 | E81: 2774.59 | F81: 2782.53 | G81: 2771.91 | H81: 2774.42 | I81: 2873.6 | J81: 3427.97 | K81: 3721.58 | L81: 3976.21 | M81: 4118.23 | N81: 4184.89 | O81: 4259.51 | P81: 4315.08 | Q81: 4407.73 | R81: 4501.31 | S81: 4499.96 | T81: 4388.94 | U81: 4405.25 | V81: 4387.83 | W81: 4333.94 | X81: 4055.01 | Y81: 3666.27
A82: 3 | B82: 2898.28 | C82: 2546.65 | D82: 2532.22 | E82: 2521.87 | F82: 2487.56 | G82: 2522.58 | H82: 2543.99 | I82: 3093.06 | J82: 3622.79 | K82: 3937.44 | L82: 4211.11 | M82: 4305.42 | N82: 4285.41 | O82: 4409.11 | P82: 4448.33 | Q82: 4472.84 | R82: 4449.79 | S82: 4358.65 | T82: 4128.38 | U82: 4129.54 | V82: 4056.89 | W82: 3757.84 | X82: 3363.15 | Y82: 2954.64
A83: 4 | B83: 2700.35 | C83: 2166.68 | D83: 2148.78 | E83: 2133.69 | F83: 2119.82 | G83: 2123.82 | H83: 2152.47 | I83: 3239.12 | J83: 3652.21 | K83: 4157.83 | L83: 4347.31 | M83: 4351.26 | N83: 4338.86 | O83: 4438.92 | P83: 4455.28 | Q83: 4538.33 | R83: 4477.95 | S83: 4373.67 | T83: 4335.63 | U83: 4193.9 | V83: 4167.7 | W83: 4009.11 | X83: 3566.34 | Y83: 3061.44
A84: 5 | B84: 3092 | C84: 3035.02 | D84: 2349.23 | E84: 2321.42 | F84: 2295.18 | G84: 2631.01 | H84: 3230.6 | I84: 5615.51 | J84: 4202.86 | K84: 5192.54 | L84: 5274.26 | M84: 5221.02 | N84: 5227.82 | O84: 5828.69 | P84: 5832.3 | Q84: 5849.64 | R84: 5272.99 | S84: 4472.67 | T84: 4380.89 | U84: 4251.43 | V84: 4147.18 | W84: 4745.19 | X84: 5695.61 | Y84: 5612.86
A85: 6 | B85: 2588.48 | C85: 1901.91 | D85: 1889.93 | E85: 1880.78 | F85: 1867.93 | G85: 1884.57 | H85: 1901.46 | I85: 3034.72 | J85: 3800.81 | K85: 4208.73 | L85: 4354.61 | M85: 4447.52 | N85: 4421.54 | O85: 4520.53 | P85: 4560.19 | Q85: 4544.93 | R85: 4556.98 | S85: 4449.62 | T85: 4243.02 | U85: 4187.39 | V85: 4185.29 | W85: 4086.76 | X85: 3594.9 | Y85: 3071.48
A86: 7 | B86: 3100.42 | C86: 3195.71 | D86: 3192.16 | E86: 3190.24 | F86: 3206.49 | G86: 3199.41 | H86: 3248.69 | I86: 5047.04 | J86: 5173.45 | K86: 4357.21 | L86: 4668.24 | M86: 4699.81 | N86: 4698.74 | O86: 4629.88 | P86: 4632.59 | Q86: 4829.82 | R86: 4780.78 | S86: 4692.75 | T86: 4567.22 | U86: 4417.52 | V86: 4355.67 | W86: 4338.94 | X86: 3965.54 | Y86: 4307.15
A87: 8 | B87: 3146.58 | C87: 2888.75 | D87: 2716.66 | E87: 2634.78 | F87: 2525.76 | G87: 2756.78 | H87: 2866.33 | I87: 3294.09 | J87: 3661.41 | K87: 4041.63 | L87: 4215.1 | M87: 4317.98 | N87: 4344.53 | O87: 4414.96 | P87: 4451.37 | Q87: 4540.7 | R87: 4581.92 | S87: 4531.27 | T87: 4400.79 | U87: 4348.41 | V87: 4305.31 | W87: 4197.03 | X87: 3744.69 | Y87: 3381.55
A88: 9 | B88: 3275.68 | C88: 2905.1 | D88: 2853.99 | E88: 2818.7 | F88: 2829.91 | G88: 2840.51 | H88: 2778.09 | I88: 3085.99 | J88: 3477.71 | K88: 3829.41 | L88: 4093.69 | M88: 4108.45 | N88: 4188.62 | O88: 4246.11 | P88: 4267.82 | Q88: 4283.76 | R88: 4362.28 | S88: 4335.35 | T88: 4324.03 | U88: 4286.39 | V88: 4250.64 | W88: 4001.72 | X88: 3610.58 | Y88: 3287.57
A89: 10 | B89: 3122.43 | C89: 2918.75 | D89: 2821.02 | E89: 2805.84 | F89: 2786.1 | G89: 2814.78 | H89: 3135.8 | I89: 5667.54 | J89: 5744.2 | K89: 5789.42 | L89: 5796.83 | M89: 5804.5 | N89: 5259.88 | O89: 5807.63 | P89: 5805 | Q89: 4584.16 | R89: 4415.2 | S89: 4928.37 | T89: 4342.2 | U89: 4281.25 | V89: 4164.31 | W89: 4147.62 | X89: 3642.83 | Y89: 3314.6
A90: 11 | B90: 3194.5 | C90: 2078.19 | D90: 2068.24 | E90: 2058.57 | F90: 2053.4 | G90: 2048.86 | H90: 3204.03 | I90: 5005.08 | J90: 5717.85 | K90: 4049.21 | L90: 4310.55 | M90: 4355.79 | N90: 4346.32 | O90: 4423.84 | P90: 4444.88 | Q90: 4468.7 | R90: 4455.86 | S90: 4403.72 | T90: 4348.76 | U90: 4305.84 | V90: 4280.28 | W90: 4051.76 | X90: 3595.61 | Y90: 3278.66
A91: 12 | B91: 2983.96 | C91: 2718.49 | D91: 2248.61 | E91: 1719.93 | F91: 1718.03 | G91: 2160.03 | H91: 3394.19 | I91: 5579.99 | J91: 4061.17 | K91: 4399.99 | L91: 4524.35 | M91: 4691.51 | N91: 4688.4 | O91: 4636.04 | P91: 4667.04 | Q91: 4668.3 | R91: 4656.29 | S91: 4639.57 | T91: 4552.82 | U91: 4452.8 | V91: 4402.51 | W91: 4328.62 | X91: 3941.34 | Y91: 3486.45
... A110: 31 | B110: 3331.74 | C110: 3201.13 | D110: 3299.07 | E110: 3296.55 | F110: 3297.79 | G110: 3305.86 | H110: 3457.95 | I110: 4921.91 | J110: 5560.02 | K110: 5703.37 | L110: 5563.28 | M110: 5556.02 | N110: 5554.83 | O110: 5555.08 | P110: 5671.87 | Q110: 5680.83 | R110: 5557.68 | S110: 5560.76 | T110: 5560.41 | U110: 5558.39 | V110: 4371.47 | W110: 4337.36 | X110: 4019.12 | Y110: 3673.9
A112: Дата | B112: Ставка для фактических почасовых объемов покупки электрической энергии, отпущенных на уровне напряжения НН
B113: 0:00 - 1:00 | C113: 1:00 - 2:00 | D113: 2:00 - 3:00 | E113: 3:00 - 4:00 | F113: 4:00 - 5:00 | G113: 5:00 - 6:00 | H113: 6:00 - 7:00 | I113: 7:00 - 8:00 | J113: 8:00 - 9:00 | K113: 9:00 - 10:00 | L113: 10:00 - 11:00 | M113: 11:00 - 12:00 | N113: 12:00 - 13:00 | O113: 13:00 - 14:00 | P113: 14:00 - 15:00 | Q113: 15:00 - 16:00 | R113: 16:00 - 17:00 | S113: 17:00 - 18:00 | T113: 18:00 - 19:00 | U113: 19:00 - 20:00 | V113: 20:00 - 21:00 | W113: 21:00 - 22:00 | X113: 22:00 - 23:00 | Y113: 23:00 - 24:00
A114: 1 | B114: 4089.63 | C114: 3855.13 | D114: 3823.98 | E114: 3777.55 | F114: 3707.41 | G114: 3782.97 | H114: 3795.48 | I114: 3911.87 | J114: 4534.64 | K114: 4736.69 | L114: 4911.58 | M114: 5112.1 | N114: 5140.23 | O114: 5052.35 | P114: 5133.87 | Q114: 5365.35 | R114: 5394.74 | S114: 5376.75 | T114: 5211.78 | U114: 5163.95 | V114: 5176.01 | W114: 5131.17 | X114: 4803.27 | Y114: 4498.59
A115: 2 | B115: 3905.82 | C115: 3710.51 | D115: 3672.65 | E115: 3623.88 | F115: 3631.82 | G115: 3621.2 | H115: 3623.71 | I115: 3722.89 | J115: 4277.26 | K115: 4570.87 | L115: 4825.5 | M115: 4967.52 | N115: 5034.18 | O115: 5108.8 | P115: 5164.37 | Q115: 5257.02 | R115: 5350.6 | S115: 5349.25 | T115: 5238.23 | U115: 5254.54 | V115: 5237.12 | W115: 5183.23 | X115: 4904.3 | Y115: 4515.56
A116: 3 | B116: 3747.57 | C116: 3395.94 | D116: 3381.51 | E116: 3371.16 | F116: 3336.85 | G116: 3371.87 | H116: 3393.28 | I116: 3942.35 | J116: 4472.08 | K116: 4786.73 | L116: 5060.4 | M116: 5154.71 | N116: 5134.7 | O116: 5258.4 | P116: 5297.62 | Q116: 5322.13 | R116: 5299.08 | S116: 5207.94 | T116: 4977.67 | U116: 4978.83 | V116: 4906.18 | W116: 4607.13 | X116: 4212.44 | Y116: 3803.93
A117: 4 | B117: 3549.64 | C117: 3015.97 | D117: 2998.07 | E117: 2982.98 | F117: 2969.11 | G117: 2973.11 | H117: 3001.76 | I117: 4088.41 | J117: 4501.5 | K117: 5007.12 | L117: 5196.6 | M117: 5200.55 | N117: 5188.15 | O117: 5288.21 | P117: 5304.57 | Q117: 5387.62 | R117: 5327.24 | S117: 5222.96 | T117: 5184.92 | U117: 5043.19 | V117: 5016.99 | W117: 4858.4 | X117: 4415.63 | Y117: 3910.73
A118: 5 | B118: 3941.29 | C118: 3884.31 | D118: 3198.52 | E118: 3170.71 | F118: 3144.47 | G118: 3480.3 | H118: 4079.89 | I118: 6464.8 | J118: 5052.15 | K118: 6041.83 | L118: 6123.55 | M118: 6070.31 | N118: 6077.11 | O118: 6677.98 | P118: 6681.59 | Q118: 6698.93 | R118: 6122.28 | S118: 5321.96 | T118: 5230.18 | U118: 5100.72 | V118: 4996.47 | W118: 5594.48 | X118: 6544.9 | Y118: 6462.15
A119: 6 | B119: 3437.77 | C119: 2751.2 | D119: 2739.22 | E119: 2730.07 | F119: 2717.22 | G119: 2733.86 | H119: 2750.75 | I119: 3884.01 | J119: 4650.1 | K119: 5058.02 | L119: 5203.9 | M119: 5296.81 | N119: 5270.83 | O119: 5369.82 | P119: 5409.48 | Q119: 5394.22 | R119: 5406.27 | S119: 5298.91 | T119: 5092.31 | U119: 5036.68 | V119: 5034.58 | W119: 4936.05 | X119: 4444.19 | Y119: 3920.77
A120: 7 | B120: 3949.71 | C120: 4045 | D120: 4041.45 | E120: 4039.53 | F120: 4055.78 | G120: 4048.7 | H120: 4097.98 | I120: 5896.33 | J120: 6022.74 | K120: 5206.5 | L120: 5517.53 | M120: 5549.1 | N120: 5548.03 | O120: 5479.17 | P120: 5481.88 | Q120: 5679.11 | R120: 5630.07 | S120: 5542.04 | T120: 5416.51 | U120: 5266.81 | V120: 5204.96 | W120: 5188.23 | X120: 4814.83 | Y120: 5156.44
A121: 8 | B121: 3995.87 | C121: 3738.04 | D121: 3565.95 | E121: 3484.07 | F121: 3375.05 | G121: 3606.07 | H121: 3715.62 | I121: 4143.38 | J121: 4510.7 | K121: 4890.92 | L121: 5064.39 | M121: 5167.27 | N121: 5193.82 | O121: 5264.25 | P121: 5300.66 | Q121: 5389.99 | R121: 5431.21 | S121: 5380.56 | T121: 5250.08 | U121: 5197.7 | V121: 5154.6 | W121: 5046.32 | X121: 4593.98 | Y121: 4230.84
A122: 9 | B122: 4124.97 | C122: 3754.39 | D122: 3703.28 | E122: 3667.99 | F122: 3679.2 | G122: 3689.8 | H122: 3627.38 | I122: 3935.28 | J122: 4327 | K122: 4678.7 | L122: 4942.98 | M122: 4957.74 | N122: 5037.91 | O122: 5095.4 | P122: 5117.11 | Q122: 5133.05 | R122: 5211.57 | S122: 5184.64 | T122: 5173.32 | U122: 5135.68 | V122: 5099.93 | W122: 4851.01 | X122: 4459.87 | Y122: 4136.86
A123: 10 | B123: 3971.72 | C123: 3768.04 | D123: 3670.31 | E123: 3655.13 | F123: 3635.39 | G123: 3664.07 | H123: 3985.09 | I123: 6516.83 | J123: 6593.49 | K123: 6638.71 | L123: 6646.12 | M123: 6653.79 | N123: 6109.17 | O123: 6656.92 | P123: 6654.29 | Q123: 5433.45 | R123: 5264.49 | S123: 5777.66 | T123: 5191.49 | U123: 5130.54 | V123: 5013.6 | W123: 4996.91 | X123: 4492.12 | Y123: 4163.89
A124: 11 | B124: 4043.79 | C124: 2927.48 | D124: 2917.53 | E124: 2907.86 | F124: 2902.69 | G124: 2898.15 | H124: 4053.32 | I124: 5854.37 | J124: 6567.14 | K124: 4898.5 | L124: 5159.84 | M124: 5205.08 | N124: 5195.61 | O124: 5273.13 | P124: 5294.17 | Q124: 5317.99 | R124: 5305.15 | S124: 5253.01 | T124: 5198.05 | U124: 5155.13 | V124: 5129.57 | W124: 4901.05 | X124: 4444.9 | Y124: 4127.95
A125: 12 | B125: 3833.25 | C125: 3567.78 | D125: 3097.9 | E125: 2569.22 | F125: 2567.32 | G125: 3009.32 | H125: 4243.48 | I125: 6429.28 | J125: 4910.46 | K125: 5249.28 | L125: 5373.64 | M125: 5540.8 | N125: 5537.69 | O125: 5485.33 | P125: 5516.33 | Q125: 5517.59 | R125: 5505.58 | S125: 5488.86 | T125: 5402.11 | U125: 5302.09 | V125: 5251.8 | W125: 5177.91 | X125: 4790.63 | Y125: 4335.74
... A144: 31 | B144: 4181.03 | C144: 4050.42 | D144: 4148.36 | E144: 4145.84 | F144: 4147.08 | G144: 4155.15 | H144: 4307.24 | I144: 5771.2 | J144: 6409.31 | K144: 6552.66 | L144: 6412.57 | M144: 6405.31 | N144: 6404.12 | O144: 6404.37 | P144: 6521.16 | Q144: 6530.12 | R144: 6406.97 | S144: 6410.05 | T144: 6409.7 | U144: 6407.68 | V144: 5220.76 | W144: 5186.65 | X144: 4868.41 | Y144: 4523.19
A146: 1.2. Для потребителей с максимальной мощностью энергопринимающих устройств от 670 кВт до 10 МВт
A147: Дата | B147: Ставка для фактических почасовых объемов покупки электрической энергии, отпущенных на уровне напряжения ВН
B148: 0:00 - 1:00 | C148: 1:00 - 2:00 | D148: 2:00 - 3:00 | E148: 3:00 - 4:00 | F148: 4:00 - 5:00 | G148: 5:00 - 6:00 | H148: 6:00 - 7:00 | I148: 7:00 - 8:00 | J148: 8:00 - 9:00 | K148: 9:00 - 10:00 | L148: 10:00 - 11:00 | M148: 11:00 - 12:00 | N148: 12:00 - 13:00 | O148: 13:00 - 14:00 | P148: 14:00 - 15:00 | Q148: 15:00 - 16:00 | R148: 16:00 - 17:00 | S148: 17:00 - 18:00 | T148: 18:00 - 19:00 | U148: 19:00 - 20:00 | V148: 20:00 - 21:00 | W148: 21:00 - 22:00 | X148: 22:00 - 23:00 | Y148: 23:00 - 24:00
A149: 1 | B149: 2178.62 | C149: 1944.12 | D149: 1912.97 | E149: 1866.54 | F149: 1796.4 | G149: 1871.96 | H149: 1884.47 | I149: 2000.86 | J149: 2623.63 | K149: 2825.68 | L149: 3000.57 | M149: 3201.09 | N149: 3229.22 | O149: 3141.34 | P149: 3222.86 | Q149: 3454.34 | R149: 3483.73 | S149: 3465.74 | T149: 3300.77 | U149: 3252.94 | V149: 3265 | W149: 3220.16 | X149: 2892.26 | Y149: 2587.58
A150: 2 | B150: 1994.81 | C150: 1799.5 | D150: 1761.64 | E150: 1712.87 | F150: 1720.81 | G150: 1710.19 | H150: 1712.7 | I150: 1811.88 | J150: 2366.25 | K150: 2659.86 | L150: 2914.49 | M150: 3056.51 | N150: 3123.17 | O150: 3197.79 | P150: 3253.36 | Q150: 3346.01 | R150: 3439.59 | S150: 3438.24 | T150: 3327.22 | U150: 3343.53 | V150: 3326.11 | W150: 3272.22 | X150: 2993.29 | Y150: 2604.55
A151: 3 | B151: 1836.56 | C151: 1484.93 | D151: 1470.5 | E151: 1460.15 | F151: 1425.84 | G151: 1460.86 | H151: 1482.27 | I151: 2031.34 | J151: 2561.07 | K151: 2875.72 | L151: 3149.39 | M151: 3243.7 | N151: 3223.69 | O151: 3347.39 | P151: 3386.61 | Q151: 3411.12 | R151: 3388.07 | S151: 3296.93 | T151: 3066.66 | U151: 3067.82 | V151: 2995.17 | W151: 2696.12 | X151: 2301.43 | Y151: 1892.92
A152: 4 | B152: 1638.63 | C152: 1104.96 | D152: 1087.06 | E152: 1071.97 | F152: 1058.1 | G152: 1062.1 | H152: 1090.75 | I152: 2177.4 | J152: 2590.49 | K152: 3096.11 | L152: 3285.59 | M152: 3289.54 | N152: 3277.14 | O152: 3377.2 | P152: 3393.56 | Q152: 3476.61 | R152: 3416.23 | S152: 3311.95 | T152: 3273.91 | U152: 3132.18 | V152: 3105.98 | W152: 2947.39 | X152: 2504.62 | Y152: 1999.72
A153: 5 | B153: 2030.28 | C153: 1973.3 | D153: 1287.51 | E153: 1259.7 | F153: 1233.46 | G153: 1569.29 | H153: 2168.88 | I153: 4553.79 | J153: 3141.14 | K153: 4130.82 | L153: 4212.54 | M153: 4159.3 | N153: 4166.1 | O153: 4766.97 | P153: 4770.58 | Q153: 4787.92 | R153: 4211.27 | S153: 3410.95 | T153: 3319.17 | U153: 3189.71 | V153: 3085.46 | W153: 3683.47 | X153: 4633.89 | Y153: 4551.14
A154: 6 | B154: 1526.76 | C154: 840.19 | D154: 828.21 | E154: 819.06 | F154: 806.21 | G154: 822.85 | H154: 839.74 | I154: 1973 | J154: 2739.09 | K154: 3147.01 | L154: 3292.89 | M154: 3385.8 | N154: 3359.82 | O154: 3458.81 | P154: 3498.47 | Q154: 3483.21 | R154: 3495.26 | S154: 3387.9 | T154: 3181.3 | U154: 3125.67 | V154: 3123.57 | W154: 3025.04 | X154: 2533.18 | Y154: 2009.76
A155: 7 | B155: 2038.7 | C155: 2133.99 | D155: 2130.44 | E155: 2128.52 | F155: 2144.77 | G155: 2137.69 | H155: 2186.97 | I155: 3985.32 | J155: 4111.73 | K155: 3295.49 | L155: 3606.52 | M155: 3638.09 | N155: 3637.02 | O155: 3568.16 | P155: 3570.87 | Q155: 3768.1 | R155: 3719.06 | S155: 3631.03 | T155: 3505.5 | U155: 3355.8 | V155: 3293.95 | W155: 3277.22 | X155: 2903.82 | Y155: 3245.43
A156: 8 | B156: 2084.86 | C156: 1827.03 | D156: 1654.94 | E156: 1573.06 | F156: 1464.04 | G156: 1695.06 | H156: 1804.61 | I156: 2232.37 | J156: 2599.69 | K156: 2979.91 | L156: 3153.38 | M156: 3256.26 | N156: 3282.81 | O156: 3353.24 | P156: 3389.65 | Q156: 3478.98 | R156: 3520.2 | S156: 3469.55 | T156: 3339.07 | U156: 3286.69 | V156: 3243.59 | W156: 3135.31 | X156: 2682.97 | Y156: 2319.83
A157: 9 | B157: 2213.96 | C157: 1843.38 | D157: 1792.27 | E157: 1756.98 | F157: 1768.19 | G157: 1778.79 | H157: 1716.37 | I157: 2024.27 | J157: 2415.99 | K157: 2767.69 | L157: 3031.97 | M157: 3046.73 | N157: 3126.9 | O157: 3184.39 | P157: 3206.1 | Q157: 3222.04 | R157: 3300.56 | S157: 3273.63 | T157: 3262.31 | U157: 3224.67 | V157: 3188.92 | W157: 2940 | X157: 2548.86 | Y157: 2225.85
A158: 10 | B158: 2060.71 | C158: 1857.03 | D158: 1759.3 | E158: 1744.12 | F158: 1724.38 | G158: 1753.06 | H158: 2074.08 | I158: 4605.82 | J158: 4682.48 | K158: 4727.7 | L158: 4735.11 | M158: 4742.78 | N158: 4198.16 | O158: 4745.91 | P158: 4743.28 | Q158: 3522.44 | R158: 3353.48 | S158: 3866.65 | T158: 3280.48 | U158: 3219.53 | V158: 3102.59 | W158: 3085.9 | X158: 2581.11 | Y158: 2252.88
A159: 11 | B159: 2132.78 | C159: 1016.47 | D159: 1006.52 | E159: 996.85 | F159: 991.68 | G159: 987.14 | H159: 2142.31 | I159: 3943.36 | J159: 4656.13 | K159: 2987.49 | L159: 3248.83 | M159: 3294.07 | N159: 3284.6 | O159: 3362.12 | P159: 3383.16 | Q159: 3406.98 | R159: 3394.14 | S159: 3342 | T159: 3287.04 | U159: 3244.12 | V159: 3218.56 | W159: 2990.04 | X159: 2533.89 | Y159: 2216.94
A160: 12 | B160: 1922.24 | C160: 1656.77 | D160: 1186.89 | E160: 658.21 | F160: 656.31 | G160: 1098.31 | H160: 2332.47 | I160: 4518.27 | J160: 2999.45 | K160: 3338.27 | L160: 3462.63 | M160: 3629.79 | N160: 3626.68 | O160: 3574.32 | P160: 3605.32 | Q160: 3606.58 | R160: 3594.57 | S160: 3577.85 | T160: 3491.1 | U160: 3391.08 | V160: 3340.79 | W160: 3266.9 | X160: 2879.62 | Y160: 2424.73
... A179: 31 | B179: 2270.02 | C179: 2139.41 | D179: 2237.35 | E179: 2234.83 | F179: 2236.07 | G179: 2244.14 | H179: 2396.23 | I179: 3860.19 | J179: 4498.3 | K179: 4641.65 | L179: 4501.56 | M179: 4494.3 | N179: 4493.11 | O179: 4493.36 | P179: 4610.15 | Q179: 4619.11 | R179: 4495.96 | S179: 4499.04 | T179: 4498.69 | U179: 4496.67 | V179: 3309.75 | W179: 3275.64 | X179: 2957.4 | Y179: 2612.18
A181: Дата | B181: Ставка для фактических почасовых объемов покупки электрической энергии, отпущенных на уровне напряжения СН I
B182: 0:00 - 1:00 | C182: 1:00 - 2:00 | D182: 2:00 - 3:00 | E182: 3:00 - 4:00 | F182: 4:00 - 5:00 | G182: 5:00 - 6:00 | H182: 6:00 - 7:00 | I182: 7:00 - 8:00 | J182: 8:00 - 9:00 | K182: 9:00 - 10:00 | L182: 10:00 - 11:00 | M182: 11:00 - 12:00 | N182: 12:00 - 13:00 | O182: 13:00 - 14:00 | P182: 14:00 - 15:00 | Q182: 15:00 - 16:00 | R182: 16:00 - 17:00 | S182: 17:00 - 18:00 | T182: 18:00 - 19:00 | U182: 19:00 - 20:00 | V182: 20:00 - 21:00 | W182: 21:00 - 22:00 | X182: 22:00 - 23:00 | Y182: 23:00 - 24:00
A183: 1 | B183: 2338.34 | C183: 2103.84 | D183: 2072.69 | E183: 2026.26 | F183: 1956.12 | G183: 2031.68 | H183: 2044.19 | I183: 2160.58 | J183: 2783.35 | K183: 2985.4 | L183: 3160.29 | M183: 3360.81 | N183: 3388.94 | O183: 3301.06 | P183: 3382.58 | Q183: 3614.06 | R183: 3643.45 | S183: 3625.46 | T183: 3460.49 | U183: 3412.66 | V183: 3424.72 | W183: 3379.88 | X183: 3051.98 | Y183: 2747.3
A184: 2 | B184: 2154.53 | C184: 1959.22 | D184: 1921.36 | E184: 1872.59 | F184: 1880.53 | G184: 1869.91 | H184: 1872.42 | I184: 1971.6 | J184: 2525.97 | K184: 2819.58 | L184: 3074.21 | M184: 3216.23 | N184: 3282.89 | O184: 3357.51 | P184: 3413.08 | Q184: 3505.73 | R184: 3599.31 | S184: 3597.96 | T184: 3486.94 | U184: 3503.25 | V184: 3485.83 | W184: 3431.94 | X184: 3153.01 | Y184: 2764.27
A185: 3 | B185: 1996.28 | C185: 1644.65 | D185: 1630.22 | E185: 1619.87 | F185: 1585.56 | G185: 1620.58 | H185: 1641.99 | I185: 2191.06 | J185: 2720.79 | K185: 3035.44 | L185: 3309.11 | M185: 3403.42 | N185: 3383.41 | O185: 3507.11 | P185: 3546.33 | Q185: 3570.84 | R185: 3547.79 | S185: 3456.65 | T185: 3226.38 | U185: 3227.54 | V185: 3154.89 | W185: 2855.84 | X185: 2461.15 | Y185: 2052.64
A186: 4 | B186: 1798.35 | C186: 1264.68 | D186: 1246.78 | E186: 1231.69 | F186: 1217.82 | G186: 1221.82 | H186: 1250.47 | I186: 2337.12 | J186: 2750.21 | K186: 3255.83 | L186: 3445.31 | M186: 3449.26 | N186: 3436.86 | O186: 3536.92 | P186: 3553.28 | Q186: 3636.33 | R186: 3575.95 | S186: 3471.67 | T186: 3433.63 | U186: 3291.9 | V186: 3265.7 | W186: 3107.11 | X186: 2664.34 | Y186: 2159.44
A187: 5 | B187: 2190 | C187: 2133.02 | D187: 1447.23 | E187: 1419.42 | F187: 1393.18 | G187: 1729.01 | H187: 2328.6 | I187: 4713.51 | J187: 3300.86 | K187: 4290.54 | L187: 4372.26 | M187: 4319.02 | N187: 4325.82 | O187: 4926.69 | P187: 4930.3 | Q187: 4947.64 | R187: 4370.99 | S187: 3570.67 | T187: 3478.89 | U187: 3349.43 | V187: 3245.18 | W187: 3843.19 | X187: 4793.61 | Y187: 4710.86
A188: 6 | B188: 1686.48 | C188: 999.91 | D188: 987.93 | E188: 978.78 | F188: 965.93 | G188: 982.57 | H188: 999.46 | I188: 2132.72 | J188: 2898.81 | K188: 3306.73 | L188: 3452.61 | M188: 3545.52 | N188: 3519.54 | O188: 3618.53 | P188: 3658.19 | Q188: 3642.93 | R188: 3654.98 | S188: 3547.62 | T188: 3341.02 | U188: 3285.39 | V188: 3283.29 | W188: 3184.76 | X188: 2692.9 | Y188: 2169.48
A189: 7 | B189: 2198.42 | C189: 2293.71 | D189: 2290.16 | E189: 2288.24 | F189: 2304.49 | G189: 2297.41 | H189: 2346.69 | I189: 4145.04 | J189: 4271.45 | K189: 3455.21 | L189: 3766.24 | M189: 3797.81 | N189: 3796.74 | O189: 3727.88 | P189: 3730.59 | Q189: 3927.82 | R189: 3878.78 | S189: 3790.75 | T189: 3665.22 | U189: 3515.52 | V189: 3453.67 | W189: 3436.94 | X189: 3063.54 | Y189: 3405.15
A190: 8 | B190: 2244.58 | C190: 1986.75 | D190: 1814.66 | E190: 1732.78 | F190: 1623.76 | G190: 1854.78 | H190: 1964.33 | I190: 2392.09 | J190: 2759.41 | K190: 3139.63 | L190: 3313.1 | M190: 3415.98 | N190: 3442.53 | O190: 3512.96 | P190: 3549.37 | Q190: 3638.7 | R190: 3679.92 | S190: 3629.27 | T190: 3498.79 | U190: 3446.41 | V190: 3403.31 | W190: 3295.03 | X190: 2842.69 | Y190: 2479.55
A191: 9 | B191: 2373.68 | C191: 2003.1 | D191: 1951.99 | E191: 1916.7 | F191: 1927.91 | G191: 1938.51 | H191: 1876.09 | I191: 2183.99 | J191: 2575.71 | K191: 2927.41 | L191: 3191.69 | M191: 3206.45 | N191: 3286.62 | O191: 3344.11 | P191: 3365.82 | Q191: 3381.76 | R191: 3460.28 | S191: 3433.35 | T191: 3422.03 | U191: 3384.39 | V191: 3348.64 | W191: 3099.72 | X191: 2708.58 | Y191: 2385.57
A192: 10 | B192: 2220.43 | C192: 2016.75 | D192: 1919.02 | E192: 1903.84 | F192: 1884.1 | G192: 1912.78 | H192: 2233.8 | I192: 4765.54 | J192: 4842.2 | K192: 4887.42 | L192: 4894.83 | M192: 4902.5 | N192: 4357.88 | O192: 4905.63 | P192: 4903 | Q192: 3682.16 | R192: 3513.2 | S192: 4026.37 | T192: 3440.2 | U192: 3379.25 | V192: 3262.31 | W192: 3245.62 | X192: 2740.83 | Y192: 2412.6
A193: 11 | B193: 2292.5 | C193: 1176.19 | D193: 1166.24 | E193: 1156.57 | F193: 1151.4 | G193: 1146.86 | H193: 2302.03 | I193: 4103.08 | J193: 4815.85 | K193: 3147.21 | L193: 3408.55 | M193: 3453.79 | N193: 3444.32 | O193: 3521.84 | P193: 3542.88 | Q193: 3566.7 | R193: 3553.86 | S193: 3501.72 | T193: 3446.76 | U193: 3403.84 | V193: 3378.28 | W193: 3149.76 | X193: 2693.61 | Y193: 2376.66
A194: 12 | B194: 2081.96 | C194: 1816.49 | D194: 1346.61 | E194: 817.93 | F194: 816.03 | G194: 1258.03 | H194: 2492.19 | I194: 4677.99 | J194: 3159.17 | K194: 3497.99 | L194: 3622.35 | M194: 3789.51 | N194: 3786.4 | O194: 3734.04 | P194: 3765.04 | Q194: 3766.3 | R194: 3754.29 | S194: 3737.57 | T194: 3650.82 | U194: 3550.8 | V194: 3500.51 | W194: 3426.62 | X194: 3039.34 | Y194: 2584.45
... A213: 31 | B213: 2429.74 | C213: 2299.13 | D213: 2397.07 | E213: 2394.55 | F213: 2395.79 | G213: 2403.86 | H213: 2555.95 | I213: 4019.91 | J213: 4658.02 | K213: 4801.37 | L213: 4661.28 | M213: 4654.02 | N213: 4652.83 | O213: 4653.08 | P213: 4769.87 | Q213: 4778.83 | R213: 4655.68 | S213: 4658.76 | T213: 4658.41 | U213: 4656.39 | V213: 3469.47 | W213: 3435.36 | X213: 3117.12 | Y213: 2771.9
A215: Дата | B215: Ставка для фактических почасовых объемов покупки электрической энергии, отпущенных на уровне напряжения СН II
B216: 0:00 - 1:00 | C216: 1:00 - 2:00 | D216: 2:00 - 3:00 | E216: 3:00 - 4:00 | F216: 4:00 - 5:00 | G216: 5:00 - 6:00 | H216: 6:00 - 7:00 | I216: 7:00 - 8:00 | J216: 8:00 - 9:00 | K216: 9:00 - 10:00 | L216: 10:00 - 11:00 | M216: 11:00 - 12:00 | N216: 12:00 - 13:00 | O216: 13:00 - 14:00 | P216: 14:00 - 15:00 | Q216: 15:00 - 16:00 | R216: 16:00 - 17:00 | S216: 17:00 - 18:00 | T216: 18:00 - 19:00 | U216: 19:00 - 20:00 | V216: 20:00 - 21:00 | W216: 21:00 - 22:00 | X216: 22:00 - 23:00 | Y216: 23:00 - 24:00
...
